Workbook
Name assofirm: #REF!
Name AssoFirms: #REF!
Name cogm: #REF!
Name cogs: #REF!
Name demp: #REF!
Name fexp: #REF!
Name gsa: #REF!
Name iemp: #REF!
Name ndpv: #REF!
Name ndsv: #REF!
Name nsv: #REF!
Name POR: #REF!
Name ppc: #REF!
Name quest8: #REF!

Sheet Variables
A1: Variable | B1: English | C1: French | F1: Data Validation comments
A2: Case Number | B2: RR-2026-002 & RR-2026-003 | C2: =B2 -> RR-2026-002 & RR-2026-003 | F2: 1000 character limit | limite de 1000 caractères
A3: The Goods | B3: concrete reinforcing bar | C3: barres d'armature pour béton | F3: Maximum length reached. Please use the AddPub tab to add further info. | La limite maximale de caractères est atteinte. SVP utiliser l'onglet AddPub pour ajouter plus d'information.
A4: Type | B4: dumping | C4: le dumping | F4: Maximum length reached. Please use the AddPro tab to add further info. | La limite maximale de caractères est atteinte. SVP utiliser l'onglet AddPro pour ajouter plus d'information.
A5: Subject Countries (incl. French pronouns: de la, du, des) | B5: Algeria, Egypt, Indonesia, Italy, Malaysia, Singapore, Vietnam, Oman and Russia | C5: de l’Algérie, de l’Égypte, de l’Indonésie, de l’Italie, de la Malaisie, de Singapour, du Vietnam, d’Oman et de la Russie | D5: les pays sujets
A6: First Year of POR | B6: 2023 | C6: =B6 -> 2023 | F6: Important notes for formatting
A7: Last Day of POR | B7: June 30 | C7: 30 juin | F7: When adding or modifying columns, please ensure the total of all column widths in a tab equals 1760 pixels to allow for consistent scaling when exported to PDF.
A8: Last Year of POR | B8: 2026 | C8: =B8 -> 2026 | F8: i.e. columns B-L should be 160 pixels each.
A9: Int period 1 | B9: Jan-Jun 2025 | C9: janv-juin 2025 | F9: Insert and merge rows where needed to expand height of text boxes.
A10: Int period 2 | B10: Jan-Jun 2026 | C10: janv-juin 2026
A11: Due Date | B11: October 9, 2026 | C11: 9 octobre 2026
A13: Analyst 1 | B13: Thy Dao | C13: thy.dao@tribunal.gc.ca | D13: 613-558-6438
A14: Analyst 2 | B14: William Phan | C14: william.phan@tribunal.gc.ca | D14: 343-543-7269
A16: Product Defn | B16: Hot-rolled deformed steel concrete reinforcing bar in straight lengths or coils, commonly identified as rebar, in various diameters up to and including 56.4 millimeters, in various finishes, excluding plain round bar and fabricated rebar products. Also excluded is 10 mm diameter (10M) rebar produced to meet the requirements of CSA G30 18.09 (or equivalent standards) that is coated to meet the requirements of epoxy standard ASTM A775/A 775M 04a (or equivalent standards) in lengths from 1 foot (30.48 cm) up to and including 8 feet (243.84 cm). | C16: Barres d’armature crénelées pour béton en acier, laminées à chaud, en longueurs droites ou sous forme de bobines, souvent identifiées comme armature, de différents diamètres jusqu’à 56,4 millimètres inclusivement, de finitions différentes, excluant les barres rondes ordinaires et les produits de barres d’armature fabriqués. Sont aussi exclues les armatures d’un diamètre de 10 mm (10M) produites selon la norme CSA G30 18.09 (ou selon des normes équivalentes) et revêtues de résine époxyde selon la norme ASTM A775/A 775M 04a (ou selon des normes équivalentes) en longueurs de 1 pied (30,48 cm) jusques et y compris 8 pieds (243,84 cm).
A17: Additional Product Info | B17: https://www.cbsa-asfc.gc.ca/sima-lmsi/i-e/rb32020/rb32020-in-eng.html#toc4-2 | C17: https://www.cbsa-asfc.gc.ca/sima-lmsi/i-e/rb32020/rb32020-in-fra.html#toc4-2
B18: https://www.cbsa-asfc.gc.ca/sima-lmsi/i-e/rb42020/rb42020-fd-eng.html#toc5-2 | C18: https://www.cbsa-asfc.gc.ca/sima-lmsi/i-e/rb42020/rb42020-fd-fra.html#toc5-2
A19: HS Code defn change date | B19: Date of change | C19: Date of change
A20: HS Codes before change | B20: 7213.10.00.11, 7213.10.00.12, 7213.10.00.13, 7213.10.00.90, 7214.20.00.11, 7214.20.00.12, 7214.20.00.13, 7214.20.00.14, 7214.20.00.21, 7214.20.00.22, 7214.20.00.23, 7214.20.00.24, 7214.20.00.31, 7214.20.00.32, 7214.20.00.33, 7214.20.00.34, 7214.20.00.90, 7215.90.00.20, 7215.90.00.30, 7227.90.00.50, 7228.30.00.51, 7228.30.00.52, 7228.30.00.53 | C20: 7213.10.00.11, 7213.10.00.12, 7213.10.00.13, 7213.10.00.90, 7214.20.00.11, 7214.20.00.12, 7214.20.00.13, 7214.20.00.14, 7214.20.00.21, 7214.20.00.22, 7214.20.00.23, 7214.20.00.24, 7214.20.00.31, 7214.20.00.32, 7214.20.00.33, 7214.20.00.34, 7214.20.00.90, 7215.90.00.20, 7215.90.00.30, 7227.90.00.50, 7228.30.00.51, 7228.30.00.52, 7228.30.00.53
A21: HS Codes after change | B21: HS codes/Codes SH
A23: UOM (plural) | B23: Tonnes | C23: Tonnes
A24: UOM (singular) | B24: Tonne | C24: Tonne
A26: Trade Level 1 (plural) | B26: distributors / service centres | C26: distributeurs / centres de services
A27: Trade Level 2 (plural) | B27: end users / fabricators | C27: utilisateurs finals / transformateurs
A29: Countries for Tabs
A30: Subject Country/Pays sujet 1 | B30: Algeria | C30: Algérie
A31: US | B31: United States of America | C31: États-Unis d'Amérique
A32: Other countries | B32: Other countries (including goods exported from Thailand from Thai Steel Profile Public Company Limited) | C32: Autres pays (y compris les marchandises exportées de Thaïlande par Thai Steel Profile Public Company Limited)
A33: Subject Country/Pays sujet 2 | B33: Egypt | C33: Égypte
A34: Subject Country/Pays sujet 3 | B34: Indonesia | C34: Indonésie
A35: Subject Country/Pays sujet 4 | B35: Italy | C35: Italie
A37: Drop down lists
A38: Intro, Confirm | B38: Yes | C38: Oui | D38: =IF(Intro!$G$24="English",B38,C38) -> Yes
B39: No | C39: Non | D39: =IF(Intro!$G$24="English",B39,C39) -> No
A41: Public Question 1 | B41: Distributor | C41: Distributeur | D41: =IF(Intro!$G$24="English",B41,C41) -> Distributor
B42: End user | C42: Utilisateur final | D42: =IF(Intro!$G$24="English",B42,C42) -> End user
B43: Broker or trader | C43: Courtier ou commerçant | D43: =IF(Intro!$G$24="English",B43,C43) -> Broker or trader
A45: Subject Country/Pays sujet 5 | B45: Malaysia | C45: Malaisie
A46: Subject Country/Pays sujet 6 | B46: Singapore | C46: Singapour
A47: Subject Country/Pays sujet 7 | B47: Vietnam | C47: Vietnam
A48: Subject Country/Pays sujet 8 | B48: Oman | C48: Oman
A49: Subject Country/Pays sujet 9 | B49: Russia | C49: Russie
A50: Other findings | B50: China, Korea, Türkiye, Belarus, Chinese Taipei, Hong Kong, Japan, Portugal, Spain, Bulgaria, Thailand (excluding goods exported from Thai Steel Profile Public Company Limited), United Arab Emirates | C50: Chine, Corée, Türkiye, Bélarus, Taipei chinois, Hong Kong, Japon, Portugal, Espagne, Bulgarie, Thaïlande (à l’exclusion de marchandises exportées par Thai Steel Profile Public Company Limited), Émirats arabes unis

Sheet Intro
O1: hiddenc | P1: hiddenc
B2: PUBLIC | O2: English | P2: Français
B4: IMPORTER QUESTIONNAIRE | QUESTIONNAIRE À L'INTENTION DES IMPORTATEURS
B5: =Variables!B2 -> RR-2026-002 & RR-2026-003
B6: =UPPER(Variables!B3&" | "&Variables!C3) -> CONCRETE REINFORCING BAR | BARRES D'ARMATURE POUR BÉTON
B8: INTRODUCTION
O9: SVP accorder ces mots : "défini/définis/définie/définies"; "originaire/originaires"; "exporté/exportés/exportée/exportées" selon le(s) mot(s) utilisé(s) pour décrire les biens couverts par ce RR (soit avec "les marchandises" (féminin pluriel) ou avec la définition de ces marchandises)
B10: ="The information requested in this questionnaire is for use by the Canadian International Trade Tribunal (the Tribunal) in connection with its expiry reviews concerning the "&Variables!B4&" of "&Variables!B3&" (as defined below) originating in or exported from "&Variables!B5&". Your firm's knowledge and experience would aid the Tribunal in the proper conduct of its expiry reviews by helping it better understand the Canadian market for "&Variables!B3&". The Tribunal therefore requests a response to this questionnaire from your firm." -> The information requested in this questionnaire is for use by the Canadian International Trade Tribunal (the Tribunal) in connection with its expiry reviews concerning the dumping of concrete reinforcing bar (as defined below) originating in or exported from Algeria, Egypt, Indonesia, Italy, Malaysia, Singapore, Vietnam, Oman and Russia. Your firm's knowledge and experience would aid the Tribunal in the proper conduct of its expiry reviews by helping it better understand the Canadian market for concrete reinforcing bar. The Tribunal therefore requests a response to this questionnaire from your firm. | H10: ="Les renseignements demandés dans le présent questionnaire seront utilisés par le Tribunal canadien du commerce extérieur (le Tribunal) dans le cadre de ses réexamens relatifs à l'expiration concernant "&Variables!C4&" de "&Variables!C3&" (telles que définies ci-dessous) originaires ou exportées de "&Variables!C5&". Les connaissances et l'expérience de votre entreprise aideraient le Tribunal à mener correctement ses réexamens relatifs à l’expiration en lui permettant de mieux comprendre le marché canadien de "&Variables!C3&". Le Tribunal demande donc à votre entreprise de répondre à ce questionnaire." -> Les renseignements demandés dans le présent questionnaire seront utilisés par le Tribunal canadien du commerce extérieur (le Tribunal) dans le cadre de ses réexamens relatifs à l'expiration concernant le dumping de barres d'armature pour béton (telles que définies ci-dessous) originaires ou exportées de de l’Algérie, de l’Égypte, de l’Indonésie, de l’Italie, de la Malaisie, de Singapour, du Vietnam, d’Oman et de la Russie. Les connaissances et l'expérience de votre entreprise aideraient le Tribunal à mener correctement ses réexamens relatifs à l’expiration en lui permettant de mieux comprendre le marché canadien de barres d'armature pour béton. Le Tribunal demande donc à votre entreprise de répondre à ce questionnaire.
B22: LANGUAGE PREFERENCE | PRÉFÉRENCE LINGUISTIQUE
B24: In which language would you prefer to complete this questionnaire? | G24: English | H24: Dans quelle langue préférez-vous remplir ce questionnaire?
B28: =IF(Intro!$G$24="English",O28,P28) -> DEFINITION OF "THE GOODS" | C28: =UPPER(IF(Intro!$G$24="English",P28,Q28)) -> LA DÉFINITION "DES MARCHANDISES" | D28: =UPPER(IF(Intro!$G$24="English",Q28,R28)) | E28: =UPPER(IF(Intro!$G$24="English",R28,S28)) | F28: =UPPER(IF(Intro!$G$24="English",S28,T28)) | H28: =UPPER(IF(Intro!$G$24="English",T28,U28)) | I28: =UPPER(IF(Intro!$G$24="English",U28,V28)) | J28: =UPPER(IF(Intro!$G$24="English",V28,W28)) | K28: =UPPER(IF(Intro!$G$24="English",W28,X28)) | L28: =UPPER(IF(Intro!$G$24="English",X28,Y28)) | O28: DEFINITION OF "THE GOODS" | P28: LA DÉFINITION "DES MARCHANDISES"
B30: =IF(Intro!$G$24="English",O30,P30) -> References to "the goods" in this questionnaire refer to: | O30: References to "the goods" in this questionnaire refer to: | P30: Les références aux « marchandises » dans ce questionnaire font référence à :
C32: =IF(Intro!$G$24="English",Variables!B16,Variables!C16) -> Hot-rolled deformed steel concrete reinforcing bar in straight lengths or coils, commonly identified as rebar, in various diameters up to and including 56.4 millimeters, in various finishes, excluding plain round bar and fabricated rebar products. Also excluded is 10 mm diameter (10M) rebar produced to meet the requirements of CSA G30 18.09 (or equivalent standards) that is coated to meet the requirements of epoxy standard ASTM A775/A 775M 04a (or equivalent standards) in lengths from 1 foot (30.48 cm) up to and including 8 feet (243.84 cm).
B39: =IF(Intro!$G$24="English",O39,P39) -> For additional details, view the Info tab. | O39: For additional details, view the Info tab. | P39: Pour plus de détails, consultez l'onglet Info.
B42: =IF(Intro!$G$24="English",O42,P42) -> DO YOU NEED TO COMPLETE THIS QUESTIONNAIRE? | O42: DO YOU NEED TO COMPLETE THIS QUESTIONNAIRE? | P42: DEVEZ-VOUS REMPLIR CE QUESTIONNAIRE?
B44: =IF(Intro!$G$24="English",O44,P44) -> Has your firm imported the goods as the importer of record from any country since January 1, 2023? | O44: ="Has your firm imported the goods as the importer of record from any country since January 1, "&Variables!B6&"?" -> Has your firm imported the goods as the importer of record from any country since January 1, 2023? | P44: ="Votre entreprise a-t-elle importé des marchandises en tant qu'importateur officiel de n'importe quel pays depuis le 1er janvier "&Variables!C6 &"?" -> Votre entreprise a-t-elle importé des marchandises en tant qu'importateur officiel de n'importe quel pays depuis le 1er janvier 2023?
O45: Select Yes or No | P45: Sélectionnez oui ou non
B46: =IF(Intro!$G$24="English",O45,P45) -> Select Yes or No | E46: =IF(D46="Yes",O46,IF(D46="Oui",P46,IF(D46="No",O47,IF(D46="Non",P47,"")))) | O46: ="Complete all tabs in this questionnaire and submit it by "&Variables!B11&"." -> Complete all tabs in this questionnaire and submit it by October 9, 2026. | P46: ="Remplissez tous les onglets de ce questionnaire et soumettez-le avant le "&Variables!C11&"." -> Remplissez tous les onglets de ce questionnaire et soumettez-le avant le 9 octobre 2026.
O47: ="Complete this tab only and submit it by "&Variables!B11&"." -> Complete this tab only and submit it by October 9, 2026. | P47: ="Remplissez cet onglet uniquement et soumettez-le avant le "&Variables!C11&"." -> Remplissez cet onglet uniquement et soumettez-le avant le 9 octobre 2026.
B49: =IF(Intro!$G$24="English",O49,P49) -> If no, explain why import data indicates that you imported using the HS numbers listed on the Info tab during this period. | O49: If no, explain why import data indicates that you imported using the HS numbers listed on the Info tab during this period. | P49: Si non, expliquez pourquoi les données d'importation indiquent que vous avez importé en utilisant les numéros SH énumérés dans l'onglet Info au cours de cette période.
B61: =IF(Intro!$G$24="English",O61,P61) -> QUESTIONNAIRE DUE DATE | C61: =UPPER(IF(Intro!$G$24="English",P61,Q61)) -> DATE D'ÉCHÉANCE DU QUESTIONNAIRE | D61: =UPPER(IF(Intro!$G$24="English",Q61,R61)) | E61: =UPPER(IF(Intro!$G$24="English",R61,S61)) | F61: =UPPER(IF(Intro!$G$24="English",S61,T61)) | H61: =UPPER(IF(Intro!$G$24="English",T61,U61)) | I61: =UPPER(IF(Intro!$G$24="English",U61,V61)) | J61: =UPPER(IF(Intro!$G$24="English",V61,W61)) | K61: =UPPER(IF(Intro!$G$24="English",W61,X61)) | L61: =UPPER(IF(Intro!$G$24="English",X61,Y61)) | O61: QUESTIONNAIRE DUE DATE | P61: DATE D'ÉCHÉANCE DU QUESTIONNAIRE
D63: =IF(Intro!$G$24="English",Variables!B11,Variables!C11) -> October 9, 2026
B67: =IF(Intro!$G$24="English",O67,P67) -> FAILURE TO COMPLETE QUESTIONNAIRE | C67: =UPPER(IF(Intro!$G$24="English",P67,Q67)) -> QUESTIONNAIRE NON REMPLI | D67: =UPPER(IF(Intro!$G$24="English",Q67,R67)) | E67: =UPPER(IF(Intro!$G$24="English",R67,S67)) | F67: =UPPER(IF(Intro!$G$24="English",S67,T67)) | H67: =UPPER(IF(Intro!$G$24="English",T67,U67)) | I67: =UPPER(IF(Intro!$G$24="English",U67,V67)) | J67: =UPPER(IF(Intro!$G$24="English",V67,W67)) | K67: =UPPER(IF(Intro!$G$24="English",W67,X67)) | L67: =UPPER(IF(Intro!$G$24="English",X67,Y67)) | O67: FAILURE TO COMPLETE QUESTIONNAIRE | P67: QUESTIONNAIRE NON REMPLI
B69: =IF(Intro!$G$24="English",O69,P69) -> Failure to complete the questionnaire by the due date may result in the Tribunal issuing a production order, pursuant to section 17 of the Canadian International Trade Tribunal Act, to compel the production of a questionnaire response. | O69: Failure to complete the questionnaire by the due date may result in the Tribunal issuing a production order, pursuant to section 17 of the Canadian International Trade Tribunal Act, to compel the production of a questionnaire response. | P69: Si le questionnaire n’est pas rempli dans les délais impartis, le Tribunal peut rendre une ordonnance de production, aux termes de l’article 17 de la Loi sur le Tribunal canadien du commerce extérieur, afin d’exiger la production d’une réponse au questionnaire.
B73: =IF(Intro!$G$24="English",O73,P73) -> FIRM INFORMATION | O73: FIRM INFORMATION | P73: RENSEIGNEMENTS SUR L’ENTREPRISE
B75: =IF(Intro!$G$24="English",O75,P75) -> Firm Name (In English and French, if applicable) | O75: Firm Name (In English and French, if applicable) | P75: Dénomination sociale (en français et en anglais, le cas échéant)
B77: =IF(Intro!$G$24="English",O77,P77) -> Firm Address | O77: Firm Address | P77: Adresse de l'entreprise
B79: =IF(Intro!$G$24="English",O79,P79) -> Website Address | O79: Website Address | P79: Adresse du site Web
B81: =IF(Intro!$G$24="English",O81,P81) -> Is your firm registered as a non-resident importer with the Canada Revenue Agency? | O81: Is your firm registered as a non-resident importer with the Canada Revenue Agency? | P81: Votre entreprise est-elle enregistrée auprès de l'Agence du revenu du Canada en tant qu'un importateur non-résident ?
B85: =IF(Intro!$G$24="English",O85,P85) -> If your firm has more than one location, facility or outlet, submit a consolidated response to the questionnaire. | O85: If your firm has more than one location, facility or outlet, submit a consolidated response to the questionnaire. | P85: Si votre entreprise a plus d’un emplacement, d’une installation ou d’un point de vente, transmettez une réponse consolidée au questionnaire.
B86: =IF(Intro!$G$24="English",O86,P86) -> Provide the names and addresses of other locations, facilities, and outlets in Canada on behalf of which your company is responding. | O86: Provide the names and addresses of other locations, facilities, and outlets in Canada on behalf of which your company is responding. | P86: Fournissez les noms et adresses des autres emplacements, installations et points de vente au Canada au nom de laquelle votre entreprise répond.
B93: =IF(Intro!$G$24="English",O93,P93) -> CONTACT INFORMATION OF THE PERSON WHO COMPLETED THIS QUESTIONNAIRE | O93: CONTACT INFORMATION OF THE PERSON WHO COMPLETED THIS QUESTIONNAIRE | P93: COORDONNÉES DE LA PERSONNE QUI A REMPLI LE QUESTIONNAIRE
B95: =IF(Intro!$G$24="English",O95,P95) -> Name | O95: Name | P95: Nom
B97: =IF(Intro!$G$24="English",O97,P97) -> Title | O97: Title | P97: Titre
B99: =IF(Intro!$G$24="English",O99,P99) -> E-mail Address | O99: E-mail Address | P99: Adresse courriel
... B115: =IF(Intro!$G$24="English",O115,P115) -> Telephone | O115: Telephone | P115: Téléphone
B117: Date
B120: =IF(Intro!$G$24="English",O120,P120) -> I understand that checking this box constitutes my legally binding signature. | O120: I understand that checking this box constitutes my legally binding signature. | P120: Je comprends que le fait de cocher cette case constitue ma signature juridiquement contraignante.
B123: =IF(Intro!$G$24="English",O123,P123) -> SUBMITTING THE QUESTIONNAIRE RESPONSE | C123: =UPPER(IF(Intro!$G$24="English",P123,Q123)) -> TRANSMISSION DU QUESTIONNAIRE REMPLI | D123: =UPPER(IF(Intro!$G$24="English",Q123,R123)) | E123: =UPPER(IF(Intro!$G$24="English",R123,S123)) | F123: =UPPER(IF(Intro!$G$24="English",S123,T123)) | H123: =UPPER(IF(Intro!$G$24="English",T123,U123)) | I123: =UPPER(IF(Intro!$G$24="English",U123,V123)) | J123: =UPPER(IF(Intro!$G$24="English",V123,W123)) | K123: =UPPER(IF(Intro!$G$24="English",W123,X123)) | L123: =UPPER(IF(Intro!$G$24="English",X123,Y123)) | O123: SUBMITTING THE QUESTIONNAIRE RESPONSE | P123: TRANSMISSION DU QUESTIONNAIRE REMPLI
B125: =IF(Intro!$G$24="English",O125,P125) -> The completed questionnaire can be submitted using one of the following methods: | O125: The completed questionnaire can be submitted using one of the following methods: | P125: Retournez le questionnaire rempli en utilisant l’une des options suivantes :
B126: =IF($G$24="English",HYPERLINK("https://e-filing-depot-electronique.citt-tcce.gc.ca/submitNonRegisteredUser-eng.aspx","1. Secure E-filing service;"),IF($G$24="Français",HYPERLINK("https://e-filing-depot-electronique.citt-tcce.gc.ca/submitNonRegisteredUser-fra.aspx?","1. Service sécurisé de dépôt électronique;"),"")) -> 1. Secure E-filing service;
B127: =IF(Intro!$G$24="English",O127,P127) -> When submitting the completed questionnaire using the secure E-filing service, designate the questionnaire as confidential. Note that the information in the public (blue) tabs in your questionnaire will be treated as public information. | O127: When submitting the completed questionnaire using the secure E-filing service, designate the questionnaire as confidential. Note that the information in the public (blue) tabs in your questionnaire will be treated as public information. | P127: Lorsque vous faites parvenir le questionnaire rempli en utilisant le service sécurisé de dépôt électronique, désignez le questionnaire comme étant confidentiel. Notez que l’information contenue dans les onglets publics (les onglets bleus) du questionnaire sera traitée en tant qu’information publique.
B129: =IF(Intro!$G$24="English",O129,P129) -> 2. E-mail to citt-tcce@tribunal.gc.ca should you accept the associated risks and you are filing information that belongs to your firm only. | O129: 2. E-mail to citt-tcce@tribunal.gc.ca should you accept the associated risks and you are filing information that belongs to your firm only. | P129: 2. Par courriel à l'adresse tcce-citt@tribunal.gc.ca si vous acceptez les risques connexes et vous transmettez des renseignements qui sont ceux de votre entreprise seulement.
B132: QUESTIONS
B134: =IF(Intro!$G$24="English",O134,P134) -> Questions relating to this questionnaire should be directed to: | O134: Questions relating to this questionnaire should be directed to: | P134: Toutes les questions relatives au présent questionnaire doivent être adressées à :
B136: =Variables!B13 -> Thy Dao | E136: =Variables!C13 -> thy.dao@tribunal.gc.ca | J136: =Variables!D13 -> 613-558-6438
B137: =Variables!B14 -> William Phan | E137: =Variables!C14 -> william.phan@tribunal.gc.ca | J137: =Variables!D14 -> 343-543-7269

Sheet Info
O1: hiddenc | P1: hiddenc
B2: PUBLIC | O2: English | P2: Français
B4: =IF(Intro!$G$24="English",O4,P4) -> IMPORTER QUESTIONNAIRE | O4: IMPORTER QUESTIONNAIRE | P4: QUESTIONNAIRE À L'INTENTION DES IMPORTATEURS
B5: =Variables!B2 -> RR-2026-002 & RR-2026-003
B6: =UPPER(IF(Intro!$G$24="English",Variables!B3,Variables!C3)) -> CONCRETE REINFORCING BAR
B8: =IF(Intro!$G$24="English",O8,P8) -> QUESTIONNAIRE OUTLINE | D8: =UPPER(IF(Intro!$G$24="English",P8,Q8)) -> APERÇU DU QUESTIONNAIRE | E8: =UPPER(IF(Intro!$G$24="English",Q8,R8)) | F8: =UPPER(IF(Intro!$G$24="English",R8,S8)) | G8: =UPPER(IF(Intro!$G$24="English",S8,T8)) | H8: =UPPER(IF(Intro!$G$24="English",T8,U8)) | I8: =UPPER(IF(Intro!$G$24="English",U8,V8)) | J8: =UPPER(IF(Intro!$G$24="English",V8,W8)) | K8: =UPPER(IF(Intro!$G$24="English",W8,X8)) | L8: =UPPER(IF(Intro!$G$24="English",X8,Y8)) | O8: QUESTIONNAIRE OUTLINE | P8: APERÇU DU QUESTIONNAIRE
B10: =IF(Intro!$G$24="English",O10,P10) -> This questionnaire is divided into two parts: | O10: This questionnaire is divided into two parts: | P10: Le présent questionnaire est divisé en deux parties :
B12: =IF(Intro!$G$24="English",O12,P12) -> PART I (Blue Tabs) - Information requested in this part is public. Requests to treat any of this information as confidential must be fully justified in writing and accompanied by a redacted version for the public record. | O12: PART I (Blue Tabs) - Information requested in this part is public. Requests to treat any of this information as confidential must be fully justified in writing and accompanied by a redacted version for the public record. | P12: PARTIE I (onglets bleus) - porte sur des renseignements de nature publique. Les demandes de traiter un ou des renseignements comme des renseignements confidentiels doivent être dûment justifiées par écrit et être accompagnées d’une version publique remaniée.
B15: =IF(Intro!$G$24="English",O15,P15) -> PART II (Green Tabs) - Information requested in this part is considered to be confidential in nature and will be treated in accordance with sections 43 to 49 of the Canadian International Trade Tribunal Act, which require that it shall not be made public in such a manner as to be available for the use of any business competitor or rival of the reporting person, firm or corporation. | O15: PART II (Green Tabs) - Information requested in this part is considered to be confidential in nature and will be treated in accordance with sections 43 to 49 of the Canadian International Trade Tribunal Act, which require that it shall not be made public in such a manner as to be available for the use of any business competitor or rival of the reporting person, firm or corporation. | P15: PARTIE II (onglets verts) - Les renseignements de nature confidentielle seront traités conformément aux articles 43 à 49 de la Loi sur le Tribunal canadien du commerce extérieur, qui précisent que ces renseignements ne doivent pas être rendus publics de manière à pouvoir être utilisés par un concurrent de la personne, de l’entreprise ou de la société déclarante.
B19: =IF(Intro!$G$24="English",O19,P19) -> ADDITIONAL PRODUCT INFORMATION | D19: =UPPER(IF(Intro!$G$24="English",P19,Q19)) -> RENSEIGNEMENTS ADDITIONNELS SUR LE PRODUIT | E19: =UPPER(IF(Intro!$G$24="English",Q19,R19)) | F19: =UPPER(IF(Intro!$G$24="English",R19,S19)) | G19: =UPPER(IF(Intro!$G$24="English",S19,T19)) | H19: =UPPER(IF(Intro!$G$24="English",T19,U19)) | I19: =UPPER(IF(Intro!$G$24="English",U19,V19)) | J19: =UPPER(IF(Intro!$G$24="English",V19,W19)) | K19: =UPPER(IF(Intro!$G$24="English",W19,X19)) | L19: =UPPER(IF(Intro!$G$24="English",X19,Y19)) | O19: ADDITIONAL PRODUCT INFORMATION | P19: RENSEIGNEMENTS ADDITIONNELS SUR LE PRODUIT
B21: =IF(Intro!$G$23="English",HYPERLINK(Variables!B17),HYPERLINK(Variables!B17)) -> https://www.cbsa-asfc.gc.ca/sima-lmsi/i-e/rb32020/rb32020-in-eng.html#toc4-2
B22: =IF(Intro!$G$23="English",HYPERLINK(Variables!B18),HYPERLINK(Variables!B18)) -> https://www.cbsa-asfc.gc.ca/sima-lmsi/i-e/rb42020/rb42020-fd-eng.html#toc5-2
B24: =IF(Intro!$G$24="English",O24,P24) -> CUSTOMS TARIFF | D24: =UPPER(IF(Intro!$G$24="English",P24,Q24)) -> TARIF DES DOUANES | E24: =UPPER(IF(Intro!$G$24="English",Q24,R24)) | F24: =UPPER(IF(Intro!$G$24="English",R24,S24)) | G24: =UPPER(IF(Intro!$G$24="English",S24,T24)) | H24: =UPPER(IF(Intro!$G$24="English",T24,U24)) | I24: =UPPER(IF(Intro!$G$24="English",U24,V24)) | J24: =UPPER(IF(Intro!$G$24="English",V24,W24)) | K24: =UPPER(IF(Intro!$G$24="English",W24,X24)) | L24: =UPPER(IF(Intro!$G$24="English",X24,Y24)) | O24: CUSTOMS TARIFF | P24: TARIF DES DOUANES
B26: =IF(Intro!$G$24="English",O26,P26) -> The goods are commonly classified in the Customs Tariff under the following Harmonized Commodity Description and Coding System (HS) numbers: | O26: The goods are commonly classified in the Customs Tariff under the following Harmonized Commodity Description and Coding System (HS) numbers: | P26: Les marchandises sont généralement classées dans le Tarif des douanes sous les numéros suivants du Système harmonisé de désignation et de codification des marchandises (SH) :
D28: =Variables!B20 -> 7213.10.00.11, 7213.10.00.12, 7213.10.00.13, 7213.10.00.90, 7214.20.00.11, 7214.20.00.12, 7214.20.00.13, 7214.20.00.14, 7214.20.00.21, 7214.20.00.22, 7214.20.00.23, 7214.20.00.24, 7214.20.00.31, 7214.20.00.32, 7214.20.00.33, 7214.20.00.34, 7214.20.00.90, 7215.90.00.20, 7215.90.00.30, 7227.90.00.50, 7228.30.00.51, 7228.30.00.52, 7228.30.00.53 | O28: ="Prior to "&Variables!B19&":" -> Prior to Date of change: | P28: ="Avant le "&Variables!C19&" :" -> Avant le Date of change :
B34: =IF(Intro!$G$24="English",O34,P34) -> GLOSSARY | D34: GLOSSAIRE | O34: GLOSSARY | P34: GLOSSAIRE
B35: =IF(Intro!$G$24="English",O35,P35) -> Delivery costs | D35: =IF(Intro!$G$24="English",O36,P36) -> The costs of freight, handling, and insurance to your Canadian warehouse and, where applicable, all import costs such as customs and other duties (including anti-dumping and countervailing duties), brokerage fees and surcharges. | O35: Delivery costs | P35: Coûts de livraison
O36: The costs of freight, handling, and insurance to your Canadian warehouse and, where applicable, all import costs such as customs and other duties (including anti-dumping and countervailing duties), brokerage fees and surcharges. | P36: Les coûts de fret, manutention et assurance à votre entrepôt canadien et, le cas échéant, tous les frais d’importation, comme les droits de douane et autres (y compris les droits antidumping et compensateurs), les frais de courtage et les suppléments.
B38: =IF(Intro!$G$24="English",O38,P38) -> Net delivered purchase value (laid-in cost) | D38: =IF(Intro!$G$24="English",O39,P39) -> The value of your purchases net of all discounts (cash, quantity or deferred), allowances, taxes, rebates and incentives, whether or not shown on the invoice. It includes delivery costs (freight, handling, and insurance) to your Canadian warehouse and, where applicable, all import costs such as customs and other duties (including anti-dumping and countervailing duties), brokerage fees and surcharges. | O38: Net delivered purchase value (laid-in cost) | P38: Valeur d’achat nette rendue (coût de revient)
O39: The value of your purchases net of all discounts (cash, quantity or deferred), allowances, taxes, rebates and incentives, whether or not shown on the invoice. It includes delivery costs (freight, handling, and insurance) to your Canadian warehouse and, where applicable, all import costs such as customs and other duties (including anti-dumping and countervailing duties), brokerage fees and surcharges. | P39: La valeur de tous vos achats après déduction des escomptes au comptant, des remises sur quantité et des escomptes reportés, des rabais, des taxes, des ristournes et des primes, qu’ils soient indiqués ou non sur la facture. Veuillez inclure tous les coûts de livraison (fret, manutention et assurance) à votre entrepôt canadien et, le cas échéant, tous les frais d’importation, comme les droits de douane et autres (y compris les droits antidumping et compensateurs), les frais de courtage et les suppléments.
B43: =IF(Intro!$G$24="English",O43,P43) -> Net delivered selling value | D43: =IF(Intro!$G$24="English",O44,P44) -> The value of your sales net of all discounts (cash, quantity or deferred), allowances, taxes, rebates and incentives, whether or not shown on the invoice. It includes all delivery costs. | O43: Net delivered selling value | P43: Valeur de vente nette rendue
O44: The value of your sales net of all discounts (cash, quantity or deferred), allowances, taxes, rebates and incentives, whether or not shown on the invoice. It includes all delivery costs. | P44: La valeur de vos ventes après déduction des escomptes au comptant, des remises sur quantité et des escomptes reportés, des rabais, des taxes, des ristournes et des primes, qu’ils soient indiqués ou non sur la facture. Incluez le coût de livraison.
B46: =IF(Intro!$G$24="English",O46,P46) -> Related firms | D46: =IF(Intro!$G$24="English",O47,P47) -> Firms that are related to each other in any manner other than through an arm’s length (independent) customer/supplier relationship. For example, firms are associated or related if an officer or director of one firm is an officer or director of the other, if a firm directly or indirectly owns, holds or controls shares of the other firm. | O46: Related firms | P46: Entreprises affiliées
O47: Firms that are related to each other in any manner other than through an arm’s length (independent) customer/supplier relationship. For example, firms are associated or related if an officer or director of one firm is an officer or director of the other, if a firm directly or indirectly owns, holds or controls shares of the other firm. | P47: Des entreprises liées l’une à l’autre de quelque façon que ce soit autre qu’une relation client-fournisseur sans lien de dépendance. Par exemple, des entreprises sont associées ou liées si un cadre ou un directeur de l’une est cadre ou directeur de l’autre, si une entreprise, directement ou indirectement, possède, détient ou contrôle des actions de l’autre entreprise.

Sheet Public
O1: hiddenc | P1: hiddenc
B2: PUBLIC | O2: English | P2: Français
B4: =Info!B4 -> IMPORTER QUESTIONNAIRE
B5: =Info!B5 -> RR-2026-002 & RR-2026-003
B6: =Info!B6 -> CONCRETE REINFORCING BAR
B8: =IF(Intro!$G$24="English",O8,P8) -> The following questions refer to the goods as defined in the product description on the Intro tab. | O8: The following questions refer to the goods as defined in the product description on the Intro tab. | P8: Les questions suivantes font référence aux marchandises comme définies dans la description du produit de l'onglet Intro.
B9: =IF(Intro!$G$24="English",O9,P9) -> Product information and a glossary of terms can be found in the Info tab. | O9: Product information and a glossary of terms can be found in the Info tab. | P9: Des informations sur le produit et un glossaire de termes sont disponibles dans l'onglet Info.
B10: =IF(Intro!$G$24="English",O10,P10) -> Use the AddPub tab if more space is needed. | O10: Use the AddPub tab if more space is needed. | P10: Utilisez l'onglet AddPub si vous avez besoin de plus d'espace.
B12: =IF(Intro!$G$24="English",O12,P12) -> GENERAL FIRM INFORMATION | O12: GENERAL FIRM INFORMATION | P12: INFORMATIONS GÉNÉRALES SUR L'ENTREPRISE
B13: Question 1 | O13: Indicate your firm's trade level with respect to the goods in Canada: | P13: Indiquez le niveau commercial de votre entreprise en ce qui concerne les marchandises au Canada :
B15: =IF(Intro!$G$24="English",O15,P15) -> Select your firm's primary activities with respect to the goods between January 1, 2023 and June 30, 2026 (select only one response): | O15: ="Select your firm's primary activities with respect to the goods between January 1, "&Variables!B6&" and "&Variables!B7&", "&Variables!B8&" (select only one response):" -> Select your firm's primary activities with respect to the goods between January 1, 2023 and June 30, 2026 (select only one response): | P15: ="Sélectionnez l'activité principale de votre entreprise concernant les marchandises entre le 1er janvier "&Variables!C6&" et le "&Variables!C7&" "&Variables!C8&" (sélectionnez une seule réponse) :" -> Sélectionnez l'activité principale de votre entreprise concernant les marchandises entre le 1er janvier 2023 et le 30 juin 2026 (sélectionnez une seule réponse) :
B17: =IF(Intro!$G$24="English",O17,P17) -> Your firm sold the goods, without modification, to members of the public (i.e. you are a retailer). | O17: Your firm sold the goods, without modification, to members of the public (i.e. you are a retailer). | P17: Votre entreprise a vendu les marchandises, sans modification, à des particuliers (c'est-à-dire vous êtes un détaillant).
B18: =IF(Intro!$G$24="English",O18,P18) -> Your firm sold the goods, without modification, to other businesses (i.e. you are a distributor of the goods). | O18: Your firm sold the goods, without modification, to other businesses (i.e. you are a distributor of the goods). | P18: Votre entreprise a vendu les marchandises, sans modification, à d'autres entreprises (c'est-à-dire vous êtes un distributeur des marchandises).
B19: =IF(Intro!$G$24="English",O19,P19) -> Your firm used the goods in the production of a different product which you then sold (i.e. you are an end user of the goods). | O19: Your firm used the goods in the production of a different product which you then sold (i.e. you are an end user of the goods). | P19: Votre entreprise a utilisé les marchandises dans la production d'un produit différent que vous avez ensuite vendu (c'est-à-dire vous êtes un utilisateur final des marchandises).
B21: =IF(Intro!$G$24="English",O21,P21) -> Your firm used the goods for its own purposes and the goods were not sold in any capacity (i.e. you are an end user of the goods). | O21: Your firm used the goods for its own purposes and the goods were not sold in any capacity (i.e. you are an end user of the goods). | P21: Votre entreprise a utilisé les marchandises à ses propres fins et les marchandises n'ont été vendues sous aucune forme (c'est-à-dire vous êtes un utilisateur final des marchandises).
B24: Question 2
B26: =IF(Intro!$G$24="English",O26,P26) -> Provide a brief history of your firm, with particular emphasis on activities regarding the goods. | O26: Provide a brief history of your firm, with particular emphasis on activities regarding the goods. | P26: Donnez un bref historique de votre entreprise, en insistant plus particulièrement sur les activités entourant les marchandises.
B37: Question 3
B39: =IF(Intro!$G$24="English",O39,P39) -> List the names and addresses of any foreign or Canadian firms related to your firm, i.e. firms that your firm is related to in any manner other than through an arm’s length (independent) customer/supplier relationship. For example, firms are associated or related if an officer or director of one firm is an officer or director of the other, if a firm directly or indirectly owns, holds or controls shares of the other firm. For each firm, indicate the nature of your association and its role in the industry (for example: production, export, import, sale, purchase of the goods or supply of direct materials used to produce the goods). | O39: List the names and addresses of any foreign or Canadian firms related to your firm, i.e. firms that your firm is related to in any manner other than through an arm’s length (independent) customer/supplier relationship. For example, firms are associated or related if an officer or director of one firm is an officer or director of the other, if a firm directly or indirectly owns, holds or controls shares of the other firm. For each firm, indicate the nature of your association and its role in the industry (for example: production, export, import, sale, purchase of the goods or supply of direct materials used to produce the goods). | P39: Dressez la liste des dénominations et adresses de toutes les entreprises canadiennes ou étrangères auxquelles votre entreprise est reliée, c'est-à-dire des entreprises avec qui votre entreprise est liée de quelque façon que ce soit autre qu’une relation client-fournisseur sans lien de dépendance. Par exemple, des entreprises sont associées ou liées si un cadre ou un directeur de l’une est cadre ou directeur de l’autre, si une entreprise, directement ou indirectement, possède, détient ou contrôle des actions de l’autre entreprise. Pour chaque entreprise, veuillez indiquer le type d’affiliation et son rôle dans l'industrie (par exemple, la production, l’exportation, l’importation, la vente, l’achat de marchandises ou l’approvisionnement de matières premières pour la production des marchandises).
C45: =IF(Intro!$G$24="English",O47,P47) -> Firm Name | E45: =IF(Intro!$G$24="English",O49,P49) -> Firm Address | G45: =IF(Intro!$G$24="English",O51,P51) -> Nature of association | J45: =IF(Intro!$G$24="English",O53,P53) -> Role in the Industry
B47: 1 | O47: Firm Name | P47: Dénomination sociale de l'entreprise
B49: 2 | O49: Firm Address | P49: Adresse de l'entreprise
B51: 3 | O51: Nature of association | P51: Type d'affiliation
B53: 4 | O53: Role in the Industry | P53: Rôle dans l'industrie
B55: 5
B57: 6
B59: 7
B61: 8
B63: 9
B65: 10
B68: Question 4
A70: A | B70: =IF(Intro!$G$24="English",O70,P70) -> Provide details of any change of majority ownership of your firm since January 1, 2023. | O70: ="Provide details of any change of majority ownership of your firm since January 1, "&Variables!B6&"." -> Provide details of any change of majority ownership of your firm since January 1, 2023. | P70: ="Fournissez des détails sur tout changement dans la propriété majoritaire de votre entreprise depuis le 1er janvier "&Variables!B6&"." -> Fournissez des détails sur tout changement dans la propriété majoritaire de votre entreprise depuis le 1er janvier 2023.
B82: =IF(Intro!$G$24="English",O82,P82) -> PRODUCER INTERACTIONS | O82: PRODUCER INTERACTIONS | P82: INTERACTIONS AVEC LES PRODUCTEURS
B83: Question 5
B85: =IF(Intro!$G$24="English",O85,P85) -> If your firm has purchased the goods from Canadian producers since January 1, 2023, provide the names of the Canadian producers, as well as the specifications of the goods purchased from the Canadian producers. If not, explain why. | O85: ="If your firm has purchased the goods from Canadian producers since January 1, "&Variables!B6&", provide the names of the Canadian producers, as well as the specifications of the goods purchased from the Canadian producers. If not, explain why." -> If your firm has purchased the goods from Canadian producers since January 1, 2023, provide the names of the Canadian producers, as well as the specifications of the goods purchased from the Canadian producers. If not, explain why. | P85: ="Si votre entreprise a acheté des marchandises des producteurs canadiens depuis le 1er janvier "&Variables!B6&", fournissez les noms des producteurs canadiens, ainsi que les spécifications des marchandises achetées auprès des producteurs canadiens. Dans le cas contraire, expliquez pourquoi." -> Si votre entreprise a acheté des marchandises des producteurs canadiens depuis le 1er janvier 2023, fournissez les noms des producteurs canadiens, ainsi que les spécifications des marchandises achetées auprès des producteurs canadiens. Dans le cas contraire, expliquez pourquoi.
B97: Question 6
B99: =IF(Intro!$G$24="English",O99,P99) -> If your firm, as the importer of record, has sold imports of the goods to Canadian producers since January 1, 2023, provide details regarding the specifications of the goods and the countries of origin. | O99: ="If your firm, as the importer of record, has sold imports of the goods to Canadian producers since January 1, "&Variables!B6&", provide details regarding the specifications of the goods and the countries of origin." -> If your firm, as the importer of record, has sold imports of the goods to Canadian producers since January 1, 2023, provide details regarding the specifications of the goods and the countries of origin. | P99: ="Si votre entreprise, en tant qu'importateur officiel, a vendu des importations de marchandises à des producteurs canadiens depuis le 1er janvier "&Variables!B6&", fournissez des détails concernant les spécifications des marchandises et les pays d'origine." -> Si votre entreprise, en tant qu'importateur officiel, a vendu des importations de marchandises à des producteurs canadiens depuis le 1er janvier 2023, fournissez des détails concernant les spécifications des marchandises et les pays d'origine.
B112: IMPORTATION
B113: Question 7
B115: =IF(Intro!$G$24="English",O115,P115) -> Provide details if your firm has changed the product mix of the goods imported since January 1, 2023. | O115: ="Provide details if your firm has changed the product mix of the goods imported since January 1, "&Variables!B6&"." -> Provide details if your firm has changed the product mix of the goods imported since January 1, 2023. | P115: ="Fournissez des détails si votre entreprise a modifié la gamme de marchandises qu'elle importe depuis le 1er janvier "&Variables!B6&"." -> Fournissez des détails si votre entreprise a modifié la gamme de marchandises qu'elle importe depuis le 1er janvier 2023.
B126: Question 8
B128: =IF(Intro!$G$24="English",O128,P128) -> Describe how delivery of the goods purchased by your firm is paid for. | O128: Describe how delivery of the goods purchased by your firm is paid for. | P128: Décrivez comment les coûts de livraison des marchandises achetées par votre entreprise sont payés.
I129: =IF(Intro!$G$24="English",O129,P129) -> Select all that apply | O129: Select all that apply | P129: Sélectionnez tout ce qui s'applique
B130: =IF(Intro!$G$24="English",O130,P130) -> The exporter handles delivery, and the cost is built into the price. | O130: The exporter handles delivery, and the cost is built into the price. | P130: L'exportateur s'occupe de la livraison et les frais de livraison sont inclus dans le prix de vente.
B131: =IF(Intro!$G$24="English",O131,P131) -> The exporter handles delivery, but charges your firm separately for it. | O131: The exporter handles delivery, but charges your firm separately for it. | P131: L'exportateur s'occupe de la livraison mais les frais de livraison sont facturés séparément à votre entreprise.
B132: =IF(Intro!$G$24="English",O132,P132) -> Your firm arranges and pays for delivery directly. | O132: Your firm arranges and pays for delivery directly. | P132: La livraison et ses frais sont pris en charge par votre entreprise.
B134: =IF(Intro!$G$24="English",O134,P134) -> Provide details if delivery charges paid by your firm have changed since January 1, 2023. | O134: ="Provide details if delivery charges paid by your firm have changed since January 1, "&Variables!B6&"." -> Provide details if delivery charges paid by your firm have changed since January 1, 2023. | P134: ="Fournissez des détails si les frais de livraison payés par votre entreprise ont changé depuis le 1er janvier "&Variables!B6&"." -> Fournissez des détails si les frais de livraison payés par votre entreprise ont changé depuis le 1er janvier 2023.
B146: =IF(Intro!$G$24="English",O146,P146) -> MARKET CHARACTERISTICS OF THE GOODS | O146: MARKET CHARACTERISTICS OF THE GOODS | P146: CARACTÉRISTIQUES DU MARCHÉ DES MARCHANDISES
B147: Question 9
B149: =IF(Intro!$G$24="English",O149,P149) -> If your firm is a distributor, indicate the primary industries in which the goods are sold. | O149: If your firm is a distributor, indicate the primary industries in which the goods are sold. | P149: Si votre entreprise est un distributeur, indiquez dans quels segments de marché ces marchandises sont vendues.
B150: =IF(Intro!$G$24="English",O150,P150) -> If your firm is an end user, indicate your primary industries. | O150: If your firm is an end user, indicate your primary industries. | P150: Si votre entreprise est un utilisateur final, indiquez vos segments de marché.
B152: =IF(Intro!$G$24="English",O152,P152) -> Primary Industry 1 | O152: Primary Industry 1 | P152: Segment de marché 1
B157: =IF(Intro!$G$24="English",O157,P157) -> Primary Industry 2 | O157: Primary Industry 2 | P157: Segment de marché 2
B162: =IF(Intro!$G$24="English",O162,P162) -> Primary Industry 3 | O162: Primary Industry 3 | P162: Segment de marché 3
B168: Question 10
B170: =IF(Intro!$G$24="English",O170,P170) -> Describe whether there is seasonality in the Canadian market for the goods. Describe any seasonal patterns in your firm's imports, inventory or sales of imports in Canada. | O170: Describe whether there is seasonality in the Canadian market for the goods. Describe any seasonal patterns in your firm's imports, inventory or sales of imports in Canada. | P170: Décrivez s'il y a une saisonnalité sur le marché canadien pour les marchandises. Décrivez les tendances saisonnières dans les importations, les stocks ou les ventes d’importations de votre entreprise au Canada.
B182: Question 11
B184: =IF(Intro!$G$24="English",O184,P184) -> What have been the principal factors affecting the demand for the goods since January 1, 2023 (e.g., user preferences, government policy, economic conditions, exchange rate)? | O184: ="What have been the principal factors affecting the demand for the goods since January 1, "&Variables!B6&" (e.g., user preferences, government policy, economic conditions, exchange rate)?" -> What have been the principal factors affecting the demand for the goods since January 1, 2023 (e.g., user preferences, government policy, economic conditions, exchange rate)? | P184: ="Quels ont été les principaux facteurs affectant la demande des marchandises depuis le 1er janvier "&Variables!B6&" (par exemple, les préférences des utilisateurs, la politique gouvernementale, les conditions économiques, le taux de change)?" -> Quels ont été les principaux facteurs affectant la demande des marchandises depuis le 1er janvier 2023 (par exemple, les préférences des utilisateurs, la politique gouvernementale, les conditions économiques, le taux de change)?
B196: Question 12
B198: =IF(Intro!$G$24="English",O198,P198) -> Describe any changes in technology that have impacted the Canadian market for the goods since January 1, 2023. | O198: ="Describe any changes in technology that have impacted the Canadian market for the goods since January 1, "&Variables!B6&"." -> Describe any changes in technology that have impacted the Canadian market for the goods since January 1, 2023. | P198: ="Décrivez tout changement technologique qui a eu une incidence sur le marché canadien des marchandises depuis le 1er janvier "&Variables!B6&"." -> Décrivez tout changement technologique qui a eu une incidence sur le marché canadien des marchandises depuis le 1er janvier 2023.
B209: Question 13
B211: =IF(Intro!$G$24="English",O211,P211) -> Explain circumstances where Canadian purchasers are willing to pay a price premium for the goods produced in Canada and what the amount of that premium would be. | O211: Explain circumstances where Canadian purchasers are willing to pay a price premium for the goods produced in Canada and what the amount of that premium would be. | P211: Expliquez les circonstances dans lesquelles les acheteurs canadiens sont prêts à payer un prix plus élevé pour les marchandises produites au Canada. Quel serait le montant de ce supplément?
B213: =IF(Intro!$G$24="English",O213,P213) -> Price Premium | D213: % | O213: Price Premium | P213: Majoration du prix
B224: Question 14
B226: =IF(Intro!$G$24="English",O226,P226) -> Are the goods produced in Canada interchangeable with the goods imported from Algeria, Egypt, Indonesia, Italy, Malaysia, Singapore, Vietnam, Oman and Russia? Explain. | O226: ="Are the goods produced in Canada interchangeable with the goods imported from "&Variables!B5&"? Explain." -> Are the goods produced in Canada interchangeable with the goods imported from Algeria, Egypt, Indonesia, Italy, Malaysia, Singapore, Vietnam, Oman and Russia? Explain. | P226: ="Les marchandises produites au Canada sont-elles interchangeables avec les marchandises importées "&Variables!C5&"? Expliquez." -> Les marchandises produites au Canada sont-elles interchangeables avec les marchandises importées de l’Algérie, de l’Égypte, de l’Indonésie, de l’Italie, de la Malaisie, de Singapour, du Vietnam, d’Oman et de la Russie? Expliquez.
B237: Question 15
B239: =IF(Intro!$G$24="English",O239,P239) -> Are the goods produced in Canada comparable in price with the goods imported from Algeria, Egypt, Indonesia, Italy, Malaysia, Singapore, Vietnam, Oman and Russia? Explain. | O239: ="Are the goods produced in Canada comparable in price with the goods imported from "&Variables!B5&"? Explain." -> Are the goods produced in Canada comparable in price with the goods imported from Algeria, Egypt, Indonesia, Italy, Malaysia, Singapore, Vietnam, Oman and Russia? Explain. | P239: ="Les marchandises produites au Canada sont-elles comparables en prix aux marchandises importées "&Variables!C5&"? Expliquez." -> Les marchandises produites au Canada sont-elles comparables en prix aux marchandises importées de l’Algérie, de l’Égypte, de l’Indonésie, de l’Italie, de la Malaisie, de Singapour, du Vietnam, d’Oman et de la Russie? Expliquez.
B250: Question 16
B252: =IF(Intro!$G$24="English",O252,P252) -> Are the goods produced in Canada comparable in non-price factors (including product quality, lead and delivery times, reliability of supply, etc.) with the goods imported from Algeria, Egypt, Indonesia, Italy, Malaysia, Singapore, Vietnam, Oman and Russia? Explain. | O252: ="Are the goods produced in Canada comparable in non-price factors (including product quality, lead and delivery times, reliability of supply, etc.) with the goods imported from "&Variables!B5&"? Explain." -> Are the goods produced in Canada comparable in non-price factors (including product quality, lead and delivery times, reliability of supply, etc.) with the goods imported from Algeria, Egypt, Indonesia, Italy, Malaysia, Singapore, Vietnam, Oman and Russia? Explain. | P252: ="Les marchandises produites au Canada sont-elles comparables en termes de facteurs autres que le prix (y compris la qualité du produit, les délais d'exécution et de livraison, la fiabilité de l'approvisionnement, etc.)"&" avec les marchandises importées "&Variables!C5&"? Expliquez." -> Les marchandises produites au Canada sont-elles comparables en termes de facteurs autres que le prix (y compris la qualité du produit, les délais d'exécution et de livraison, la fiabilité de l'approvisionnement, etc.) avec les marchandises importées de l’Algérie, de l’Égypte, de l’Indonésie, de l’Italie, de la Malaisie, de Singapour, du Vietnam, d’Oman et de la Russie? Expliquez.
B265: =IF(Intro!$G$24="English",O265,P265) -> SALES | O265: SALES | P265: VENTES
B266: Question 17
B268: =IF(Intro!$G$24="English",O268,P268) -> Describe any changes in your firm's channels of distribution since January 1, 2023. | O268: ="Describe any changes in your firm's channels of distribution since January 1, "&Variables!B6&"." -> Describe any changes in your firm's channels of distribution since January 1, 2023. | P268: ="Décrivez tout changement dans les canaux de distribution de votre entreprise depuis le 1er janvier "&Variables!B6&"." -> Décrivez tout changement dans les canaux de distribution de votre entreprise depuis le 1er janvier 2023.
B279: Question 18
B281: =IF(Intro!$G$24="English",O281,P281) -> How does your firm promote sales of the goods in the Canadian market? Have your methods changed since January 1, 2023? | O281: ="How does your firm promote sales of the goods in the Canadian market? Have your methods changed since January 1, "&Variables!B6&"?" -> How does your firm promote sales of the goods in the Canadian market? Have your methods changed since January 1, 2023? | P281: ="Comment votre entreprise favorise-t-elle les ventes des marchandises sur le marché canadien? Vos méthodes ont-elles changées depuis le 1er janvier "&Variables!B6&"?" -> Comment votre entreprise favorise-t-elle les ventes des marchandises sur le marché canadien? Vos méthodes ont-elles changées depuis le 1er janvier 2023?
B292: Question 19
B294: =IF(Intro!$G$24="English",O294,P294) -> How does your firm price the goods in the Canadian market? Explain any firm-specific terms used. Explain whether these general pricing practices have changed since January 1, 2023. | O294: ="How does your firm price the goods in the Canadian market? Explain any firm-specific terms used. Explain whether these general pricing practices have changed since January 1, "&Variables!B6&"." -> How does your firm price the goods in the Canadian market? Explain any firm-specific terms used. Explain whether these general pricing practices have changed since January 1, 2023. | P294: ="Comment votre entreprise fixe-t-elle le prix de ses marchandises sur le marché canadien? Expliquez en détail les termes spécifiques à votre entreprise. Indiquez si ces pratiques générales de fixation des prix ont changé depuis le 1er janvier "&Variables!B6&"." -> Comment votre entreprise fixe-t-elle le prix de ses marchandises sur le marché canadien? Expliquez en détail les termes spécifiques à votre entreprise. Indiquez si ces pratiques générales de fixation des prix ont changé depuis le 1er janvier 2023.
B306: Question 20
B308: =IF(Intro!$G$24="English",O308,P308) -> Provide details of any factors other than material costs (for example, exchange rate fluctuations) that have affected the prices of the goods in the Canadian market since January 1, 2023. | O308: ="Provide details of any factors other than material costs (for example, exchange rate fluctuations) that have affected the prices of the goods in the Canadian market since January 1, "&Variables!B6&"." -> Provide details of any factors other than material costs (for example, exchange rate fluctuations) that have affected the prices of the goods in the Canadian market since January 1, 2023. | P308: ="Fournissez des détails sur tous les facteurs autres que les coûts des matériaux (par exemple, les fluctuations du taux de change) qui ont affecté les prix des marchandises sur le marché canadien depuis le 1er janvier "&Variables!B6&"." -> Fournissez des détails sur tous les facteurs autres que les coûts des matériaux (par exemple, les fluctuations du taux de change) qui ont affecté les prix des marchandises sur le marché canadien depuis le 1er janvier 2023.
B320: Question 21
B322: =IF(Intro!$G$24="English",O322,P322) -> Describe how delivery of the goods sold by your firm is paid for. | O322: Describe how delivery of the goods sold by your firm is paid for. | P322: Décrivez comment les coûts de livraison des marchandises vendues par votre entreprise sont payés.
H323: =IF(Intro!$G$24="English",O323,P323) -> Select all that apply | O323: Select all that apply | P323: Sélectionnez tout ce qui s'applique
B324: =IF(Intro!$G$24="English",O324,P324) -> Your firm handles delivery, and the cost is built into the price. | O324: Your firm handles delivery, and the cost is built into the price. | P324: Votre entreprise s'occupe de la livraison et les frais de livraison sont inclus dans le prix de vente.
B325: =IF(Intro!$G$24="English",O325,P325) -> Your firm handles delivery, but charges the purchaser separately for it. | O325: Your firm handles delivery, but charges the purchaser separately for it. | P325: Votre entreprise s'occupe de la livraison mais les frais de livraison sont facturés séparément à l’acheteur.
B326: =IF(Intro!$G$24="English",O326,P326) -> The purchaser arranges and pays for delivery directly. | O326: The purchaser arranges and pays for delivery directly. | P326: La livraison et ses frais sont pris en charge par l’acheteur.
B328: =IF(Intro!$G$24="English",O328,P328) -> Explain whether the method of paying for delivery of the goods sold by your firm has changed since January 1, 2023. | O328: ="Explain whether the method of paying for delivery of the goods sold by your firm has changed since January 1, "&Variables!B6&"." -> Explain whether the method of paying for delivery of the goods sold by your firm has changed since January 1, 2023. | P328: ="Expliquez si le mode de paiement de la livraison des marchandises vendues par votre entreprise a changé depuis le 1er janvier "&Variables!B6&"." -> Expliquez si le mode de paiement de la livraison des marchandises vendues par votre entreprise a changé depuis le 1er janvier 2023.
B339: Question 22
B341: =IF(Intro!$G$24="English",O341,P341) -> Explain whether demand for the goods or sales of the goods has changed since January 1, 2023. | O341: ="Explain whether demand for the goods or sales of the goods has changed since January 1, "&Variables!B6&"." -> Explain whether demand for the goods or sales of the goods has changed since January 1, 2023. | P341: ="Expliquez si la demande pour les marchandises ou les ventes de marchandises ont changé depuis le 1er janvier "&Variables!B6&"." -> Expliquez si la demande pour les marchandises ou les ventes de marchandises ont changé depuis le 1er janvier 2023.
B353: =IF(Intro!$G$24="English",O353,P353) -> MARKETS | O353: MARKETS | P353: MARCHÉS
B354: Question 23
B356: =IF(Intro!$G$24="English",O356,P356) -> Describe the markets for the goods in Canada and globally since January 1, 2023. Factors to consider in your response include, but are not limited to, demand, sales, prices, capacity utilization and import volumes of the goods. | O356: ="Describe the markets for the goods in Canada and globally since January 1, "&Variables!B6&". Factors to consider in your response include, but are not limited to, demand, sales, prices, capacity utilization and import volumes of the goods." -> Describe the markets for the goods in Canada and globally since January 1, 2023. Factors to consider in your response include, but are not limited to, demand, sales, prices, capacity utilization and import volumes of the goods. | P356: ="Décrivez les marchés des marchandises au Canada et dans le monde depuis le 1er janvier "&Variables!B6&". Les facteurs à prendre en compte dans votre réponse comprennent, sans s'y limiter, la demande, les ventes, les prix, l'utilisation de la capacité et les volumes d'importations des marchandises." -> Décrivez les marchés des marchandises au Canada et dans le monde depuis le 1er janvier 2023. Les facteurs à prendre en compte dans votre réponse comprennent, sans s'y limiter, la demande, les ventes, les prix, l'utilisation de la capacité et les volumes d'importations des marchandises.
B368: Question 24
B370: =IF(Intro!$G$24="English",O370,P370) -> Explain any changes you expect to see in the Canadian market and in other markets globally for the goods over the next two years with respect to demand, prices, import volumes or any other factor. | O370: Explain any changes you expect to see in the Canadian market and in other markets globally for the goods over the next two years with respect to demand, prices, import volumes or any other factor. | P370: Expliquez les changements que vous prévoyez voir sur le marché canadien et sur d’autres marchés mondiaux pour les marchandises au cours des deux prochaines années en ce qui concerne la demande, les prix, les volumes d’importation ou tout autre facteur.
B382: Question 25
B384: =IF(Intro!$G$24="English",O384,P384) -> Explain any impacts on these outlooks should the finding or order be continued or rescinded. Provide documents, or the names of documents, such as studies or articles in trade journals, that support your firm's statement. | O384: Explain any impacts on these outlooks should the finding or order be continued or rescinded. Provide documents, or the names of documents, such as studies or articles in trade journals, that support your firm's statement. | P384: Expliquez les effets possibles sur ces perspectives advenant la prorogation ou l’annulation des conclusions ou de l'ordonnance. Fournissez des documents, ou les noms de documents, tels que des études ou des articles dans des revues spécialisées, qui appuient la déclaration de votre entreprise.

Sheet AddPub
O1: hiddenc | P1: hiddenc
B2: PUBLIC | O2: English | P2: Français
B4: =Info!B4 -> IMPORTER QUESTIONNAIRE
B5: =Info!B5 -> RR-2026-002 & RR-2026-003
B6: =Info!B6 -> CONCRETE REINFORCING BAR
B8: =UPPER(IF(Intro!$G$24="English",O8,P8)) -> PUBLIC COMMENTS | O8: PUBLIC COMMENTS | P8: COMMENTAIRES PUBLICS
B10: =IF(Intro!$G$24="English",O10,P10) -> Should your firm wish to add any comments related to its responses, submit them here. Be sure to indicate the applicable question number. | O10: Should your firm wish to add any comments related to its responses, submit them here. Be sure to indicate the applicable question number. | P10: Si votre entreprise désire ajouter des commentaires concernant vos réponses, vous les inscrivez ici. Indiquez à quelle question se rapportent vos commentaires.
O11: Tab and Question | P11: Onglet et question
A12: AA | C12: =IF(Intro!$G$24="English",O11,P11) -> Tab and Question | D12: =IF(Intro!$G$24="English",O12,P12) -> Comments | O12: Comments | P12: Commentaires
B13: =IF(Intro!$G$24="English",O13,P13) -> Comment 1 | O13: Comment 1 | P13: Commentaire 1
B23: =IF(Intro!$G$24="English",O23,P23) -> Comment 2 | O23: Comment 2 | P23: Commentaire 2
B33: =IF(Intro!$G$24="English",O33,P33) -> Comment 3 | O33: Comment 3 | P33: Commentaire 3
B43: =IF(Intro!$G$24="English",O43,P43) -> Comment 4 | O43: Comment 4 | P43: Commentaire 4
B53: =IF(Intro!$G$24="English",O53,P53) -> Comment 5 | O53: Comment 5 | P53: Commentaire 5

Sheet Pro
O1: hiddenc | P1: hiddenc
B2: =IF(Intro!$G$24="English",O3,P3) -> PROTECTED | O2: English | P2: Français
O3: PROTECTED | P3: PROTÉGÉ
B4: =Info!B4 -> IMPORTER QUESTIONNAIRE
B5: =Info!B5 -> RR-2026-002 & RR-2026-003
B6: =Info!B6 -> CONCRETE REINFORCING BAR
B8: =Public!B8 -> The following questions refer to the goods as defined in the product description on the Intro tab.
B9: =Public!B9 -> Product information and a glossary of terms can be found in the Info tab.
B10: =IF(Intro!$G$24="English",O10,P10) -> Use the AddPro tab if more space is needed. | O10: Use the AddPro tab if more space is needed. | P10: Utilisez l'onglet AddPro si vous avez besoin de plus d'espace.
B12: =IF(Intro!$G$24="English",O12,P12) -> For the questions in this tab, note the following: | O12: For the questions in this tab, note the following: | P12: Pour les questions de cet onglet, notez ce qui suit :
B13: =IF(Intro!$G$24="English",O13,P13) -> • Report only sales from your firm’s imports. Sales of purchased goods from Canadian producers must be excluded. | O13: • Report only sales from your firm’s imports. Sales of purchased goods from Canadian producers must be excluded. | P13: • Veuillez indiquer seulement les ventes effectuées à partir des importations de votre entreprise. Les ventes de marchandises achetées auprès de producteurs canadiens doivent être exclues.
B15: =IF(Intro!$G$24="English",O15,P15) -> • Report all sales to Canadian and foreign associated firms. | O15: • Report all sales to Canadian and foreign associated firms. | P15: • Déclarez toutes les ventes aux entreprises associées canadiennes et étrangères.
B16: =IF(Intro!$G$24="English",O16,P16) -> • Report all sales as of the date of shipment to the customer or the customer’s warehouse. | O16: • Report all sales as of the date of shipment to the customer or the customer’s warehouse. | P16: • Déclarez toutes les ventes à compter de la date de l’expédition au client ou à son entrepôt.
B17: =IF(Intro!$G$24="English",O17,P17) -> • Report all values in Canadian dollars. | O17: • Report all values in Canadian dollars. | P17: • Déclarez toutes les valeurs en dollars canadiens.
B19: =IF(Intro!$G$24="English",O19,P19) -> SALES | O19: SALES | P19: VENTES
B20: Question 1
B22: =IF(Intro!$G$24="English",O22,P22) -> Describe the method used to value your firm's sales to Canadian or foreign associated firms. | O22: Describe the method used to value your firm's sales to Canadian or foreign associated firms. | P22: Décrivez la méthode utilisée pour déterminer la valeur des ventes de votre entreprise à ses entreprises associées au Canada et/ou à l’étranger.
B23: =IF(Intro!$G$24="English",O23,P23) -> Note - Only complete this question if your firm sold the goods between January 1, 2023, and June 30, 2026. | O23: ="Note - Only complete this question if your firm sold the goods between January 1, "&Variables!B6&", and "&Variables!B7&", "&Variables!B8&"." -> Note - Only complete this question if your firm sold the goods between January 1, 2023, and June 30, 2026. | P23: ="Note - Ne répondez à cette question que si votre entreprise a vendu les marchandises du 1er janvier "&Variables!C6&" au "&Variables!C7& " "&Variables!C8&"." -> Note - Ne répondez à cette question que si votre entreprise a vendu les marchandises du 1er janvier 2023 au 30 juin 2026.
B34: Question 2
B36: =IF(Intro!$G$24="English",O36,P36) -> Explain your firm’s method of calculating the prices of the goods to your customers. Include details related to any terms, discounts, allowances, rebates and incentives, price adjustments or other considerations offered to purchasers since January 1, 2023. If your firm uses price or discount lists, provide copies. Explain whether these pricing practices to your customers changed since January 1, 2023. | O36: ="Explain your firm’s method of calculating the prices of the goods to your customers. Include details related to any terms, discounts, allowances, rebates and incentives, price adjustments or other considerations offered to purchasers since January 1, "&Variables!B6&". If your firm uses price or discount lists, provide copies. Explain whether these pricing practices to your customers changed since January 1, "&Variables!B6&"." -> Explain your firm’s method of calculating the prices of the goods to your customers. Include details related to any terms, discounts, allowances, rebates and incentives, price adjustments or other considerations offered to purchasers since January 1, 2023. If your firm uses price or discount lists, provide copies. Explain whether these pricing practices to your customers changed since January 1, 2023. | P36: ="Expliquez la façon dont votre entreprise calcule les prix des marchandises pour ses clients."&" Donnez les détails au sujet des modalités, rabais, réductions, remises, primes, ajustements de prix et autres mesures offertes aux acheteurs depuis le 1er janvier "&Variables!B6&". Si votre entreprise utilise des listes de prix ou de remises, fournissez-en des copies. Expliquez comment ces pratiques de fixation des prix ont changé depuis le 1er janvier "&Variables!B6&"." -> Expliquez la façon dont votre entreprise calcule les prix des marchandises pour ses clients. Donnez les détails au sujet des modalités, rabais, réductions, remises, primes, ajustements de prix et autres mesures offertes aux acheteurs depuis le 1er janvier 2023. Si votre entreprise utilise des listes de prix ou de remises, fournissez-en des copies. Expliquez comment ces pratiques de fixation des prix ont changé depuis le 1er janvier 2023.
B39: =B23 -> Note - Only complete this question if your firm sold the goods between January 1, 2023, and June 30, 2026.
B51: =IF(Intro!$G$24="English",O51,P51) -> PURCHASES | O51: PURCHASES | P51: ACHATS
B52: Question 3
B54: =IF(Intro!$G$24="English",O54,P54) -> Provide your firm’s strategies and objectives for the next two years with respect to the purchases of the goods made in Canada. Provide the rationale and assumptions underlying these strategies and objectives. | O54: Provide your firm’s strategies and objectives for the next two years with respect to the purchases of the goods made in Canada. Provide the rationale and assumptions underlying these strategies and objectives. | P54: Fournissez les stratégies et les objectifs de votre entreprise pour les deux prochaines années en ce qui concerne les achats de marchandises fabriquées au Canada. Fournir la justification et les hypothèses qui sous-tendent ces stratégies et objectifs.
B66: Question 4
B68: =IF(Intro!$G$24="English",O68,P68) -> Provide your firm’s strategies and objectives for the next two years with respect to imports and sales of imports of the goods. Provide the rationale and assumptions underlying these strategies and objectives. | O68: Provide your firm’s strategies and objectives for the next two years with respect to imports and sales of imports of the goods. Provide the rationale and assumptions underlying these strategies and objectives. | P68: Fournissez les stratégies et les objectifs de votre entreprise pour les deux prochaines années en ce qui concerne les importations et les ventes de marchandises importées. Fournir la justification et les hypothèses qui sous-tendent ces stratégies et objectifs.

Sheet Begin

Sheet DZA
O1: hiddenc | P1: hiddenc
B2: =Pro!B2 -> PROTECTED | O2: English | P2: Français
B4: =Info!B4 -> IMPORTER QUESTIONNAIRE
B5: =Info!B5 -> RR-2026-002 & RR-2026-003
B6: =Info!B6 -> CONCRETE REINFORCING BAR
B8: =Pro!B8 -> The following questions refer to the goods as defined in the product description on the Intro tab.
B9: =Pro!B9 -> Product information and a glossary of terms can be found in the Info tab.
B10: =Pro!B10 -> Use the AddPro tab if more space is needed.
B12: =Pro!B12 -> For the questions in this tab, note the following:
B13: =Pro!B13 -> • Report only sales from your firm’s imports. Sales of purchased goods from Canadian producers must be excluded.
B15: =Pro!B15 -> • Report all sales to Canadian and foreign associated firms.
B16: =Pro!B16 -> • Report all sales as of the date of shipment to the customer or the customer’s warehouse.
B17: =Pro!B17 -> • Report all values in Canadian dollars.
B18: =IF(Intro!$G$24="English",O18,P18) -> • If your firm is an end user or a fabricator, your firm does not need to report sales of imports or inventories of imports. | O18: • If your firm is an end user or a fabricator, your firm does not need to report sales of imports or inventories of imports. | P18: • Si votre entreprise est un utilisateur final ou un transformateur, elle n’a pas besoin de déclarer ses ventes d’importations ou ses stocks d’importations.
B20: =IF(Intro!$G$24="English",O20,P20) -> IMPORTS AND SALES | O20: IMPORTS AND SALES | P20: IMPORTATIONS ET VENTES
B21: Question 1
O22: *In tab name, use standard ISO 3-letter country codes to reduce length of tab titles RR: Imp-Subject → Imp-CHN, Imp-TWN
B23: =IF(Intro!$G$24="English",O23,P23) -> Provide your firm's imports and sales of imports of the goods originating in: | G23: =IF(Intro!$G$24="English",Variables!B30,Variables!C30) -> Algeria | O23: Provide your firm's imports and sales of imports of the goods originating in: | P23: Indiquez les importations et les ventes de marchandises de votre entreprise originaires de :
G27: =Variables!$B$6 -> 2023 | H27: =G27+1 -> 2024 | I27: =H27+1 -> 2025 | J27: =IF(Intro!$G$24="English",Variables!B9,Variables!C9) -> Jan-Jun 2025 | K27: =IF(Intro!$G$24="English",Variables!B10,Variables!C10) -> Jan-Jun 2026
O28: Imports in Canada | P28: Importations au Canada
B29: =IF(Intro!$G$24="English",O29,P29) -> Imports | O29: Imports | P29: Importations
B30: =IF(Intro!$G$24="English",O29,P29) -> Imports | D30: =IF(Intro!$G$24="English",Variables!B23,Variables!C23) -> Tonnes
D31: =IF(Intro!$G$24="English",O31,P31) -> net delivered purchase value (CAD) | O31: net delivered purchase value (CAD) | P31: valeur d'achat nette rendue (CAD)
D32: =IF(Intro!$G$24="English","$ / "&Variables!B24,"$ / "&Variables!C24) -> $ / Tonne | G32: =IF(G30=0,"-",G31/G30) -> - | H32: =IF(H30=0,"-",H31/H30) -> - | I32: =IF(I30=0,"-",I31/I30) -> - | J32: =IF(J30=0,"-",J31/J30) -> - | K32: =IF(K30=0,"-",K31/K30) -> - | O32: *Adjust decimal points in tables as needed.
B33: =IF(Intro!$G$24="English",O33,P33) -> Sales of imports in Canada | O33: Sales of imports in Canada | P33: Ventes d'importations au Canada
B34: =IF(Intro!$G$24="English",O35,P35) -> Sales to distributors / service centres in Canada | D34: =D30 -> Tonnes
D35: =IF(Intro!$G$24="English",O36,P36) -> net delivered selling value (CAD) | O35: ="Sales to "&Variables!$B$26&" in Canada" -> Sales to distributors / service centres in Canada | P35: ="Ventes aux "&Variables!$C$26&" au Canada" -> Ventes aux distributeurs / centres de services au Canada
D36: =D32 -> $ / Tonne | G36: =IF(G34=0,"-",G35/G34) -> - | H36: =IF(H34=0,"-",H35/H34) -> - | I36: =IF(I34=0,"-",I35/I34) -> - | J36: =IF(J34=0,"-",J35/J34) -> - | K36: =IF(K34=0,"-",K35/K34) -> - | O36: net delivered selling value (CAD) | P36: valeur de vente nette rendue (CAD)
B37: =IF(Intro!$G$24="English",O37,P37) -> Sales to end users / fabricators in Canada | D37: =D30 -> Tonnes | O37: ="Sales to "&Variables!$B$27&" in Canada" -> Sales to end users / fabricators in Canada | P37: ="Ventes aux "&Variables!$C$27&" au Canada" -> Ventes aux utilisateurs finals / transformateurs au Canada
D38: =D35 -> net delivered selling value (CAD)
D39: =D32 -> $ / Tonne | G39: =IF(G37=0,"-",G38/G37) -> - | H39: =IF(H37=0,"-",H38/H37) -> - | I39: =IF(I37=0,"-",I38/I37) -> - | J39: =IF(J37=0,"-",J38/J37) -> - | K39: =IF(K37=0,"-",K38/K37) -> -
B40: =IF(Intro!$G$24="English",O40,P40) -> Total sales of imports in Canada | D40: =D30 -> Tonnes | G40: =G34+G37 -> 0 | H40: =H34+H37 -> 0 | I40: =I34+I37 -> 0 | J40: =J34+J37 -> 0 | K40: =K34+K37 -> 0 | O40: Total sales of imports in Canada | P40: Ventes totales d'importations au Canada
D41: =D38 -> net delivered selling value (CAD) | G41: =G35+G38 -> 0 | H41: =H35+H38 -> 0 | I41: =I35+I38 -> 0 | J41: =J35+J38 -> 0 | K41: =K35+K38 -> 0
D42: =D32 -> $ / Tonne | G42: =IF(G40=0,"-",G41/G40) -> - | H42: =IF(H40=0,"-",H41/H40) -> - | I42: =IF(I40=0,"-",I41/I40) -> - | J42: =IF(J40=0,"-",J41/J40) -> - | K42: =IF(K40=0,"-",K41/K40) -> -
B44: Question 2
B46: =IF(Intro!$G$24="English",O46,P46) -> Provide the average percentage of net delivered selling values that is represented by delivery costs. | O46: Provide the average percentage of net delivered selling values that is represented by delivery costs. | P46: Indiquez le pourcentage moyen des valeurs de vente nettes livrées qui représente les frais de livraison.
B47: =Pro!B23 -> Note - Only complete this question if your firm sold the goods between January 1, 2023, and June 30, 2026.
D49: =Variables!$B$6 -> 2023 | E49: =D49+1 -> 2024 | F49: =E49+1 -> 2025 | G49: =IF(Intro!$G$24="English",Variables!B9,Variables!C9) -> Jan-Jun 2025 | H49: =IF(Intro!$G$24="English",Variables!B10,Variables!C10) -> Jan-Jun 2026
C51: =IF(Intro!$G$24="English",O51,P51) -> Delivery Cost (%) | O51: Delivery Cost (%) | P51: Coût de livraison (%)
B53: =IF(Intro!$G$24="English",O53,P53) -> If the percentages changed between periods, please provide the reason. | O53: If the percentages changed between periods, please provide the reason. | P53: Si les pourcentages ont changé d'une période à l'autre, veuillez en indiquer la raison.

Sheet EGY
O1: hiddenc | P1: hiddenc
B2: =Pro!B2 -> PROTECTED | O2: English | P2: Français
B4: =Info!B4 -> IMPORTER QUESTIONNAIRE
B5: =Info!B5 -> RR-2026-002 & RR-2026-003
B6: =Info!B6 -> CONCRETE REINFORCING BAR
B8: =Pro!B8 -> The following questions refer to the goods as defined in the product description on the Intro tab.
B9: =Pro!B9 -> Product information and a glossary of terms can be found in the Info tab.
B10: =Pro!B10 -> Use the AddPro tab if more space is needed.
B12: =Pro!B12 -> For the questions in this tab, note the following:
B13: =Pro!B13 -> • Report only sales from your firm’s imports. Sales of purchased goods from Canadian producers must be excluded.
B15: =Pro!B15 -> • Report all sales to Canadian and foreign associated firms.
B16: =Pro!B16 -> • Report all sales as of the date of shipment to the customer or the customer’s warehouse.
B17: =Pro!B17 -> • Report all values in Canadian dollars.
B18: =IF(Intro!$G$24="English",O18,P18) -> • If your firm is an end user or a fabricator, your firm does not need to report sales of imports or inventories of imports. | O18: • If your firm is an end user or a fabricator, your firm does not need to report sales of imports or inventories of imports. | P18: • Si votre entreprise est un utilisateur final ou un transformateur, elle n’a pas besoin de déclarer ses ventes d’importations ou ses stocks d’importations.
B20: =IF(Intro!$G$24="English",O20,P20) -> IMPORTS AND SALES | O20: IMPORTS AND SALES | P20: IMPORTATIONS ET VENTES
B21: Question 1
O22: *In tab name, use standard ISO 3-letter country codes to reduce length of tab titles RR: Imp-Subject → Imp-CHN, Imp-TWN
B23: =IF(Intro!$G$24="English",O23,P23) -> Provide your firm's imports and sales of imports of the goods originating in: | G23: =IF(Intro!$G$24="English",Variables!B33,Variables!C33) -> Egypt | O23: Provide your firm's imports and sales of imports of the goods originating in: | P23: Indiquez les importations et les ventes de marchandises de votre entreprise originaires de :
G27: =Variables!$B$6 -> 2023 | H27: =G27+1 -> 2024 | I27: =H27+1 -> 2025 | J27: =IF(Intro!$G$24="English",Variables!B9,Variables!C9) -> Jan-Jun 2025 | K27: =IF(Intro!$G$24="English",Variables!B10,Variables!C10) -> Jan-Jun 2026
O28: Imports in Canada | P28: Importations au Canada
B29: =IF(Intro!$G$24="English",O29,P29) -> Imports | O29: Imports | P29: Importations
B30: =IF(Intro!$G$24="English",O29,P29) -> Imports | D30: =IF(Intro!$G$24="English",Variables!B23,Variables!C23) -> Tonnes
D31: =IF(Intro!$G$24="English",O31,P31) -> net delivered purchase value (CAD) | O31: net delivered purchase value (CAD) | P31: valeur d'achat nette rendue (CAD)
D32: =IF(Intro!$G$24="English","$ / "&Variables!B24,"$ / "&Variables!C24) -> $ / Tonne | G32: =IF(G30=0,"-",G31/G30) -> - | H32: =IF(H30=0,"-",H31/H30) -> - | I32: =IF(I30=0,"-",I31/I30) -> - | J32: =IF(J30=0,"-",J31/J30) -> - | K32: =IF(K30=0,"-",K31/K30) -> - | O32: *Adjust decimal points in tables as needed.
B33: =IF(Intro!$G$24="English",O33,P33) -> Sales of imports in Canada | O33: Sales of imports in Canada | P33: Ventes d'importations au Canada
B34: =IF(Intro!$G$24="English",O35,P35) -> Sales to distributors / service centres in Canada | D34: =D30 -> Tonnes
D35: =IF(Intro!$G$24="English",O36,P36) -> net delivered selling value (CAD) | O35: ="Sales to "&Variables!$B$26&" in Canada" -> Sales to distributors / service centres in Canada | P35: ="Ventes aux "&Variables!$C$26&" au Canada" -> Ventes aux distributeurs / centres de services au Canada
D36: =D32 -> $ / Tonne | G36: =IF(G34=0,"-",G35/G34) -> - | H36: =IF(H34=0,"-",H35/H34) -> - | I36: =IF(I34=0,"-",I35/I34) -> - | J36: =IF(J34=0,"-",J35/J34) -> - | K36: =IF(K34=0,"-",K35/K34) -> - | O36: net delivered selling value (CAD) | P36: valeur de vente nette rendue (CAD)
B37: =IF(Intro!$G$24="English",O37,P37) -> Sales to end users / fabricators in Canada | D37: =D30 -> Tonnes | O37: ="Sales to "&Variables!$B$27&" in Canada" -> Sales to end users / fabricators in Canada | P37: ="Ventes aux "&Variables!$C$27&" au Canada" -> Ventes aux utilisateurs finals / transformateurs au Canada
D38: =D35 -> net delivered selling value (CAD)
D39: =D32 -> $ / Tonne | G39: =IF(G37=0,"-",G38/G37) -> - | H39: =IF(H37=0,"-",H38/H37) -> - | I39: =IF(I37=0,"-",I38/I37) -> - | J39: =IF(J37=0,"-",J38/J37) -> - | K39: =IF(K37=0,"-",K38/K37) -> -
B40: =IF(Intro!$G$24="English",O40,P40) -> Total sales of imports in Canada | D40: =D30 -> Tonnes | G40: =G34+G37 -> 0 | H40: =H34+H37 -> 0 | I40: =I34+I37 -> 0 | J40: =J34+J37 -> 0 | K40: =K34+K37 -> 0 | O40: Total sales of imports in Canada | P40: Ventes totales d'importations au Canada
D41: =D38 -> net delivered selling value (CAD) | G41: =G35+G38 -> 0 | H41: =H35+H38 -> 0 | I41: =I35+I38 -> 0 | J41: =J35+J38 -> 0 | K41: =K35+K38 -> 0
D42: =D32 -> $ / Tonne | G42: =IF(G40=0,"-",G41/G40) -> - | H42: =IF(H40=0,"-",H41/H40) -> - | I42: =IF(I40=0,"-",I41/I40) -> - | J42: =IF(J40=0,"-",J41/J40) -> - | K42: =IF(K40=0,"-",K41/K40) -> -
B44: Question 2
B46: =IF(Intro!$G$24="English",O46,P46) -> Provide the average percentage of net delivered selling values that is represented by delivery costs. | O46: Provide the average percentage of net delivered selling values that is represented by delivery costs. | P46: Indiquez le pourcentage moyen des valeurs de vente nettes livrées qui représente les frais de livraison.
B47: =Pro!B23 -> Note - Only complete this question if your firm sold the goods between January 1, 2023, and June 30, 2026.
D49: =Variables!$B$6 -> 2023 | E49: =D49+1 -> 2024 | F49: =E49+1 -> 2025 | G49: =IF(Intro!$G$24="English",Variables!B9,Variables!C9) -> Jan-Jun 2025 | H49: =IF(Intro!$G$24="English",Variables!B10,Variables!C10) -> Jan-Jun 2026
C51: =IF(Intro!$G$24="English",O51,P51) -> Delivery Cost (%) | O51: Delivery Cost (%) | P51: Coût de livraison (%)
B53: =IF(Intro!$G$24="English",O53,P53) -> If the percentages changed between periods, please provide the reason. | O53: If the percentages changed between periods, please provide the reason. | P53: Si les pourcentages ont changé d'une période à l'autre, veuillez en indiquer la raison.

Sheet IDN
O1: hiddenc | P1: hiddenc
B2: =Pro!B2 -> PROTECTED | O2: English | P2: Français
B4: =Info!B4 -> IMPORTER QUESTIONNAIRE
B5: =Info!B5 -> RR-2026-002 & RR-2026-003
B6: =Info!B6 -> CONCRETE REINFORCING BAR
B8: =Pro!B8 -> The following questions refer to the goods as defined in the product description on the Intro tab.
B9: =Pro!B9 -> Product information and a glossary of terms can be found in the Info tab.
B10: =Pro!B10 -> Use the AddPro tab if more space is needed.
B12: =Pro!B12 -> For the questions in this tab, note the following:
B13: =Pro!B13 -> • Report only sales from your firm’s imports. Sales of purchased goods from Canadian producers must be excluded.
B15: =Pro!B15 -> • Report all sales to Canadian and foreign associated firms.
B16: =Pro!B16 -> • Report all sales as of the date of shipment to the customer or the customer’s warehouse.
B17: =Pro!B17 -> • Report all values in Canadian dollars.
B18: =IF(Intro!$G$24="English",O18,P18) -> • If your firm is an end user or a fabricator, your firm does not need to report sales of imports or inventories of imports. | O18: • If your firm is an end user or a fabricator, your firm does not need to report sales of imports or inventories of imports. | P18: • Si votre entreprise est un utilisateur final ou un transformateur, elle n’a pas besoin de déclarer ses ventes d’importations ou ses stocks d’importations.
B20: =IF(Intro!$G$24="English",O20,P20) -> IMPORTS AND SALES | O20: IMPORTS AND SALES | P20: IMPORTATIONS ET VENTES
B21: Question 1
O22: *In tab name, use standard ISO 3-letter country codes to reduce length of tab titles RR: Imp-Subject → Imp-CHN, Imp-TWN
B23: =IF(Intro!$G$24="English",O23,P23) -> Provide your firm's imports and sales of imports of the goods originating in: | G23: =IF(Intro!$G$24="English",Variables!B34,Variables!C34) -> Indonesia | O23: Provide your firm's imports and sales of imports of the goods originating in: | P23: Indiquez les importations et les ventes de marchandises de votre entreprise originaires de :
G27: =Variables!$B$6 -> 2023 | H27: =G27+1 -> 2024 | I27: =H27+1 -> 2025 | J27: =IF(Intro!$G$24="English",Variables!B9,Variables!C9) -> Jan-Jun 2025 | K27: =IF(Intro!$G$24="English",Variables!B10,Variables!C10) -> Jan-Jun 2026
O28: Imports in Canada | P28: Importations au Canada
B29: =IF(Intro!$G$24="English",O29,P29) -> Imports | O29: Imports | P29: Importations
B30: =IF(Intro!$G$24="English",O29,P29) -> Imports | D30: =IF(Intro!$G$24="English",Variables!B23,Variables!C23) -> Tonnes
D31: =IF(Intro!$G$24="English",O31,P31) -> net delivered purchase value (CAD) | O31: net delivered purchase value (CAD) | P31: valeur d'achat nette rendue (CAD)
D32: =IF(Intro!$G$24="English","$ / "&Variables!B24,"$ / "&Variables!C24) -> $ / Tonne | G32: =IF(G30=0,"-",G31/G30) -> - | H32: =IF(H30=0,"-",H31/H30) -> - | I32: =IF(I30=0,"-",I31/I30) -> - | J32: =IF(J30=0,"-",J31/J30) -> - | K32: =IF(K30=0,"-",K31/K30) -> - | O32: *Adjust decimal points in tables as needed.
B33: =IF(Intro!$G$24="English",O33,P33) -> Sales of imports in Canada | O33: Sales of imports in Canada | P33: Ventes d'importations au Canada
B34: =IF(Intro!$G$24="English",O35,P35) -> Sales to distributors / service centres in Canada | D34: =D30 -> Tonnes
D35: =IF(Intro!$G$24="English",O36,P36) -> net delivered selling value (CAD) | O35: ="Sales to "&Variables!$B$26&" in Canada" -> Sales to distributors / service centres in Canada | P35: ="Ventes aux "&Variables!$C$26&" au Canada" -> Ventes aux distributeurs / centres de services au Canada
D36: =D32 -> $ / Tonne | G36: =IF(G34=0,"-",G35/G34) -> - | H36: =IF(H34=0,"-",H35/H34) -> - | I36: =IF(I34=0,"-",I35/I34) -> - | J36: =IF(J34=0,"-",J35/J34) -> - | K36: =IF(K34=0,"-",K35/K34) -> - | O36: net delivered selling value (CAD) | P36: valeur de vente nette rendue (CAD)
B37: =IF(Intro!$G$24="English",O37,P37) -> Sales to end users / fabricators in Canada | D37: =D30 -> Tonnes | O37: ="Sales to "&Variables!$B$27&" in Canada" -> Sales to end users / fabricators in Canada | P37: ="Ventes aux "&Variables!$C$27&" au Canada" -> Ventes aux utilisateurs finals / transformateurs au Canada
D38: =D35 -> net delivered selling value (CAD)
D39: =D32 -> $ / Tonne | G39: =IF(G37=0,"-",G38/G37) -> - | H39: =IF(H37=0,"-",H38/H37) -> - | I39: =IF(I37=0,"-",I38/I37) -> - | J39: =IF(J37=0,"-",J38/J37) -> - | K39: =IF(K37=0,"-",K38/K37) -> -
B40: =IF(Intro!$G$24="English",O40,P40) -> Total sales of imports in Canada | D40: =D30 -> Tonnes | G40: =G34+G37 -> 0 | H40: =H34+H37 -> 0 | I40: =I34+I37 -> 0 | J40: =J34+J37 -> 0 | K40: =K34+K37 -> 0 | O40: Total sales of imports in Canada | P40: Ventes totales d'importations au Canada
D41: =D38 -> net delivered selling value (CAD) | G41: =G35+G38 -> 0 | H41: =H35+H38 -> 0 | I41: =I35+I38 -> 0 | J41: =J35+J38 -> 0 | K41: =K35+K38 -> 0
D42: =D32 -> $ / Tonne | G42: =IF(G40=0,"-",G41/G40) -> - | H42: =IF(H40=0,"-",H41/H40) -> - | I42: =IF(I40=0,"-",I41/I40) -> - | J42: =IF(J40=0,"-",J41/J40) -> - | K42: =IF(K40=0,"-",K41/K40) -> -
B44: Question 2
B46: =IF(Intro!$G$24="English",O46,P46) -> Provide the average percentage of net delivered selling values that is represented by delivery costs. | O46: Provide the average percentage of net delivered selling values that is represented by delivery costs. | P46: Indiquez le pourcentage moyen des valeurs de vente nettes livrées qui représente les frais de livraison.
B47: =Pro!B23 -> Note - Only complete this question if your firm sold the goods between January 1, 2023, and June 30, 2026.
D49: =Variables!$B$6 -> 2023 | E49: =D49+1 -> 2024 | F49: =E49+1 -> 2025 | G49: =IF(Intro!$G$24="English",Variables!B9,Variables!C9) -> Jan-Jun 2025 | H49: =IF(Intro!$G$24="English",Variables!B10,Variables!C10) -> Jan-Jun 2026
C51: =IF(Intro!$G$24="English",O51,P51) -> Delivery Cost (%) | O51: Delivery Cost (%) | P51: Coût de livraison (%)
B53: =IF(Intro!$G$24="English",O53,P53) -> If the percentages changed between periods, please provide the reason. | O53: If the percentages changed between periods, please provide the reason. | P53: Si les pourcentages ont changé d'une période à l'autre, veuillez en indiquer la raison.

Sheet ITA
O1: hiddenc | P1: hiddenc
B2: =Pro!B2 -> PROTECTED | O2: English | P2: Français
B4: =Info!B4 -> IMPORTER QUESTIONNAIRE
B5: =Info!B5 -> RR-2026-002 & RR-2026-003
B6: =Info!B6 -> CONCRETE REINFORCING BAR
B8: =Pro!B8 -> The following questions refer to the goods as defined in the product description on the Intro tab.
B9: =Pro!B9 -> Product information and a glossary of terms can be found in the Info tab.
B10: =Pro!B10 -> Use the AddPro tab if more space is needed.
B12: =Pro!B12 -> For the questions in this tab, note the following:
B13: =Pro!B13 -> • Report only sales from your firm’s imports. Sales of purchased goods from Canadian producers must be excluded.
B15: =Pro!B15 -> • Report all sales to Canadian and foreign associated firms.
B16: =Pro!B16 -> • Report all sales as of the date of shipment to the customer or the customer’s warehouse.
B17: =Pro!B17 -> • Report all values in Canadian dollars.
B18: =IF(Intro!$G$24="English",O18,P18) -> • If your firm is an end user or a fabricator, your firm does not need to report sales of imports or inventories of imports. | O18: • If your firm is an end user or a fabricator, your firm does not need to report sales of imports or inventories of imports. | P18: • Si votre entreprise est un utilisateur final ou un transformateur, elle n’a pas besoin de déclarer ses ventes d’importations ou ses stocks d’importations.
B20: =IF(Intro!$G$24="English",O20,P20) -> IMPORTS AND SALES | O20: IMPORTS AND SALES | P20: IMPORTATIONS ET VENTES
B21: Question 1
O22: *In tab name, use standard ISO 3-letter country codes to reduce length of tab titles RR: Imp-Subject → Imp-CHN, Imp-TWN
B23: =IF(Intro!$G$24="English",O23,P23) -> Provide your firm's imports and sales of imports of the goods originating in: | G23: =IF(Intro!$G$24="English",Variables!B35,Variables!C35) -> Italy | O23: Provide your firm's imports and sales of imports of the goods originating in: | P23: Indiquez les importations et les ventes de marchandises de votre entreprise originaires de :
G27: =Variables!$B$6 -> 2023 | H27: =G27+1 -> 2024 | I27: =H27+1 -> 2025 | J27: =IF(Intro!$G$24="English",Variables!B9,Variables!C9) -> Jan-Jun 2025 | K27: =IF(Intro!$G$24="English",Variables!B10,Variables!C10) -> Jan-Jun 2026
O28: Imports in Canada | P28: Importations au Canada
B29: =IF(Intro!$G$24="English",O29,P29) -> Imports | O29: Imports | P29: Importations
B30: =IF(Intro!$G$24="English",O29,P29) -> Imports | D30: =IF(Intro!$G$24="English",Variables!B23,Variables!C23) -> Tonnes
D31: =IF(Intro!$G$24="English",O31,P31) -> net delivered purchase value (CAD) | O31: net delivered purchase value (CAD) | P31: valeur d'achat nette rendue (CAD)
D32: =IF(Intro!$G$24="English","$ / "&Variables!B24,"$ / "&Variables!C24) -> $ / Tonne | G32: =IF(G30=0,"-",G31/G30) -> - | H32: =IF(H30=0,"-",H31/H30) -> - | I32: =IF(I30=0,"-",I31/I30) -> - | J32: =IF(J30=0,"-",J31/J30) -> - | K32: =IF(K30=0,"-",K31/K30) -> - | O32: *Adjust decimal points in tables as needed.
B33: =IF(Intro!$G$24="English",O33,P33) -> Sales of imports in Canada | O33: Sales of imports in Canada | P33: Ventes d'importations au Canada
B34: =IF(Intro!$G$24="English",O35,P35) -> Sales to distributors / service centres in Canada | D34: =D30 -> Tonnes
D35: =IF(Intro!$G$24="English",O36,P36) -> net delivered selling value (CAD) | O35: ="Sales to "&Variables!$B$26&" in Canada" -> Sales to distributors / service centres in Canada | P35: ="Ventes aux "&Variables!$C$26&" au Canada" -> Ventes aux distributeurs / centres de services au Canada
D36: =D32 -> $ / Tonne | G36: =IF(G34=0,"-",G35/G34) -> - | H36: =IF(H34=0,"-",H35/H34) -> - | I36: =IF(I34=0,"-",I35/I34) -> - | J36: =IF(J34=0,"-",J35/J34) -> - | K36: =IF(K34=0,"-",K35/K34) -> - | O36: net delivered selling value (CAD) | P36: valeur de vente nette rendue (CAD)
B37: =IF(Intro!$G$24="English",O37,P37) -> Sales to end users / fabricators in Canada | D37: =D30 -> Tonnes | O37: ="Sales to "&Variables!$B$27&" in Canada" -> Sales to end users / fabricators in Canada | P37: ="Ventes aux "&Variables!$C$27&" au Canada" -> Ventes aux utilisateurs finals / transformateurs au Canada
D38: =D35 -> net delivered selling value (CAD)
D39: =D32 -> $ / Tonne | G39: =IF(G37=0,"-",G38/G37) -> - | H39: =IF(H37=0,"-",H38/H37) -> - | I39: =IF(I37=0,"-",I38/I37) -> - | J39: =IF(J37=0,"-",J38/J37) -> - | K39: =IF(K37=0,"-",K38/K37) -> -
B40: =IF(Intro!$G$24="English",O40,P40) -> Total sales of imports in Canada | D40: =D30 -> Tonnes | G40: =G34+G37 -> 0 | H40: =H34+H37 -> 0 | I40: =I34+I37 -> 0 | J40: =J34+J37 -> 0 | K40: =K34+K37 -> 0 | O40: Total sales of imports in Canada | P40: Ventes totales d'importations au Canada
D41: =D38 -> net delivered selling value (CAD) | G41: =G35+G38 -> 0 | H41: =H35+H38 -> 0 | I41: =I35+I38 -> 0 | J41: =J35+J38 -> 0 | K41: =K35+K38 -> 0
D42: =D32 -> $ / Tonne | G42: =IF(G40=0,"-",G41/G40) -> - | H42: =IF(H40=0,"-",H41/H40) -> - | I42: =IF(I40=0,"-",I41/I40) -> - | J42: =IF(J40=0,"-",J41/J40) -> - | K42: =IF(K40=0,"-",K41/K40) -> -
B44: Question 2
B46: =IF(Intro!$G$24="English",O46,P46) -> Provide the average percentage of net delivered selling values that is represented by delivery costs. | O46: Provide the average percentage of net delivered selling values that is represented by delivery costs. | P46: Indiquez le pourcentage moyen des valeurs de vente nettes livrées qui représente les frais de livraison.
B47: =Pro!B23 -> Note - Only complete this question if your firm sold the goods between January 1, 2023, and June 30, 2026.
D49: =Variables!$B$6 -> 2023 | E49: =D49+1 -> 2024 | F49: =E49+1 -> 2025 | G49: =IF(Intro!$G$24="English",Variables!B9,Variables!C9) -> Jan-Jun 2025 | H49: =IF(Intro!$G$24="English",Variables!B10,Variables!C10) -> Jan-Jun 2026
C51: =IF(Intro!$G$24="English",O51,P51) -> Delivery Cost (%) | O51: Delivery Cost (%) | P51: Coût de livraison (%)
B53: =IF(Intro!$G$24="English",O53,P53) -> If the percentages changed between periods, please provide the reason. | O53: If the percentages changed between periods, please provide the reason. | P53: Si les pourcentages ont changé d'une période à l'autre, veuillez en indiquer la raison.

Sheet MYS
O1: hiddenc | P1: hiddenc
B2: =Pro!B2 -> PROTECTED | O2: English | P2: Français
B4: =Info!B4 -> IMPORTER QUESTIONNAIRE
B5: =Info!B5 -> RR-2026-002 & RR-2026-003
B6: =Info!B6 -> CONCRETE REINFORCING BAR
B8: =Pro!B8 -> The following questions refer to the goods as defined in the product description on the Intro tab.
B9: =Pro!B9 -> Product information and a glossary of terms can be found in the Info tab.
B10: =Pro!B10 -> Use the AddPro tab if more space is needed.
B12: =Pro!B12 -> For the questions in this tab, note the following:
B13: =Pro!B13 -> • Report only sales from your firm’s imports. Sales of purchased goods from Canadian producers must be excluded.
B15: =Pro!B15 -> • Report all sales to Canadian and foreign associated firms.
B16: =Pro!B16 -> • Report all sales as of the date of shipment to the customer or the customer’s warehouse.
B17: =Pro!B17 -> • Report all values in Canadian dollars.
B18: =IF(Intro!$G$24="English",O18,P18) -> • If your firm is an end user or a fabricator, your firm does not need to report sales of imports or inventories of imports. | O18: • If your firm is an end user or a fabricator, your firm does not need to report sales of imports or inventories of imports. | P18: • Si votre entreprise est un utilisateur final ou un transformateur, elle n’a pas besoin de déclarer ses ventes d’importations ou ses stocks d’importations.
B20: =IF(Intro!$G$24="English",O20,P20) -> IMPORTS AND SALES | O20: IMPORTS AND SALES | P20: IMPORTATIONS ET VENTES
B21: Question 1
O22: *In tab name, use standard ISO 3-letter country codes to reduce length of tab titles RR: Imp-Subject → Imp-CHN, Imp-TWN
B23: =IF(Intro!$G$24="English",O23,P23) -> Provide your firm's imports and sales of imports of the goods originating in: | G23: =IF(Intro!$G$24="English",Variables!B45,Variables!C45) -> Malaysia | O23: Provide your firm's imports and sales of imports of the goods originating in: | P23: Indiquez les importations et les ventes de marchandises de votre entreprise originaires de :
G27: =Variables!$B$6 -> 2023 | H27: =G27+1 -> 2024 | I27: =H27+1 -> 2025 | J27: =IF(Intro!$G$24="English",Variables!B9,Variables!C9) -> Jan-Jun 2025 | K27: =IF(Intro!$G$24="English",Variables!B10,Variables!C10) -> Jan-Jun 2026
O28: Imports in Canada | P28: Importations au Canada
B29: =IF(Intro!$G$24="English",O29,P29) -> Imports | O29: Imports | P29: Importations
B30: =IF(Intro!$G$24="English",O29,P29) -> Imports | D30: =IF(Intro!$G$24="English",Variables!B23,Variables!C23) -> Tonnes
D31: =IF(Intro!$G$24="English",O31,P31) -> net delivered purchase value (CAD) | O31: net delivered purchase value (CAD) | P31: valeur d'achat nette rendue (CAD)
D32: =IF(Intro!$G$24="English","$ / "&Variables!B24,"$ / "&Variables!C24) -> $ / Tonne | G32: =IF(G30=0,"-",G31/G30) -> - | H32: =IF(H30=0,"-",H31/H30) -> - | I32: =IF(I30=0,"-",I31/I30) -> - | J32: =IF(J30=0,"-",J31/J30) -> - | K32: =IF(K30=0,"-",K31/K30) -> - | O32: *Adjust decimal points in tables as needed.
B33: =IF(Intro!$G$24="English",O33,P33) -> Sales of imports in Canada | O33: Sales of imports in Canada | P33: Ventes d'importations au Canada
B34: =IF(Intro!$G$24="English",O35,P35) -> Sales to distributors / service centres in Canada | D34: =D30 -> Tonnes
D35: =IF(Intro!$G$24="English",O36,P36) -> net delivered selling value (CAD) | O35: ="Sales to "&Variables!$B$26&" in Canada" -> Sales to distributors / service centres in Canada | P35: ="Ventes aux "&Variables!$C$26&" au Canada" -> Ventes aux distributeurs / centres de services au Canada
D36: =D32 -> $ / Tonne | G36: =IF(G34=0,"-",G35/G34) -> - | H36: =IF(H34=0,"-",H35/H34) -> - | I36: =IF(I34=0,"-",I35/I34) -> - | J36: =IF(J34=0,"-",J35/J34) -> - | K36: =IF(K34=0,"-",K35/K34) -> - | O36: net delivered selling value (CAD) | P36: valeur de vente nette rendue (CAD)
B37: =IF(Intro!$G$24="English",O37,P37) -> Sales to end users / fabricators in Canada | D37: =D30 -> Tonnes | O37: ="Sales to "&Variables!$B$27&" in Canada" -> Sales to end users / fabricators in Canada | P37: ="Ventes aux "&Variables!$C$27&" au Canada" -> Ventes aux utilisateurs finals / transformateurs au Canada
D38: =D35 -> net delivered selling value (CAD)
D39: =D32 -> $ / Tonne | G39: =IF(G37=0,"-",G38/G37) -> - | H39: =IF(H37=0,"-",H38/H37) -> - | I39: =IF(I37=0,"-",I38/I37) -> - | J39: =IF(J37=0,"-",J38/J37) -> - | K39: =IF(K37=0,"-",K38/K37) -> -
B40: =IF(Intro!$G$24="English",O40,P40) -> Total sales of imports in Canada | D40: =D30 -> Tonnes | G40: =G34+G37 -> 0 | H40: =H34+H37 -> 0 | I40: =I34+I37 -> 0 | J40: =J34+J37 -> 0 | K40: =K34+K37 -> 0 | O40: Total sales of imports in Canada | P40: Ventes totales d'importations au Canada
D41: =D38 -> net delivered selling value (CAD) | G41: =G35+G38 -> 0 | H41: =H35+H38 -> 0 | I41: =I35+I38 -> 0 | J41: =J35+J38 -> 0 | K41: =K35+K38 -> 0
D42: =D32 -> $ / Tonne | G42: =IF(G40=0,"-",G41/G40) -> - | H42: =IF(H40=0,"-",H41/H40) -> - | I42: =IF(I40=0,"-",I41/I40) -> - | J42: =IF(J40=0,"-",J41/J40) -> - | K42: =IF(K40=0,"-",K41/K40) -> -
B44: Question 2
B46: =IF(Intro!$G$24="English",O46,P46) -> Provide the average percentage of net delivered selling values that is represented by delivery costs. | O46: Provide the average percentage of net delivered selling values that is represented by delivery costs. | P46: Indiquez le pourcentage moyen des valeurs de vente nettes livrées qui représente les frais de livraison.
B47: =Pro!B23 -> Note - Only complete this question if your firm sold the goods between January 1, 2023, and June 30, 2026.
D49: =Variables!$B$6 -> 2023 | E49: =D49+1 -> 2024 | F49: =E49+1 -> 2025 | G49: =IF(Intro!$G$24="English",Variables!B9,Variables!C9) -> Jan-Jun 2025 | H49: =IF(Intro!$G$24="English",Variables!B10,Variables!C10) -> Jan-Jun 2026
C51: =IF(Intro!$G$24="English",O51,P51) -> Delivery Cost (%) | O51: Delivery Cost (%) | P51: Coût de livraison (%)
B53: =IF(Intro!$G$24="English",O53,P53) -> If the percentages changed between periods, please provide the reason. | O53: If the percentages changed between periods, please provide the reason. | P53: Si les pourcentages ont changé d'une période à l'autre, veuillez en indiquer la raison.

Sheet SGP
O1: hiddenc | P1: hiddenc
B2: =Pro!B2 -> PROTECTED | O2: English | P2: Français
B4: =Info!B4 -> IMPORTER QUESTIONNAIRE
B5: =Info!B5 -> RR-2026-002 & RR-2026-003
B6: =Info!B6 -> CONCRETE REINFORCING BAR
B8: =Pro!B8 -> The following questions refer to the goods as defined in the product description on the Intro tab.
B9: =Pro!B9 -> Product information and a glossary of terms can be found in the Info tab.
B10: =Pro!B10 -> Use the AddPro tab if more space is needed.
B12: =Pro!B12 -> For the questions in this tab, note the following:
B13: =Pro!B13 -> • Report only sales from your firm’s imports. Sales of purchased goods from Canadian producers must be excluded.
B15: =Pro!B15 -> • Report all sales to Canadian and foreign associated firms.
B16: =Pro!B16 -> • Report all sales as of the date of shipment to the customer or the customer’s warehouse.
B17: =Pro!B17 -> • Report all values in Canadian dollars.
B18: =IF(Intro!$G$24="English",O18,P18) -> • If your firm is an end user or a fabricator, your firm does not need to report sales of imports or inventories of imports. | O18: • If your firm is an end user or a fabricator, your firm does not need to report sales of imports or inventories of imports. | P18: • Si votre entreprise est un utilisateur final ou un transformateur, elle n’a pas besoin de déclarer ses ventes d’importations ou ses stocks d’importations.
B20: =IF(Intro!$G$24="English",O20,P20) -> IMPORTS AND SALES | O20: IMPORTS AND SALES | P20: IMPORTATIONS ET VENTES
B21: Question 1
O22: *In tab name, use standard ISO 3-letter country codes to reduce length of tab titles RR: Imp-Subject → Imp-CHN, Imp-TWN
B23: =IF(Intro!$G$24="English",O23,P23) -> Provide your firm's imports and sales of imports of the goods originating in: | G23: =IF(Intro!$G$24="English",Variables!B46,Variables!C46) -> Singapore | O23: Provide your firm's imports and sales of imports of the goods originating in: | P23: Indiquez les importations et les ventes de marchandises de votre entreprise originaires de :
G27: =Variables!$B$6 -> 2023 | H27: =G27+1 -> 2024 | I27: =H27+1 -> 2025 | J27: =IF(Intro!$G$24="English",Variables!B9,Variables!C9) -> Jan-Jun 2025 | K27: =IF(Intro!$G$24="English",Variables!B10,Variables!C10) -> Jan-Jun 2026
O28: Imports in Canada | P28: Importations au Canada
B29: =IF(Intro!$G$24="English",O29,P29) -> Imports | O29: Imports | P29: Importations
B30: =IF(Intro!$G$24="English",O29,P29) -> Imports | D30: =IF(Intro!$G$24="English",Variables!B23,Variables!C23) -> Tonnes
D31: =IF(Intro!$G$24="English",O31,P31) -> net delivered purchase value (CAD) | O31: net delivered purchase value (CAD) | P31: valeur d'achat nette rendue (CAD)
D32: =IF(Intro!$G$24="English","$ / "&Variables!B24,"$ / "&Variables!C24) -> $ / Tonne | G32: =IF(G30=0,"-",G31/G30) -> - | H32: =IF(H30=0,"-",H31/H30) -> - | I32: =IF(I30=0,"-",I31/I30) -> - | J32: =IF(J30=0,"-",J31/J30) -> - | K32: =IF(K30=0,"-",K31/K30) -> - | O32: *Adjust decimal points in tables as needed.
B33: =IF(Intro!$G$24="English",O33,P33) -> Sales of imports in Canada | O33: Sales of imports in Canada | P33: Ventes d'importations au Canada
B34: =IF(Intro!$G$24="English",O35,P35) -> Sales to distributors / service centres in Canada | D34: =D30 -> Tonnes
D35: =IF(Intro!$G$24="English",O36,P36) -> net delivered selling value (CAD) | O35: ="Sales to "&Variables!$B$26&" in Canada" -> Sales to distributors / service centres in Canada | P35: ="Ventes aux "&Variables!$C$26&" au Canada" -> Ventes aux distributeurs / centres de services au Canada
D36: =D32 -> $ / Tonne | G36: =IF(G34=0,"-",G35/G34) -> - | H36: =IF(H34=0,"-",H35/H34) -> - | I36: =IF(I34=0,"-",I35/I34) -> - | J36: =IF(J34=0,"-",J35/J34) -> - | K36: =IF(K34=0,"-",K35/K34) -> - | O36: net delivered selling value (CAD) | P36: valeur de vente nette rendue (CAD)
B37: =IF(Intro!$G$24="English",O37,P37) -> Sales to end users / fabricators in Canada | D37: =D30 -> Tonnes | O37: ="Sales to "&Variables!$B$27&" in Canada" -> Sales to end users / fabricators in Canada | P37: ="Ventes aux "&Variables!$C$27&" au Canada" -> Ventes aux utilisateurs finals / transformateurs au Canada
D38: =D35 -> net delivered selling value (CAD)
D39: =D32 -> $ / Tonne | G39: =IF(G37=0,"-",G38/G37) -> - | H39: =IF(H37=0,"-",H38/H37) -> - | I39: =IF(I37=0,"-",I38/I37) -> - | J39: =IF(J37=0,"-",J38/J37) -> - | K39: =IF(K37=0,"-",K38/K37) -> -
B40: =IF(Intro!$G$24="English",O40,P40) -> Total sales of imports in Canada | D40: =D30 -> Tonnes | G40: =G34+G37 -> 0 | H40: =H34+H37 -> 0 | I40: =I34+I37 -> 0 | J40: =J34+J37 -> 0 | K40: =K34+K37 -> 0 | O40: Total sales of imports in Canada | P40: Ventes totales d'importations au Canada
D41: =D38 -> net delivered selling value (CAD) | G41: =G35+G38 -> 0 | H41: =H35+H38 -> 0 | I41: =I35+I38 -> 0 | J41: =J35+J38 -> 0 | K41: =K35+K38 -> 0
D42: =D32 -> $ / Tonne | G42: =IF(G40=0,"-",G41/G40) -> - | H42: =IF(H40=0,"-",H41/H40) -> - | I42: =IF(I40=0,"-",I41/I40) -> - | J42: =IF(J40=0,"-",J41/J40) -> - | K42: =IF(K40=0,"-",K41/K40) -> -
B44: Question 2
B46: =IF(Intro!$G$24="English",O46,P46) -> Provide the average percentage of net delivered selling values that is represented by delivery costs. | O46: Provide the average percentage of net delivered selling values that is represented by delivery costs. | P46: Indiquez le pourcentage moyen des valeurs de vente nettes livrées qui représente les frais de livraison.
B47: =Pro!B23 -> Note - Only complete this question if your firm sold the goods between January 1, 2023, and June 30, 2026.
D49: =Variables!$B$6 -> 2023 | E49: =D49+1 -> 2024 | F49: =E49+1 -> 2025 | G49: =IF(Intro!$G$24="English",Variables!B9,Variables!C9) -> Jan-Jun 2025 | H49: =IF(Intro!$G$24="English",Variables!B10,Variables!C10) -> Jan-Jun 2026
C51: =IF(Intro!$G$24="English",O51,P51) -> Delivery Cost (%) | O51: Delivery Cost (%) | P51: Coût de livraison (%)
B53: =IF(Intro!$G$24="English",O53,P53) -> If the percentages changed between periods, please provide the reason. | O53: If the percentages changed between periods, please provide the reason. | P53: Si les pourcentages ont changé d'une période à l'autre, veuillez en indiquer la raison.

Sheet VNM
O1: hiddenc | P1: hiddenc
B2: =Pro!B2 -> PROTECTED | O2: English | P2: Français
B4: =Info!B4 -> IMPORTER QUESTIONNAIRE
B5: =Info!B5 -> RR-2026-002 & RR-2026-003
B6: =Info!B6 -> CONCRETE REINFORCING BAR
B8: =Pro!B8 -> The following questions refer to the goods as defined in the product description on the Intro tab.
B9: =Pro!B9 -> Product information and a glossary of terms can be found in the Info tab.
B10: =Pro!B10 -> Use the AddPro tab if more space is needed.
B12: =Pro!B12 -> For the questions in this tab, note the following:
B13: =Pro!B13 -> • Report only sales from your firm’s imports. Sales of purchased goods from Canadian producers must be excluded.
B15: =Pro!B15 -> • Report all sales to Canadian and foreign associated firms.
B16: =Pro!B16 -> • Report all sales as of the date of shipment to the customer or the customer’s warehouse.
B17: =Pro!B17 -> • Report all values in Canadian dollars.
B18: =IF(Intro!$G$24="English",O18,P18) -> • If your firm is an end user or a fabricator, your firm does not need to report sales of imports or inventories of imports. | O18: • If your firm is an end user or a fabricator, your firm does not need to report sales of imports or inventories of imports. | P18: • Si votre entreprise est un utilisateur final ou un transformateur, elle n’a pas besoin de déclarer ses ventes d’importations ou ses stocks d’importations.
B20: =IF(Intro!$G$24="English",O20,P20) -> IMPORTS AND SALES | O20: IMPORTS AND SALES | P20: IMPORTATIONS ET VENTES
B21: Question 1
O22: *In tab name, use standard ISO 3-letter country codes to reduce length of tab titles RR: Imp-Subject → Imp-CHN, Imp-TWN
B23: =IF(Intro!$G$24="English",O23,P23) -> Provide your firm's imports and sales of imports of the goods originating in: | G23: =IF(Intro!$G$24="English",Variables!B47,Variables!C47) -> Vietnam | O23: Provide your firm's imports and sales of imports of the goods originating in: | P23: Indiquez les importations et les ventes de marchandises de votre entreprise originaires de :
G27: =Variables!$B$6 -> 2023 | H27: =G27+1 -> 2024 | I27: =H27+1 -> 2025 | J27: =IF(Intro!$G$24="English",Variables!B9,Variables!C9) -> Jan-Jun 2025 | K27: =IF(Intro!$G$24="English",Variables!B10,Variables!C10) -> Jan-Jun 2026
O28: Imports in Canada | P28: Importations au Canada
B29: =IF(Intro!$G$24="English",O29,P29) -> Imports | O29: Imports | P29: Importations
B30: =IF(Intro!$G$24="English",O29,P29) -> Imports | D30: =IF(Intro!$G$24="English",Variables!B23,Variables!C23) -> Tonnes
D31: =IF(Intro!$G$24="English",O31,P31) -> net delivered purchase value (CAD) | O31: net delivered purchase value (CAD) | P31: valeur d'achat nette rendue (CAD)
D32: =IF(Intro!$G$24="English","$ / "&Variables!B24,"$ / "&Variables!C24) -> $ / Tonne | G32: =IF(G30=0,"-",G31/G30) -> - | H32: =IF(H30=0,"-",H31/H30) -> - | I32: =IF(I30=0,"-",I31/I30) -> - | J32: =IF(J30=0,"-",J31/J30) -> - | K32: =IF(K30=0,"-",K31/K30) -> - | O32: *Adjust decimal points in tables as needed.
B33: =IF(Intro!$G$24="English",O33,P33) -> Sales of imports in Canada | O33: Sales of imports in Canada | P33: Ventes d'importations au Canada
B34: =IF(Intro!$G$24="English",O35,P35) -> Sales to distributors / service centres in Canada | D34: =D30 -> Tonnes
D35: =IF(Intro!$G$24="English",O36,P36) -> net delivered selling value (CAD) | O35: ="Sales to "&Variables!$B$26&" in Canada" -> Sales to distributors / service centres in Canada | P35: ="Ventes aux "&Variables!$C$26&" au Canada" -> Ventes aux distributeurs / centres de services au Canada
D36: =D32 -> $ / Tonne | G36: =IF(G34=0,"-",G35/G34) -> - | H36: =IF(H34=0,"-",H35/H34) -> - | I36: =IF(I34=0,"-",I35/I34) -> - | J36: =IF(J34=0,"-",J35/J34) -> - | K36: =IF(K34=0,"-",K35/K34) -> - | O36: net delivered selling value (CAD) | P36: valeur de vente nette rendue (CAD)
B37: =IF(Intro!$G$24="English",O37,P37) -> Sales to end users / fabricators in Canada | D37: =D30 -> Tonnes | O37: ="Sales to "&Variables!$B$27&" in Canada" -> Sales to end users / fabricators in Canada | P37: ="Ventes aux "&Variables!$C$27&" au Canada" -> Ventes aux utilisateurs finals / transformateurs au Canada
D38: =D35 -> net delivered selling value (CAD)
D39: =D32 -> $ / Tonne | G39: =IF(G37=0,"-",G38/G37) -> - | H39: =IF(H37=0,"-",H38/H37) -> - | I39: =IF(I37=0,"-",I38/I37) -> - | J39: =IF(J37=0,"-",J38/J37) -> - | K39: =IF(K37=0,"-",K38/K37) -> -
B40: =IF(Intro!$G$24="English",O40,P40) -> Total sales of imports in Canada | D40: =D30 -> Tonnes | G40: =G34+G37 -> 0 | H40: =H34+H37 -> 0 | I40: =I34+I37 -> 0 | J40: =J34+J37 -> 0 | K40: =K34+K37 -> 0 | O40: Total sales of imports in Canada | P40: Ventes totales d'importations au Canada
D41: =D38 -> net delivered selling value (CAD) | G41: =G35+G38 -> 0 | H41: =H35+H38 -> 0 | I41: =I35+I38 -> 0 | J41: =J35+J38 -> 0 | K41: =K35+K38 -> 0
D42: =D32 -> $ / Tonne | G42: =IF(G40=0,"-",G41/G40) -> - | H42: =IF(H40=0,"-",H41/H40) -> - | I42: =IF(I40=0,"-",I41/I40) -> - | J42: =IF(J40=0,"-",J41/J40) -> - | K42: =IF(K40=0,"-",K41/K40) -> -
B44: Question 2
B46: =IF(Intro!$G$24="English",O46,P46) -> Provide the average percentage of net delivered selling values that is represented by delivery costs. | O46: Provide the average percentage of net delivered selling values that is represented by delivery costs. | P46: Indiquez le pourcentage moyen des valeurs de vente nettes livrées qui représente les frais de livraison.
B47: =Pro!B23 -> Note - Only complete this question if your firm sold the goods between January 1, 2023, and June 30, 2026.
D49: =Variables!$B$6 -> 2023 | E49: =D49+1 -> 2024 | F49: =E49+1 -> 2025 | G49: =IF(Intro!$G$24="English",Variables!B9,Variables!C9) -> Jan-Jun 2025 | H49: =IF(Intro!$G$24="English",Variables!B10,Variables!C10) -> Jan-Jun 2026
C51: =IF(Intro!$G$24="English",O51,P51) -> Delivery Cost (%) | O51: Delivery Cost (%) | P51: Coût de livraison (%)
B53: =IF(Intro!$G$24="English",O53,P53) -> If the percentages changed between periods, please provide the reason. | O53: If the percentages changed between periods, please provide the reason. | P53: Si les pourcentages ont changé d'une période à l'autre, veuillez en indiquer la raison.

Sheet OMN
O1: hiddenc | P1: hiddenc
B2: =Pro!B2 -> PROTECTED | O2: English | P2: Français
B4: =Info!B4 -> IMPORTER QUESTIONNAIRE
B5: =Info!B5 -> RR-2026-002 & RR-2026-003
B6: =Info!B6 -> CONCRETE REINFORCING BAR
B8: =Pro!B8 -> The following questions refer to the goods as defined in the product description on the Intro tab.
B9: =Pro!B9 -> Product information and a glossary of terms can be found in the Info tab.
B10: =Pro!B10 -> Use the AddPro tab if more space is needed.
B12: =Pro!B12 -> For the questions in this tab, note the following:
B13: =Pro!B13 -> • Report only sales from your firm’s imports. Sales of purchased goods from Canadian producers must be excluded.
B15: =Pro!B15 -> • Report all sales to Canadian and foreign associated firms.
B16: =Pro!B16 -> • Report all sales as of the date of shipment to the customer or the customer’s warehouse.
B17: =Pro!B17 -> • Report all values in Canadian dollars.
B18: =IF(Intro!$G$24="English",O18,P18) -> • If your firm is an end user or a fabricator, your firm does not need to report sales of imports or inventories of imports. | O18: • If your firm is an end user or a fabricator, your firm does not need to report sales of imports or inventories of imports. | P18: • Si votre entreprise est un utilisateur final ou un transformateur, elle n’a pas besoin de déclarer ses ventes d’importations ou ses stocks d’importations.
B20: =IF(Intro!$G$24="English",O20,P20) -> IMPORTS AND SALES | O20: IMPORTS AND SALES | P20: IMPORTATIONS ET VENTES
B21: Question 1
O22: *In tab name, use standard ISO 3-letter country codes to reduce length of tab titles RR: Imp-Subject → Imp-CHN, Imp-TWN
B23: =IF(Intro!$G$24="English",O23,P23) -> Provide your firm's imports and sales of imports of the goods originating in: | G23: =IF(Intro!$G$24="English",Variables!B48,Variables!C48) -> Oman | O23: Provide your firm's imports and sales of imports of the goods originating in: | P23: Indiquez les importations et les ventes de marchandises de votre entreprise originaires de :
G27: =Variables!$B$6 -> 2023 | H27: =G27+1 -> 2024 | I27: =H27+1 -> 2025 | J27: =IF(Intro!$G$24="English",Variables!B9,Variables!C9) -> Jan-Jun 2025 | K27: =IF(Intro!$G$24="English",Variables!B10,Variables!C10) -> Jan-Jun 2026
O28: Imports in Canada | P28: Importations au Canada
B29: =IF(Intro!$G$24="English",O29,P29) -> Imports | O29: Imports | P29: Importations
B30: =IF(Intro!$G$24="English",O29,P29) -> Imports | D30: =IF(Intro!$G$24="English",Variables!B23,Variables!C23) -> Tonnes
D31: =IF(Intro!$G$24="English",O31,P31) -> net delivered purchase value (CAD) | O31: net delivered purchase value (CAD) | P31: valeur d'achat nette rendue (CAD)
D32: =IF(Intro!$G$24="English","$ / "&Variables!B24,"$ / "&Variables!C24) -> $ / Tonne | G32: =IF(G30=0,"-",G31/G30) -> - | H32: =IF(H30=0,"-",H31/H30) -> - | I32: =IF(I30=0,"-",I31/I30) -> - | J32: =IF(J30=0,"-",J31/J30) -> - | K32: =IF(K30=0,"-",K31/K30) -> - | O32: *Adjust decimal points in tables as needed.
B33: =IF(Intro!$G$24="English",O33,P33) -> Sales of imports in Canada | O33: Sales of imports in Canada | P33: Ventes d'importations au Canada
B34: =IF(Intro!$G$24="English",O35,P35) -> Sales to distributors / service centres in Canada | D34: =D30 -> Tonnes
D35: =IF(Intro!$G$24="English",O36,P36) -> net delivered selling value (CAD) | O35: ="Sales to "&Variables!$B$26&" in Canada" -> Sales to distributors / service centres in Canada | P35: ="Ventes aux "&Variables!$C$26&" au Canada" -> Ventes aux distributeurs / centres de services au Canada
D36: =D32 -> $ / Tonne | G36: =IF(G34=0,"-",G35/G34) -> - | H36: =IF(H34=0,"-",H35/H34) -> - | I36: =IF(I34=0,"-",I35/I34) -> - | J36: =IF(J34=0,"-",J35/J34) -> - | K36: =IF(K34=0,"-",K35/K34) -> - | O36: net delivered selling value (CAD) | P36: valeur de vente nette rendue (CAD)
B37: =IF(Intro!$G$24="English",O37,P37) -> Sales to end users / fabricators in Canada | D37: =D30 -> Tonnes | O37: ="Sales to "&Variables!$B$27&" in Canada" -> Sales to end users / fabricators in Canada | P37: ="Ventes aux "&Variables!$C$27&" au Canada" -> Ventes aux utilisateurs finals / transformateurs au Canada
D38: =D35 -> net delivered selling value (CAD)
D39: =D32 -> $ / Tonne | G39: =IF(G37=0,"-",G38/G37) -> - | H39: =IF(H37=0,"-",H38/H37) -> - | I39: =IF(I37=0,"-",I38/I37) -> - | J39: =IF(J37=0,"-",J38/J37) -> - | K39: =IF(K37=0,"-",K38/K37) -> -
B40: =IF(Intro!$G$24="English",O40,P40) -> Total sales of imports in Canada | D40: =D30 -> Tonnes | G40: =G34+G37 -> 0 | H40: =H34+H37 -> 0 | I40: =I34+I37 -> 0 | J40: =J34+J37 -> 0 | K40: =K34+K37 -> 0 | O40: Total sales of imports in Canada | P40: Ventes totales d'importations au Canada
D41: =D38 -> net delivered selling value (CAD) | G41: =G35+G38 -> 0 | H41: =H35+H38 -> 0 | I41: =I35+I38 -> 0 | J41: =J35+J38 -> 0 | K41: =K35+K38 -> 0
D42: =D32 -> $ / Tonne | G42: =IF(G40=0,"-",G41/G40) -> - | H42: =IF(H40=0,"-",H41/H40) -> - | I42: =IF(I40=0,"-",I41/I40) -> - | J42: =IF(J40=0,"-",J41/J40) -> - | K42: =IF(K40=0,"-",K41/K40) -> -
B44: Question 2
B46: =IF(Intro!$G$24="English",O46,P46) -> Provide the average percentage of net delivered selling values that is represented by delivery costs. | O46: Provide the average percentage of net delivered selling values that is represented by delivery costs. | P46: Indiquez le pourcentage moyen des valeurs de vente nettes livrées qui représente les frais de livraison.
B47: =Pro!B23 -> Note - Only complete this question if your firm sold the goods between January 1, 2023, and June 30, 2026.
D49: =Variables!$B$6 -> 2023 | E49: =D49+1 -> 2024 | F49: =E49+1 -> 2025 | G49: =IF(Intro!$G$24="English",Variables!B9,Variables!C9) -> Jan-Jun 2025 | H49: =IF(Intro!$G$24="English",Variables!B10,Variables!C10) -> Jan-Jun 2026
C51: =IF(Intro!$G$24="English",O51,P51) -> Delivery Cost (%) | O51: Delivery Cost (%) | P51: Coût de livraison (%)
B53: =IF(Intro!$G$24="English",O53,P53) -> If the percentages changed between periods, please provide the reason. | O53: If the percentages changed between periods, please provide the reason. | P53: Si les pourcentages ont changé d'une période à l'autre, veuillez en indiquer la raison.

Sheet RUS
O1: hiddenc | P1: hiddenc
B2: =Pro!B2 -> PROTECTED | O2: English | P2: Français
B4: =Info!B4 -> IMPORTER QUESTIONNAIRE
B5: =Info!B5 -> RR-2026-002 & RR-2026-003
B6: =Info!B6 -> CONCRETE REINFORCING BAR
B8: =Pro!B8 -> The following questions refer to the goods as defined in the product description on the Intro tab.
B9: =Pro!B9 -> Product information and a glossary of terms can be found in the Info tab.
B10: =Pro!B10 -> Use the AddPro tab if more space is needed.
B12: =Pro!B12 -> For the questions in this tab, note the following:
B13: =Pro!B13 -> • Report only sales from your firm’s imports. Sales of purchased goods from Canadian producers must be excluded.
B15: =Pro!B15 -> • Report all sales to Canadian and foreign associated firms.
B16: =Pro!B16 -> • Report all sales as of the date of shipment to the customer or the customer’s warehouse.
B17: =Pro!B17 -> • Report all values in Canadian dollars.
B18: =IF(Intro!$G$24="English",O18,P18) -> • If your firm is an end user or a fabricator, your firm does not need to report sales of imports or inventories of imports. | O18: • If your firm is an end user or a fabricator, your firm does not need to report sales of imports or inventories of imports. | P18: • Si votre entreprise est un utilisateur final ou un transformateur, elle n’a pas besoin de déclarer ses ventes d’importations ou ses stocks d’importations.
B20: =IF(Intro!$G$24="English",O20,P20) -> IMPORTS AND SALES | O20: IMPORTS AND SALES | P20: IMPORTATIONS ET VENTES
B21: Question 1
O22: *In tab name, use standard ISO 3-letter country codes to reduce length of tab titles RR: Imp-Subject → Imp-CHN, Imp-TWN
B23: =IF(Intro!$G$24="English",O23,P23) -> Provide your firm's imports and sales of imports of the goods originating in: | G23: =IF(Intro!$G$24="English",Variables!B49,Variables!C49) -> Russia | O23: Provide your firm's imports and sales of imports of the goods originating in: | P23: Indiquez les importations et les ventes de marchandises de votre entreprise originaires de :
G27: =Variables!$B$6 -> 2023 | H27: =G27+1 -> 2024 | I27: =H27+1 -> 2025 | J27: =IF(Intro!$G$24="English",Variables!B9,Variables!C9) -> Jan-Jun 2025 | K27: =IF(Intro!$G$24="English",Variables!B10,Variables!C10) -> Jan-Jun 2026
O28: Imports in Canada | P28: Importations au Canada
B29: =IF(Intro!$G$24="English",O29,P29) -> Imports | O29: Imports | P29: Importations
B30: =IF(Intro!$G$24="English",O29,P29) -> Imports | D30: =IF(Intro!$G$24="English",Variables!B23,Variables!C23) -> Tonnes
D31: =IF(Intro!$G$24="English",O31,P31) -> net delivered purchase value (CAD) | O31: net delivered purchase value (CAD) | P31: valeur d'achat nette rendue (CAD)
D32: =IF(Intro!$G$24="English","$ / "&Variables!B24,"$ / "&Variables!C24) -> $ / Tonne | G32: =IF(G30=0,"-",G31/G30) -> - | H32: =IF(H30=0,"-",H31/H30) -> - | I32: =IF(I30=0,"-",I31/I30) -> - | J32: =IF(J30=0,"-",J31/J30) -> - | K32: =IF(K30=0,"-",K31/K30) -> - | O32: *Adjust decimal points in tables as needed.
B33: =IF(Intro!$G$24="English",O33,P33) -> Sales of imports in Canada | O33: Sales of imports in Canada | P33: Ventes d'importations au Canada
B34: =IF(Intro!$G$24="English",O35,P35) -> Sales to distributors / service centres in Canada | D34: =D30 -> Tonnes
D35: =IF(Intro!$G$24="English",O36,P36) -> net delivered selling value (CAD) | O35: ="Sales to "&Variables!$B$26&" in Canada" -> Sales to distributors / service centres in Canada | P35: ="Ventes aux "&Variables!$C$26&" au Canada" -> Ventes aux distributeurs / centres de services au Canada
D36: =D32 -> $ / Tonne | G36: =IF(G34=0,"-",G35/G34) -> - | H36: =IF(H34=0,"-",H35/H34) -> - | I36: =IF(I34=0,"-",I35/I34) -> - | J36: =IF(J34=0,"-",J35/J34) -> - | K36: =IF(K34=0,"-",K35/K34) -> - | O36: net delivered selling value (CAD) | P36: valeur de vente nette rendue (CAD)
B37: =IF(Intro!$G$24="English",O37,P37) -> Sales to end users / fabricators in Canada | D37: =D30 -> Tonnes | O37: ="Sales to "&Variables!$B$27&" in Canada" -> Sales to end users / fabricators in Canada | P37: ="Ventes aux "&Variables!$C$27&" au Canada" -> Ventes aux utilisateurs finals / transformateurs au Canada
D38: =D35 -> net delivered selling value (CAD)
D39: =D32 -> $ / Tonne | G39: =IF(G37=0,"-",G38/G37) -> - | H39: =IF(H37=0,"-",H38/H37) -> - | I39: =IF(I37=0,"-",I38/I37) -> - | J39: =IF(J37=0,"-",J38/J37) -> - | K39: =IF(K37=0,"-",K38/K37) -> -
B40: =IF(Intro!$G$24="English",O40,P40) -> Total sales of imports in Canada | D40: =D30 -> Tonnes | G40: =G34+G37 -> 0 | H40: =H34+H37 -> 0 | I40: =I34+I37 -> 0 | J40: =J34+J37 -> 0 | K40: =K34+K37 -> 0 | O40: Total sales of imports in Canada | P40: Ventes totales d'importations au Canada
D41: =D38 -> net delivered selling value (CAD) | G41: =G35+G38 -> 0 | H41: =H35+H38 -> 0 | I41: =I35+I38 -> 0 | J41: =J35+J38 -> 0 | K41: =K35+K38 -> 0
D42: =D32 -> $ / Tonne | G42: =IF(G40=0,"-",G41/G40) -> - | H42: =IF(H40=0,"-",H41/H40) -> - | I42: =IF(I40=0,"-",I41/I40) -> - | J42: =IF(J40=0,"-",J41/J40) -> - | K42: =IF(K40=0,"-",K41/K40) -> -
B44: Question 2
B46: =IF(Intro!$G$24="English",O46,P46) -> Provide the average percentage of net delivered selling values that is represented by delivery costs. | O46: Provide the average percentage of net delivered selling values that is represented by delivery costs. | P46: Indiquez le pourcentage moyen des valeurs de vente nettes livrées qui représente les frais de livraison.
B47: =Pro!B23 -> Note - Only complete this question if your firm sold the goods between January 1, 2023, and June 30, 2026.
D49: =Variables!$B$6 -> 2023 | E49: =D49+1 -> 2024 | F49: =E49+1 -> 2025 | G49: =IF(Intro!$G$24="English",Variables!B9,Variables!C9) -> Jan-Jun 2025 | H49: =IF(Intro!$G$24="English",Variables!B10,Variables!C10) -> Jan-Jun 2026
C51: =IF(Intro!$G$24="English",O51,P51) -> Delivery Cost (%) | O51: Delivery Cost (%) | P51: Coût de livraison (%)
B53: =IF(Intro!$G$24="English",O53,P53) -> If the percentages changed between periods, please provide the reason. | O53: If the percentages changed between periods, please provide the reason. | P53: Si les pourcentages ont changé d'une période à l'autre, veuillez en indiquer la raison.

Sheet Measures•Mesures
B2: =Pro!B2 -> PROTECTED
B4: =Info!B4 -> IMPORTER QUESTIONNAIRE
B5: =Info!B5 -> RR-2026-002 & RR-2026-003
B6: =Info!B6 -> CONCRETE REINFORCING BAR
B8: =Pro!B8 -> The following questions refer to the goods as defined in the product description on the Intro tab.
B9: =Pro!B9 -> Product information and a glossary of terms can be found in the Info tab.
B10: =Pro!B10 -> Use the AddPro tab if more space is needed.
B12: =Pro!B12 -> For the questions in this tab, note the following:
B13: =Pro!B13 -> • Report only sales from your firm’s imports. Sales of purchased goods from Canadian producers must be excluded.
B15: =Pro!B15 -> • Report all sales to Canadian and foreign associated firms.
B16: =Pro!B16 -> • Report all sales as of the date of shipment to the customer or the customer’s warehouse.
B17: =Pro!B17 -> • Report all values in Canadian dollars.
B18: =DZA!B18 -> • If your firm is an end user or a fabricator, your firm does not need to report sales of imports or inventories of imports.
B20: =DZA!B20 -> IMPORTS AND SALES | P20: IMPORTATIONS ET VENTES
B21: Question 1
B23: =DZA!B23 -> Provide your firm's imports and sales of imports of the goods originating in: | G23: =IF(Intro!$G$24="English",Variables!B50,Variables!C50) -> China, Korea, Türkiye, Belarus, Chinese Taipei, Hong Kong, Japan, Portugal, Spain, Bulgaria, Thailand (excluding goods exported from Thai Steel Profile Public Company Limited), United Arab Emirates
G27: =Variables!$B$6 -> 2023 | H27: =G27+1 -> 2024 | I27: =H27+1 -> 2025 | J27: =IF(Intro!$G$24="English",Variables!B9,Variables!C9) -> Jan-Jun 2025 | K27: =IF(Intro!$G$24="English",Variables!B10,Variables!C10) -> Jan-Jun 2026
B29: =DZA!B29 -> Imports
B30: =DZA!B30 -> Imports | D30: =DZA!D30 -> Tonnes
D31: =DZA!D31 -> net delivered purchase value (CAD)
D32: =DZA!D32 -> $ / Tonne | G32: =IF(G30=0,"-",G31/G30) -> - | H32: =IF(H30=0,"-",H31/H30) -> - | I32: =IF(I30=0,"-",I31/I30) -> - | J32: =IF(J30=0,"-",J31/J30) -> - | K32: =IF(K30=0,"-",K31/K30) -> - | O32: *Adjust decimal points in tables as needed.
B33: =DZA!B33 -> Sales of imports in Canada
B34: =DZA!B34 -> Sales to distributors / service centres in Canada | D34: =DZA!D34 -> Tonnes
D35: =DZA!D35 -> net delivered selling value (CAD)
D36: =DZA!D36 -> $ / Tonne | G36: =IF(G34=0,"-",G35/G34) -> - | H36: =IF(H34=0,"-",H35/H34) -> - | I36: =IF(I34=0,"-",I35/I34) -> - | J36: =IF(J34=0,"-",J35/J34) -> - | K36: =IF(K34=0,"-",K35/K34) -> -
B37: =DZA!B37 -> Sales to end users / fabricators in Canada | D37: =DZA!D37 -> Tonnes
D38: =DZA!D38 -> net delivered selling value (CAD)
D39: =DZA!D39 -> $ / Tonne | G39: =IF(G37=0,"-",G38/G37) -> - | H39: =IF(H37=0,"-",H38/H37) -> - | I39: =IF(I37=0,"-",I38/I37) -> - | J39: =IF(J37=0,"-",J38/J37) -> - | K39: =IF(K37=0,"-",K38/K37) -> -
B40: =DZA!B40 -> Total sales of imports in Canada | D40: =DZA!D40 -> Tonnes | G40: =G34+G37 -> 0 | H40: =H34+H37 -> 0 | I40: =I34+I37 -> 0 | J40: =J34+J37 -> 0 | K40: =K34+K37 -> 0
D41: =DZA!D41 -> net delivered selling value (CAD) | G41: =G35+G38 -> 0 | H41: =H35+H38 -> 0 | I41: =I35+I38 -> 0 | J41: =J35+J38 -> 0 | K41: =K35+K38 -> 0
D42: =DZA!D42 -> $ / Tonne | G42: =IF(G40=0,"-",G41/G40) -> - | H42: =IF(H40=0,"-",H41/H40) -> - | I42: =IF(I40=0,"-",I41/I40) -> - | J42: =IF(J40=0,"-",J41/J40) -> - | K42: =IF(K40=0,"-",K41/K40) -> -
B44: Question 2
B46: =DZA!B46 -> Provide the average percentage of net delivered selling values that is represented by delivery costs.
B47: =DZA!B47 -> Note - Only complete this question if your firm sold the goods between January 1, 2023, and June 30, 2026.
D49: =Variables!$B$6 -> 2023 | E49: =D49+1 -> 2024 | F49: =E49+1 -> 2025 | G49: =IF(Intro!$G$24="English",Variables!B9,Variables!C9) -> Jan-Jun 2025 | H49: =IF(Intro!$G$24="English",Variables!B10,Variables!C10) -> Jan-Jun 2026
C51: =DZA!C51 -> Delivery Cost (%)
B53: =DZA!B53 -> If the percentages changed between periods, please provide the reason.

Sheet US•ÉU
B2: =Pro!B2 -> PROTECTED
B4: =Info!B4 -> IMPORTER QUESTIONNAIRE
B5: =Info!B5 -> RR-2026-002 & RR-2026-003
B6: =Info!B6 -> CONCRETE REINFORCING BAR
B8: =Pro!B8 -> The following questions refer to the goods as defined in the product description on the Intro tab.
B9: =Pro!B9 -> Product information and a glossary of terms can be found in the Info tab.
B10: =Pro!B10 -> Use the AddPro tab if more space is needed.
B12: =Pro!B12 -> For the questions in this tab, note the following:
B13: =Pro!B13 -> • Report only sales from your firm’s imports. Sales of purchased goods from Canadian producers must be excluded.
B15: =Pro!B15 -> • Report all sales to Canadian and foreign associated firms.
B16: =Pro!B16 -> • Report all sales as of the date of shipment to the customer or the customer’s warehouse.
B17: =Pro!B17 -> • Report all values in Canadian dollars.
B18: =DZA!B18 -> • If your firm is an end user or a fabricator, your firm does not need to report sales of imports or inventories of imports.
B20: =DZA!B20 -> IMPORTS AND SALES | P20: IMPORTATIONS ET VENTES
B21: Question 1
B23: =DZA!B23 -> Provide your firm's imports and sales of imports of the goods originating in: | G23: =IF(Intro!$G$24="English",Variables!B31,Variables!C31) -> United States of America
G27: =Variables!$B$6 -> 2023 | H27: =G27+1 -> 2024 | I27: =H27+1 -> 2025 | J27: =IF(Intro!$G$24="English",Variables!B9,Variables!C9) -> Jan-Jun 2025 | K27: =IF(Intro!$G$24="English",Variables!B10,Variables!C10) -> Jan-Jun 2026
B29: =DZA!B29 -> Imports
B30: =DZA!B30 -> Imports | D30: =DZA!D30 -> Tonnes
D31: =DZA!D31 -> net delivered purchase value (CAD)
D32: =DZA!D32 -> $ / Tonne | G32: =IF(G30=0,"-",G31/G30) -> - | H32: =IF(H30=0,"-",H31/H30) -> - | I32: =IF(I30=0,"-",I31/I30) -> - | J32: =IF(J30=0,"-",J31/J30) -> - | K32: =IF(K30=0,"-",K31/K30) -> - | O32: *Adjust decimal points in tables as needed.
B33: =DZA!B33 -> Sales of imports in Canada
B34: =DZA!B34 -> Sales to distributors / service centres in Canada | D34: =DZA!D34 -> Tonnes
D35: =DZA!D35 -> net delivered selling value (CAD)
D36: =DZA!D36 -> $ / Tonne | G36: =IF(G34=0,"-",G35/G34) -> - | H36: =IF(H34=0,"-",H35/H34) -> - | I36: =IF(I34=0,"-",I35/I34) -> - | J36: =IF(J34=0,"-",J35/J34) -> - | K36: =IF(K34=0,"-",K35/K34) -> -
B37: =DZA!B37 -> Sales to end users / fabricators in Canada | D37: =DZA!D37 -> Tonnes
D38: =DZA!D38 -> net delivered selling value (CAD)
D39: =DZA!D39 -> $ / Tonne | G39: =IF(G37=0,"-",G38/G37) -> - | H39: =IF(H37=0,"-",H38/H37) -> - | I39: =IF(I37=0,"-",I38/I37) -> - | J39: =IF(J37=0,"-",J38/J37) -> - | K39: =IF(K37=0,"-",K38/K37) -> -
B40: =DZA!B40 -> Total sales of imports in Canada | D40: =DZA!D40 -> Tonnes | G40: =G34+G37 -> 0 | H40: =H34+H37 -> 0 | I40: =I34+I37 -> 0 | J40: =J34+J37 -> 0 | K40: =K34+K37 -> 0
D41: =DZA!D41 -> net delivered selling value (CAD) | G41: =G35+G38 -> 0 | H41: =H35+H38 -> 0 | I41: =I35+I38 -> 0 | J41: =J35+J38 -> 0 | K41: =K35+K38 -> 0
D42: =DZA!D42 -> $ / Tonne | G42: =IF(G40=0,"-",G41/G40) -> - | H42: =IF(H40=0,"-",H41/H40) -> - | I42: =IF(I40=0,"-",I41/I40) -> - | J42: =IF(J40=0,"-",J41/J40) -> - | K42: =IF(K40=0,"-",K41/K40) -> -
B44: Question 2
B46: =DZA!B46 -> Provide the average percentage of net delivered selling values that is represented by delivery costs.
B47: =DZA!B47 -> Note - Only complete this question if your firm sold the goods between January 1, 2023, and June 30, 2026.
D49: =Variables!$B$6 -> 2023 | E49: =D49+1 -> 2024 | F49: =E49+1 -> 2025 | G49: =IF(Intro!$G$24="English",Variables!B9,Variables!C9) -> Jan-Jun 2025 | H49: =IF(Intro!$G$24="English",Variables!B10,Variables!C10) -> Jan-Jun 2026
C51: =DZA!C51 -> Delivery Cost (%)
B53: =DZA!B53 -> If the percentages changed between periods, please provide the reason.

Sheet Other•Autre
O1: hiddenc | P1: hiddenc
B2: =Pro!B2 -> PROTECTED | O2: English | P2: Français
B4: =Info!B4 -> IMPORTER QUESTIONNAIRE
B5: =Info!B5 -> RR-2026-002 & RR-2026-003
B6: =Info!B6 -> CONCRETE REINFORCING BAR
B8: =Pro!B8 -> The following questions refer to the goods as defined in the product description on the Intro tab.
B9: =Pro!B9 -> Product information and a glossary of terms can be found in the Info tab.
B10: =Pro!B10 -> Use the AddPro tab if more space is needed.
B12: =Pro!B12 -> For the questions in this tab, note the following:
B13: =Pro!B13 -> • Report only sales from your firm’s imports. Sales of purchased goods from Canadian producers must be excluded.
B15: =Pro!B15 -> • Report all sales to Canadian and foreign associated firms.
B16: =Pro!B16 -> • Report all sales as of the date of shipment to the customer or the customer’s warehouse.
B17: =Pro!B17 -> • Report all values in Canadian dollars.
B18: =DZA!B18 -> • If your firm is an end user or a fabricator, your firm does not need to report sales of imports or inventories of imports.
B20: =DZA!B20 -> IMPORTS AND SALES
B21: Question 1
B23: =DZA!B23 -> Provide your firm's imports and sales of imports of the goods originating in: | G23: =IF(Intro!$G$24="English",Variables!B32,Variables!C32) -> Other countries (including goods exported from Thailand from Thai Steel Profile Public Company Limited)
B25: =IF(Intro!$G$24="English",O25,P25) -> Other countries include: | O25: Other countries include: | P25: Autres pays incluent :
G27: =Variables!$B$6 -> 2023 | H27: =G27+1 -> 2024 | I27: =H27+1 -> 2025 | J27: =IF(Intro!$G$24="English",Variables!B9,Variables!C9) -> Jan-Jun 2025 | K27: =IF(Intro!$G$24="English",Variables!B10,Variables!C10) -> Jan-Jun 2026
B29: =DZA!B29 -> Imports
B30: =DZA!B30 -> Imports | D30: =DZA!D30 -> Tonnes
D31: =DZA!D31 -> net delivered purchase value (CAD)
D32: =DZA!D32 -> $ / Tonne | G32: =IF(G30=0,"-",G31/G30) -> - | H32: =IF(H30=0,"-",H31/H30) -> - | I32: =IF(I30=0,"-",I31/I30) -> - | J32: =IF(J30=0,"-",J31/J30) -> - | K32: =IF(K30=0,"-",K31/K30) -> - | O32: *Adjust decimal points in tables as needed.
B33: =DZA!B33 -> Sales of imports in Canada
B34: =DZA!B34 -> Sales to distributors / service centres in Canada | D34: =DZA!D34 -> Tonnes
D35: =DZA!D35 -> net delivered selling value (CAD)
D36: =DZA!D36 -> $ / Tonne | G36: =IF(G34=0,"-",G35/G34) -> - | H36: =IF(H34=0,"-",H35/H34) -> - | I36: =IF(I34=0,"-",I35/I34) -> - | J36: =IF(J34=0,"-",J35/J34) -> - | K36: =IF(K34=0,"-",K35/K34) -> -
B37: =DZA!B37 -> Sales to end users / fabricators in Canada | D37: =DZA!D37 -> Tonnes
D38: =DZA!D38 -> net delivered selling value (CAD)
D39: =DZA!D39 -> $ / Tonne | G39: =IF(G37=0,"-",G38/G37) -> - | H39: =IF(H37=0,"-",H38/H37) -> - | I39: =IF(I37=0,"-",I38/I37) -> - | J39: =IF(J37=0,"-",J38/J37) -> - | K39: =IF(K37=0,"-",K38/K37) -> -
B40: =DZA!B40 -> Total sales of imports in Canada | D40: =DZA!D40 -> Tonnes | G40: =G34+G37 -> 0 | H40: =H34+H37 -> 0 | I40: =I34+I37 -> 0 | J40: =J34+J37 -> 0 | K40: =K34+K37 -> 0
D41: =DZA!D41 -> net delivered selling value (CAD) | G41: =G35+G38 -> 0 | H41: =H35+H38 -> 0 | I41: =I35+I38 -> 0 | J41: =J35+J38 -> 0 | K41: =K35+K38 -> 0
D42: =DZA!D42 -> $ / Tonne | G42: =IF(G40=0,"-",G41/G40) -> - | H42: =IF(H40=0,"-",H41/H40) -> - | I42: =IF(I40=0,"-",I41/I40) -> - | J42: =IF(J40=0,"-",J41/J40) -> - | K42: =IF(K40=0,"-",K41/K40) -> -
B44: Question 2
B46: =DZA!B46 -> Provide the average percentage of net delivered selling values that is represented by delivery costs.
B47: =DZA!B47 -> Note - Only complete this question if your firm sold the goods between January 1, 2023, and June 30, 2026.
D49: =Variables!$B$6 -> 2023 | E49: =D49+1 -> 2024 | F49: =E49+1 -> 2025 | G49: =IF(Intro!$G$24="English",Variables!B9,Variables!C9) -> Jan-Jun 2025 | H49: =IF(Intro!$G$24="English",Variables!B10,Variables!C10) -> Jan-Jun 2026
C51: =DZA!C51 -> Delivery Cost (%)
B53: =DZA!B53 -> If the percentages changed between periods, please provide the reason.

Sheet End

Sheet Invent•Stock
O1: hiddenc | P1: hiddenc
B2: =Pro!B2 -> PROTECTED | O2: English | P2: Français
B4: =Info!B4 -> IMPORTER QUESTIONNAIRE
B5: =Info!B5 -> RR-2026-002 & RR-2026-003
B6: =Info!B6 -> CONCRETE REINFORCING BAR
B8: =Public!B8 -> The following questions refer to the goods as defined in the product description on the Intro tab.
B9: =Public!B9 -> Product information and a glossary of terms can be found in the Info tab.
B10: =Pro!B10 -> Use the AddPro tab if more space is needed.
B12: =Pro!B12 -> For the questions in this tab, note the following:
B13: =Pro!B13 -> • Report only sales from your firm’s imports. Sales of purchased goods from Canadian producers must be excluded.
B14: =Pro!B15 -> • Report all sales to Canadian and foreign associated firms.
B15: =Pro!B16 -> • Report all sales as of the date of shipment to the customer or the customer’s warehouse.
B16: =Pro!B17 -> • Report all values in Canadian dollars.
B17: =DZA!B18 -> • If your firm is an end user or a fabricator, your firm does not need to report sales of imports or inventories of imports.
B19: =UPPER(IF(Intro!$G$24="English",O19,P19)) -> INVENTORIES AND EXPORT SALES | O19: INVENTORIES AND EXPORT SALES | P19: STOCKS ET VENTES À L'EXPORTATION
B20: Question 1
B22: =IF(Intro!$G$24="English",O22,P22) -> Provide your firm's inventories and export sales of imports of the goods. | O22: Provide your firm's inventories and export sales of imports of the goods. | P22: Fournissez les stocks et ventes à l'exportation des marchandises importées.
G24: =Variables!$B$6 -> 2023 | H24: =G24+1 -> 2024 | I24: =H24+1 -> 2025 | J24: =IF(Intro!$G$24="English",Variables!B9,Variables!C9) -> Jan-Jun 2025 | K24: =IF(Intro!$G$24="English",Variables!B10,Variables!C10) -> Jan-Jun 2026
B26: =IF(Intro!$G$24="English",O26,P26) -> Beginning inventory | D26: =IF(Intro!$G$24="English",Variables!$B$23,Variables!$C$23) -> Tonnes | H26: =G38 -> 0 | I26: =H38 -> 0 | J26: =H38 -> 0 | K26: =I38 -> 0 | O26: Beginning inventory | P26: Stock d'ouverture
D27: CAD | H27: =G39 -> 0 | I27: =H39 -> 0 | J27: =H39 -> 0 | K27: =I39 -> 0
D28: ="$ / "&IF(Intro!$G$24="English",Variables!$B$24,Variables!$C$24) -> $ / Tonne | G28: =IF(G26=0,"-",G27/G26) -> - | H28: =IF(H26=0,"-",H27/H26) -> - | I28: =IF(I26=0,"-",I27/I26) -> - | J28: =IF(J26=0,"-",J27/J26) -> - | K28: =IF(K26=0,"-",K27/K26) -> - | O28: *Adjust decimal points in tables as needed.
B29: =IF(Intro!$G$24="English",O29,P29) -> Imports | D29: =D26 -> Tonnes | G29: =SUM(Begin:End!G30) -> 0 | H29: =SUM(Begin:End!H30) -> 0 | I29: =SUM(Begin:End!I30) -> 0 | J29: =SUM(Begin:End!J30) -> 0 | K29: =SUM(Begin:End!K30) -> 0 | O29: Imports | P29: Importations
D30: =IF(Intro!G$24="English","net delivered purchase value (CAD)","valeur d'achat nette rendue (CAD)") -> net delivered purchase value (CAD) | G30: =SUM(Begin:End!G31) -> 0 | H30: =SUM(Begin:End!H31) -> 0 | I30: =SUM(Begin:End!I31) -> 0 | J30: =SUM(Begin:End!J31) -> 0 | K30: =SUM(Begin:End!K31) -> 0
D31: =D28 -> $ / Tonne | G31: =IF(G29=0,"-",G30/G29) -> - | H31: =IF(H29=0,"-",H30/H29) -> - | I31: =IF(I29=0,"-",I30/I29) -> - | J31: =IF(J29=0,"-",J30/J29) -> - | K31: =IF(K29=0,"-",K30/K29) -> -
B32: =IF(Intro!$G$24="English",O32,P32) -> Sales in Canada | D32: =D26 -> Tonnes | G32: =SUM(Begin:End!G40) -> 0 | H32: =SUM(Begin:End!H40) -> 0 | I32: =SUM(Begin:End!I40) -> 0 | J32: =SUM(Begin:End!J40) -> 0 | K32: =SUM(Begin:End!K40) -> 0 | O32: Sales in Canada | P32: Ventes au Canada
D33: =IF(Intro!G$24="English","net delivered selling value (CAD)","valeur de vente nette rendue (CAD)") -> net delivered selling value (CAD) | G33: =SUM(Begin:End!G41) -> 0 | H33: =SUM(Begin:End!H41) -> 0 | I33: =SUM(Begin:End!I41) -> 0 | J33: =SUM(Begin:End!J41) -> 0 | K33: =SUM(Begin:End!K41) -> 0
D34: =D28 -> $ / Tonne | G34: =IF(G32=0,"-",G33/G32) -> - | H34: =IF(H32=0,"-",H33/H32) -> - | I34: =IF(I32=0,"-",I33/I32) -> - | J34: =IF(J32=0,"-",J33/J32) -> - | K34: =IF(K32=0,"-",K33/K32) -> -
B35: =IF(Intro!$G$24="English",O35,P35) -> Export sales | D35: =D26 -> Tonnes | O35: Export sales | P35: Ventes à l'exportation
D36: =IF(Intro!G$24="English","net delivered selling value (CAD)","valeur de vente nette rendue (CAD)") -> net delivered selling value (CAD)
D37: =D28 -> $ / Tonne | G37: =IF(G35=0,"-",G36/G35) -> - | H37: =IF(H35=0,"-",H36/H35) -> - | I37: =IF(I35=0,"-",I36/I35) -> - | J37: =IF(J35=0,"-",J36/J35) -> - | K37: =IF(K35=0,"-",K36/K35) -> -
B38: =IF(Intro!$G$24="English",O38,P38) -> Ending inventory | D38: =D26 -> Tonnes | O38: Ending inventory | P38: Stock de clôture
D39: =D27 -> CAD
D40: =D28 -> $ / Tonne | G40: =IF(G38=0,"-",G39/G38) -> - | H40: =IF(H38=0,"-",H39/H38) -> - | I40: =IF(I38=0,"-",I39/I38) -> - | J40: =IF(J38=0,"-",J39/J38) -> - | K40: =IF(K38=0,"-",K39/K38) -> -
B42: Question 2
B44: =IF(Intro!$G$24="English",O44,P44) -> Using data provided in Question 1 on the country tabs with the data provided in Question 1 on the Invent-Stock tab, the questionnaire calculates ending inventory as follows: | O44: Using data provided in Question 1 on the country tabs with the data provided in Question 1 on the Invent-Stock tab, the questionnaire calculates ending inventory as follows: | P44: En utilisant les données fournies à la question 1 sur les onglets des pays avec les données fournies à la question 1 sur l'onglet Invent-Stock, le questionnaire calcule le stock de clôture comme suit :
G46: =Variables!$B$6 -> 2023 | H46: =G46+1 -> 2024 | I46: =H46+1 -> 2025 | J46: =J24 -> Jan-Jun 2025 | K46: =K24 -> Jan-Jun 2026
G48: =_xlfn.FORMULATEXT(G50) -> =G26+G29-G32-G35 | H48: =_xlfn.FORMULATEXT(H50) -> =H26+H29-H32-H35 | I48: =_xlfn.FORMULATEXT(I50) -> =I26+I29-I32-I35 | J48: =_xlfn.FORMULATEXT(J50) -> =J26+J29-J32-J35 | K48: =_xlfn.FORMULATEXT(K50) -> =K26+K29-K32-K35
B50: =IF(Intro!$G$24="English",O50,P50) -> Ending inventory | F50: =IF(Intro!$G$24="English",Variables!$B$23,Variables!$C$23) -> Tonnes | G50: =G26+G29-G32-G35 -> 0 | H50: =H26+H29-H32-H35 -> 0 | I50: =I26+I29-I32-I35 -> 0 | J50: =J26+J29-J32-J35 -> 0 | K50: =K26+K29-K32-K35 -> 0 | O50: Ending inventory | P50: Stock de clôture
B51: =IF(Intro!$G$24="English",O51,P51) -> Difference between ending inventory in Question 1 on the Invent-Stock tab and the calculated ending inventory | F51: =IF(Intro!$G$24="English",Variables!$B$23,Variables!$C$23) -> Tonnes | G51: =G38-G50 -> 0 | H51: =H38-H50 -> 0 | I51: =I38-I50 -> 0 | J51: =J38-J50 -> 0 | K51: =K38-K50 -> 0 | O51: Difference between ending inventory in Question 1 on the Invent-Stock tab and the calculated ending inventory | P51: Différence entre le stock de clôture à la question 1 sur l'onglet Invent-Stock et le stock de clôture calculé
B55: =IF(Intro!$G$24="English",O55,P55) -> If the volume of ending inventory in Question 1 on the Invent-Stock tab differs from the calculated ending inventory, explain why there is a difference. | O55: If the volume of ending inventory in Question 1 on the Invent-Stock tab differs from the calculated ending inventory, explain why there is a difference. | P55: Si le volume du stock de clôture à la question 1 sur l'onglet Invent-Stock diffère du stock de clôture calculé, expliquez pourquoi il y a une différence.
B66: Question 3
B68: =IF(Intro!$G$24="English",O68,P68) -> Describe how your firm determines the value of inventory. Provide any changes in the method of valuation or major write-downs of inventory that have occurred since January 1, 2023. | O68: ="Describe how your firm determines the value of inventory. Provide any changes in the method of valuation or major write-downs of inventory that have occurred since January 1, "&Variables!B6&"." -> Describe how your firm determines the value of inventory. Provide any changes in the method of valuation or major write-downs of inventory that have occurred since January 1, 2023. | P68: ="Décrivez comment votre entreprise détermine la valeur des stocks. Fournissez tout changement dans la méthode d'évaluation des stocks ou toute réduction importante de la valeur comptabilisée des stocks depuis le 1er janvier "&Variables!B6&"." -> Décrivez comment votre entreprise détermine la valeur des stocks. Fournissez tout changement dans la méthode d'évaluation des stocks ou toute réduction importante de la valeur comptabilisée des stocks depuis le 1er janvier 2023.
B80: Question 4
B82: =IF(Intro!$G$24="English",O82,P82) -> Describe any changes in your firm’s inventory levels of the goods since January 1, 2023 and whether these changes impacted your firm’s ability to supply customers. | O82: ="Describe any changes in your firm’s inventory levels of the goods since January 1, "&Variables!B6&" and whether these changes impacted your firm’s ability to supply customers." -> Describe any changes in your firm’s inventory levels of the goods since January 1, 2023 and whether these changes impacted your firm’s ability to supply customers. | P82: ="Décrivez tout changement dans le volume des stocks des marchandises maintenus par votre entreprise depuis le 1er janvier "&Variables!B6&" et indiquez si ces changements ont eu une incidence quelconque sur la capacité de votre entreprise à fournir ses clients." -> Décrivez tout changement dans le volume des stocks des marchandises maintenus par votre entreprise depuis le 1er janvier 2023 et indiquez si ces changements ont eu une incidence quelconque sur la capacité de votre entreprise à fournir ses clients.
B94: Question 5
B96: =IF(Intro!$G$24="English",O96,P96) -> Describe your firm’s plans to manage inventory levels, in the next two years. Provide the rationale and assumptions underlying these strategies and objectives. | O96: Describe your firm’s plans to manage inventory levels, in the next two years. Provide the rationale and assumptions underlying these strategies and objectives. | P96: Décrivez les plans de votre entreprise pour gérer les niveaux de stocks au cours des deux prochaines années. Fournissez les motifs et les hypothèses sous-tendant ces objectifs et ces stratégies.

Sheet AddPro
O1: hiddenc | P1: hiddenc
B2: =Pro!B2 -> PROTECTED | O2: English | P2: Français
B4: =Info!B4 -> IMPORTER QUESTIONNAIRE
B5: =Info!B5 -> RR-2026-002 & RR-2026-003
B6: =Info!B6 -> CONCRETE REINFORCING BAR
B8: =UPPER(IF(Intro!$G$24="English",O8,P8)) -> PROTECTED COMMENTS | O8: PROTECTED COMMENTS | P8: COMMENTAIRES PROTÉGÉS
B10: =AddPub!B10 -> Should your firm wish to add any comments related to its responses, submit them here. Be sure to indicate the applicable question number.
O11: Tab and Question | P11: Onglet et question
A12: AA | C12: =IF(Intro!$G$24="English",O11,P11) -> Tab and Question | D12: =IF(Intro!$G$24="English",O12,P12) -> Comments | O12: Comments | P12: Commentaires
B13: =IF(Intro!$G$24="English",O13,P13) -> Comment 1 | O13: Comment 1 | P13: Commentaire 1
B23: =IF(Intro!$G$24="English",O23,P23) -> Comment 2 | O23: Comment 2 | P23: Commentaire 2
B33: =IF(Intro!$G$24="English",O33,P33) -> Comment 3 | O33: Comment 3 | P33: Commentaire 3
B43: =IF(Intro!$G$24="English",O43,P43) -> Comment 4 | O43: Comment 4 | P43: Commentaire 4
B53: =IF(Intro!$G$24="English",O53,P53) -> Comment 5 | O53: Comment 5 | P53: Commentaire 5

Sheet Confirm
O1: hiddenc | P1: hiddenc
B2: PUBLIC | O2: English | P2: Français
B4: =Info!B4 -> IMPORTER QUESTIONNAIRE
B5: =Info!B5 -> RR-2026-002 & RR-2026-003
B6: =Info!B6 -> CONCRETE REINFORCING BAR
B8: =IF(Intro!$G$24="English",O8,P8) -> CONFIRMATION OF REPORTED DATA | O8: CONFIRMATION OF REPORTED DATA | P8: CONFIRMATION DES DONNÉES DÉCLARÉES
B9: =IF(Intro!$G$24="English",O9,P9) -> GENERAL | O9: GENERAL | P9: GÉNÉRAL
J11: =IF(Intro!$G$24="English",O11,P11) -> Select Yes or No | O11: Select Yes or No | P11: Sélectionnez oui ou non
B12: =IF(Intro!$G$24="English",O12,P12) -> Confirm that all data reported in this questionnaire pertain to the goods as defined in the "Intro" tab. | O12: Confirm that all data reported in this questionnaire pertain to the goods as defined in the "Intro" tab. | P12: Confirmez que toutes les données déclarées dans ce questionnaire concernent les marchandises telles que définies dans l’onglet « Intro ».
B13: =IF(Intro!$G$24="English",O13,P13) -> Confirm that all the sources of imports (countries) of the goods have been reported in this questionnaire. | O13: Confirm that all the sources of imports (countries) of the goods have been reported in this questionnaire. | P13: Confirmez que toutes les sources d'importations (pays) des marchandises ont été déclarées dans ce questionnaire.
B14: =IF(Intro!$G$24="English",O14,P14) -> Confirm that all volumes reported in this questionnaire are in Tonnes. | O14: ="Confirm that all volumes reported in this questionnaire are in "&(Variables!B23)&"." -> Confirm that all volumes reported in this questionnaire are in Tonnes. | P14: ="Confirmez que tous les volumes déclarés dans ce questionnaire sont en "&(Variables!C23)&"." -> Confirmez que tous les volumes déclarés dans ce questionnaire sont en Tonnes.
B15: =IF(Intro!$G$24="English",O15,P15) -> Confirm that all values reported in this questionnaire are in Canadian dollars. | C15: =IF(SUM(#REF!)<>0,"X","-") -> #REF! | D15: =IF(SUM(#REF!)<>0,"X","-") -> #REF! | E15: =IF(SUM(#REF!)<>0,"X","-") -> #REF! | F15: =IF(SUM(#REF!)<>0,"X","-") -> #REF! | G15: =IF(SUM(#REF!)<>0,"X","-") -> #REF! | O15: Confirm that all values reported in this questionnaire are in Canadian dollars. | P15: Confirmez que toutes les valeurs déclarées dans ce questionnaire sont en dollars canadiens.
B16: =IF(Intro!$G$24="English",O16,P16) -> Confirm that all information is reported on a calendar-year basis. | C16: =IF(SUM(#REF!)<>0,"X","-") -> #REF! | D16: =IF(SUM(#REF!)<>0,"X","-") -> #REF! | E16: =IF(SUM(#REF!)<>0,"X","-") -> #REF! | F16: =IF(SUM(#REF!)<>0,"X","-") -> #REF! | G16: =IF(SUM(#REF!)<>0,"X","-") -> #REF! | O16: Confirm that all information is reported on a calendar-year basis. | P16: Confirmez que tous les renseignements déclarés le sont selon l’année civile.
B18: =IF(Intro!$G$24="English",O18,P18) -> If no, explain. | O18: If no, explain. | P18: Si non, expliquez.
B29: =IF(Intro!$G$24="English",O29,P29) -> IMPORTS AND SALES | O29: IMPORTS AND SALES | P29: IMPORTATIONS ET VENTES
B31: =IF(Intro!$G$24="English",O31,P31) -> Note: Public/non-confidential information in this table is automatically generated from the information provided in the "Imp" tabs and "Invent-Stock" tab. Any changes to this public summary must therefore be made in those tabs. | O31: Note: Public/non-confidential information in this table is automatically generated from the information provided in the "Imp" tabs and "Invent-Stock" tab. Any changes to this public summary must therefore be made in those tabs. | P31: Les informations publiques/non confidentielles de ce tableau sont automatiquement générées à partir des informations fournies dans les onglets "Imp" et l'onglet "Invent-Stock". Toute modification de ce résumé public doit donc être effectuée dans ces onglets.
F34: =Variables!B6 -> 2023 | G34: =F34+1 -> 2024 | H34: =G34+1 -> 2025 | I34: =IF(Intro!$G$24="English",Variables!B9,Variables!C9) -> Jan-Jun 2025 | J34: =IF(Intro!$G$24="English",Variables!B10,Variables!C10) -> Jan-Jun 2026
E36: =IF(Intro!$G$24="English","Imports from "&Variables!B30,"Importations de "&Variables!C30) -> Imports from Algeria | F36: =IF(SUM(DZA!G30:G31)<>0,"X","-") -> - | G36: =IF(SUM(DZA!H30:H31)<>0,"X","-") -> - | H36: =IF(SUM(DZA!I30:I31)<>0,"X","-") -> - | I36: =IF(SUM(DZA!J30:J31)<>0,"X","-") -> - | J36: =IF(SUM(DZA!K30:K31)<>0,"X","-") -> -
E37: =IF(Intro!$G$24="English","Imports from "&Variables!B33,"Importations de "&Variables!C33) -> Imports from Egypt | F37: =IF(SUM(EGY!G30:G31)<>0,"X","-") -> - | G37: =IF(SUM(EGY!H30:H31)<>0,"X","-") -> - | H37: =IF(SUM(EGY!I30:I31)<>0,"X","-") -> - | I37: =IF(SUM(EGY!J30:J31)<>0,"X","-") -> - | J37: =IF(SUM(EGY!K30:K31)<>0,"X","-") -> -
E38: =IF(Intro!$G$24="English","Imports from "&Variables!B34,"Importations de "&Variables!C34) -> Imports from Indonesia | F38: =IF(SUM(IDN!G30:G31)<>0,"X","-") -> - | G38: =IF(SUM(IDN!H30:H31)<>0,"X","-") -> - | H38: =IF(SUM(IDN!I30:I31)<>0,"X","-") -> - | I38: =IF(SUM(IDN!J30:J31)<>0,"X","-") -> - | J38: =IF(SUM(IDN!K30:K31)<>0,"X","-") -> -
E39: =IF(Intro!$G$24="English","Imports from "&Variables!B35,"Importations de "&Variables!C35) -> Imports from Italy | F39: =IF(SUM(ITA!G30:G31)<>0,"X","-") -> - | G39: =IF(SUM(ITA!H30:H31)<>0,"X","-") -> - | H39: =IF(SUM(ITA!I30:I31)<>0,"X","-") -> - | I39: =IF(SUM(ITA!J30:J31)<>0,"X","-") -> - | J39: =IF(SUM(ITA!K30:K31)<>0,"X","-") -> -
E40: =IF(Intro!$G$24="English","Imports from "&Variables!B45,"Importations de "&Variables!C45) -> Imports from Malaysia | F40: =IF(SUM(MYS!G30:G31)<>0,"X","-") -> - | G40: =IF(SUM(MYS!H30:H31)<>0,"X","-") -> - | H40: =IF(SUM(MYS!I30:I31)<>0,"X","-") -> - | I40: =IF(SUM(MYS!J30:J31)<>0,"X","-") -> - | J40: =IF(SUM(MYS!K30:K31)<>0,"X","-") -> -
E41: =IF(Intro!$G$24="English","Imports from "&Variables!B46,"Importations de "&Variables!C46) -> Imports from Singapore | F41: =IF(SUM(SGP!G30:G31)<>0,"X","-") -> - | G41: =IF(SUM(SGP!H30:H31)<>0,"X","-") -> - | H41: =IF(SUM(SGP!I30:I31)<>0,"X","-") -> - | I41: =IF(SUM(SGP!J30:J31)<>0,"X","-") -> - | J41: =IF(SUM(SGP!K30:K31)<>0,"X","-") -> -
E42: =IF(Intro!$G$24="English","Imports from "&Variables!B47,"Importations de "&Variables!C47) -> Imports from Vietnam | F42: =IF(SUM(VNM!G30:G31)<>0,"X","-") -> - | G42: =IF(SUM(VNM!H30:H31)<>0,"X","-") -> - | H42: =IF(SUM(VNM!I30:I31)<>0,"X","-") -> - | I42: =IF(SUM(VNM!J30:J31)<>0,"X","-") -> - | J42: =IF(SUM(VNM!K30:K31)<>0,"X","-") -> -
E43: =IF(Intro!$G$24="English","Imports from "&Variables!B48,"Importations de "&Variables!C48) -> Imports from Oman | F43: =IF(SUM(OMN!G30:G31)<>0,"X","-") -> - | G43: =IF(SUM(OMN!H30:H31)<>0,"X","-") -> - | H43: =IF(SUM(OMN!I30:I31)<>0,"X","-") -> - | I43: =IF(SUM(OMN!J30:J31)<>0,"X","-") -> - | J43: =IF(SUM(OMN!K30:K31)<>0,"X","-") -> -
E44: =IF(Intro!$G$24="English","Imports from "&Variables!B49,"Importations de "&Variables!C49) -> Imports from Russia | F44: =IF(SUM(RUS!G30:G31)<>0,"X","-") -> - | G44: =IF(SUM(RUS!H30:H31)<>0,"X","-") -> - | H44: =IF(SUM(RUS!I30:I31)<>0,"X","-") -> - | I44: =IF(SUM(RUS!J30:J31)<>0,"X","-") -> - | J44: =IF(SUM(RUS!K30:K31)<>0,"X","-") -> -
E45: =IF(Intro!$G$24="English","Imports from countries subject to other measures","Importations en provenance de pays soumis à d'autres mesures") -> Imports from countries subject to other measures | F45: =IF(SUM('Measures•Mesures'!G30:G31)<>0,"X","-") -> - | G45: =IF(SUM('Measures•Mesures'!H30:H31)<>0,"X","-") -> - | H45: =IF(SUM('Measures•Mesures'!I30:I31)<>0,"X","-") -> - | I45: =IF(SUM('Measures•Mesures'!J30:J31)<>0,"X","-") -> - | J45: =IF(SUM('Measures•Mesures'!K30:K31)<>0,"X","-") -> -
E46: =IF(Intro!$G$24="English","Imports from "&Variables!B31,"Importations de "&Variables!C31) -> Imports from United States of America | F46: =IF(SUM('US•ÉU'!G30:G31)<>0,"X","-") -> - | G46: =IF(SUM('US•ÉU'!H30:H31)<>0,"X","-") -> - | H46: =IF(SUM('US•ÉU'!I30:I31)<>0,"X","-") -> - | I46: =IF(SUM('US•ÉU'!J30:J31)<>0,"X","-") -> - | J46: =IF(SUM('US•ÉU'!K30:K31)<>0,"X","-") -> -
B47: =IF(Intro!$G$24="English","Imports from "&Variables!B32,"Importations de "&Variables!C32) -> Imports from Other countries (including goods exported from Thailand from Thai Steel Profile Public Company Limited) | F47: =IF(SUM('Other•Autre'!G30:G31)<>0,"X","-") -> - | G47: =IF(SUM('Other•Autre'!H30:H31)<>0,"X","-") -> - | H47: =IF(SUM('Other•Autre'!I30:I31)<>0,"X","-") -> - | I47: =IF(SUM('Other•Autre'!J30:J31)<>0,"X","-") -> - | J47: =IF(SUM('Other•Autre'!K30:K31)<>0,"X","-") -> -
E48: ='Other•Autre'!B25 -> Other countries include: | F48: =IF('Other•Autre'!D25="","-",'Other•Autre'!D25) -> -
E51: =DZA!B34 -> Sales to distributors / service centres in Canada | F51: =IF(SUM(Begin:End!G34:G35)<>0,"X","-") -> - | G51: =IF(SUM(Begin:End!H34:H35)<>0,"X","-") -> - | H51: =IF(SUM(Begin:End!I34:I35)<>0,"X","-") -> - | I51: =IF(SUM(Begin:End!J34:J35)<>0,"X","-") -> - | J51: =IF(SUM(Begin:End!K34:K35)<>0,"X","-") -> -
E52: =DZA!B37 -> Sales to end users / fabricators in Canada | F52: =IF(SUM(Begin:End!G37:G38)<>0,"X","-") -> - | G52: =IF(SUM(Begin:End!H37:H38)<>0,"X","-") -> - | H52: =IF(SUM(Begin:End!I37:I38)<>0,"X","-") -> - | I52: =IF(SUM(Begin:End!J37:J38)<>0,"X","-") -> - | J52: =IF(SUM(Begin:End!K37:K38)<>0,"X","-") -> -
E53: ='Invent•Stock'!B35 -> Export sales | F53: =IF(SUM('Invent•Stock'!G35:G36)<>0,"X","-") -> - | G53: =IF(SUM('Invent•Stock'!H35:H36)<>0,"X","-") -> - | H53: =IF(SUM('Invent•Stock'!I35:I36)<>0,"X","-") -> - | I53: =IF(SUM('Invent•Stock'!J35:J36)<>0,"X","-") -> - | J53: =IF(SUM('Invent•Stock'!K35:K36)<>0,"X","-") -> -

Sheet DBFirm
A4: Company: | B4: Respondent Type: | C4: Activity: | D4: Country: | E4: Subject/Non: | F4: Other Country: | G4: Trade Level: | H4: Sales To: | I4: 2023 | J4: 2024 | K4: 2025 | L4: I 2025 | M4: I 2026
A5: =Intro!E75 -> 0 | B5: Importer | Importateurs | C5: Imports from | Importations de | D5: Algeria | Algérie | E5: Subject | G5: =IF(Public!K17="X","Retailer | Détaillant",IF(Public!K18="X","Distributor/Service centre | Distributeur/Centre de service",IF(OR(Public!K19="X",Public!K21="X"),"End user/Fabricator | Utilisateur final/Transformateur","-"))) -> - | H5: - | I5: =Confirm!F36 -> - | J5: =Confirm!G36 -> - | K5: =Confirm!H36 -> - | L5: =Confirm!I36 -> - | M5: =Confirm!J36 -> -
A6: =A5 -> 0 | B6: Importer | Importateurs | C6: Imports from | Importations de | D6: Egypt | Égypte | E6: Subject | G6: =G5 -> - | H6: - | I6: =Confirm!F37 -> - | J6: =Confirm!G37 -> - | K6: =Confirm!H37 -> - | L6: =Confirm!I37 -> - | M6: =Confirm!J37 -> -
A7: =A6 -> 0 | B7: Importer | Importateurs | C7: Imports from | Importations de | D7: Indonesia | Indonésie | E7: Subject | G7: =G6 -> - | H7: - | I7: =Confirm!F38 -> - | J7: =Confirm!G38 -> - | K7: =Confirm!H38 -> - | L7: =Confirm!I38 -> - | M7: =Confirm!J38 -> -
A8: =A7 -> 0 | B8: Importer | Importateurs | C8: Imports from | Importations de | D8: Italy | Italie | E8: Subject | G8: =G7 -> - | H8: - | I8: =Confirm!F39 -> - | J8: =Confirm!G39 -> - | K8: =Confirm!H39 -> - | L8: =Confirm!I39 -> - | M8: =Confirm!J39 -> -
A9: =A8 -> 0 | B9: Importer | Importateurs | C9: Imports from | Importations de | D9: Malaysia | Malaisie | E9: Subject | G9: =G8 -> - | H9: - | I9: =Confirm!F40 -> - | J9: =Confirm!G40 -> - | K9: =Confirm!H40 -> - | L9: =Confirm!I40 -> - | M9: =Confirm!J40 -> -
A10: =A9 -> 0 | B10: Importer | Importateurs | C10: Imports from | Importations de | D10: Singapore | Singapour | E10: Subject | G10: =G9 -> - | H10: - | I10: =Confirm!F41 -> - | J10: =Confirm!G41 -> - | K10: =Confirm!H41 -> - | L10: =Confirm!I41 -> - | M10: =Confirm!J41 -> -
A11: =A10 -> 0 | B11: Importer | Importateurs | C11: Imports from | Importations de | D11: Vietnam | E11: Subject | G11: =G10 -> - | H11: - | I11: =Confirm!F42 -> - | J11: =Confirm!G42 -> - | K11: =Confirm!H42 -> - | L11: =Confirm!I42 -> - | M11: =Confirm!J42 -> -
A12: =A11 -> 0 | B12: Importer | Importateurs | C12: Imports from | Importations de | D12: Oman | E12: Subject | G12: =G11 -> - | H12: - | I12: =Confirm!F43 -> - | J12: =Confirm!G43 -> - | K12: =Confirm!H43 -> - | L12: =Confirm!I43 -> - | M12: =Confirm!J43 -> -
A13: =A12 -> 0 | B13: Importer | Importateurs | C13: Imports from | Importations de | D13: Russian Federation | Fédération de Russie | E13: Subject | G13: =G12 -> - | H13: - | I13: =Confirm!F44 -> - | J13: =Confirm!G44 -> - | K13: =Confirm!H44 -> - | L13: =Confirm!I44 -> - | M13: =Confirm!J44 -> -
A14: =A13 -> 0 | B14: Importer | Importateurs | C14: Imports from | Importations de | D14: Other countries with measures in force | Autres pays ayant des mesures en vigueur | E14: Non-subject | G14: =G13 -> - | H14: - | I14: =Confirm!F45 -> - | J14: =Confirm!G45 -> - | K14: =Confirm!H45 -> - | L14: =Confirm!I45 -> - | M14: =Confirm!J45 -> -
A15: =A14 -> 0 | B15: Importer | Importateurs | C15: Imports from | Importations de | D15: United States | États-Unis | E15: Non-subject | G15: =G14 -> - | H15: - | I15: =Confirm!F46 -> - | J15: =Confirm!G46 -> - | K15: =Confirm!H46 -> - | L15: =Confirm!I46 -> - | M15: =Confirm!J46 -> -
A16: =A15 -> 0 | B16: Importer | Importateurs | C16: Imports from | Importations de | D16: Other Countries | Autres pays | E16: Non-subject | F16: =IF(Confirm!F48="-","",Confirm!F48) | G16: =G15 -> - | H16: - | I16: =Confirm!F47 -> - | J16: =Confirm!G47 -> - | K16: =Confirm!H47 -> - | L16: =Confirm!I47 -> - | M16: =Confirm!J47 -> -
A17: =A16 -> 0 | B17: Importer | Importateurs | C17: Sales to | Ventes à | D17: From Imports | E17: - | G17: =G16 -> - | H17: Distributors/Service centres | Distributeurs/Centres de services | I17: =Confirm!F51 -> - | J17: =Confirm!G51 -> - | K17: =Confirm!H51 -> - | L17: =Confirm!I51 -> - | M17: =Confirm!J51 -> -
A18: =A17 -> 0 | B18: Importer | Importateurs | C18: Sales to | Ventes à | D18: From Imports | E18: - | G18: =G17 -> - | H18: End users/Fabricators | Utilisateurs finals/Transformateurs | I18: =Confirm!F52 -> - | J18: =Confirm!G52 -> - | K18: =Confirm!H52 -> - | L18: =Confirm!I52 -> - | M18: =Confirm!J52 -> -
A19: =A18 -> 0 | B19: Importer | Importateurs | C19: Export Sales | Ventes à l'exportation | D19: From Imports | E19: - | G19: =G18 -> - | H19: - | I19: =Confirm!F53 -> - | J19: =Confirm!G53 -> - | K19: =Confirm!H53 -> - | L19: =Confirm!I53 -> - | M19: =Confirm!J53 -> -

Sheet DB
A4: Respondent | B4: Resp. Type | C4: Trade Level | D4: de minimis | E4: Subject & NS # | F4: Source | G4: Other Countries | H4: Inquiry Type | I4: Transaction | J4: Sales to: | K4: VOL - 2023 | L4: VOL - 2024 | M4: VOL - 2025 | N4: VOL - Q - 2025 | O4: VOL - Q 2026 | P4: VAL - 2023 | Q4: VAL - 2024 | R4: VAL - 2025 | S4: VAL - Q 2025 | T4: VAL - Q 2026 | U4: UV - 2023 | V4: UV - 2024 | W4: UV - 2025 | X4: UV - Q 2025 | Y4: UV - Q 2026 | Z4: DEL - 2023 | AA4: DEL - 2024 | AB4: DEL - 2025 | AC4: DEL - Q 2025 | AD4: DEL - Q 2026
A5: =Intro!E75 -> 0 | B5: 2 - Importer | C5: =IF(Public!K17="X","3 - Retailer",IF(Public!K18="X","1 - Distributor",IF(OR(Public!K19="X",Public!K21="X"),"2 - End user","-"))) -> - | D5: Significant | E5: 1 - Algeria | F5: Algeria | Algérie | H5: Dumping | I5: Imp | J5: - | K5: =DZA!G$30 -> 0 | L5: =DZA!H$30 -> 0 | M5: =DZA!I$30 -> 0 | N5: =DZA!J$30 -> 0 | O5: =DZA!K$30 -> 0 | P5: =DZA!G$31/1000 -> 0 | Q5: =DZA!H$31/1000 -> 0 | R5: =DZA!I$31/1000 -> 0 | S5: =DZA!J$31/1000 -> 0 | T5: =DZA!K$31/1000 -> 0 | U5: =(IF(ISERROR(P5/K5),0,P5/K5))*1000 -> 0 | V5: =(IF(ISERROR(Q5/L5),0,Q5/L5))*1000 -> 0 | W5: =(IF(ISERROR(R5/M5),0,R5/M5))*1000 -> 0 | X5: =(IF(ISERROR(S5/N5),0,S5/N5))*1000 -> 0 | Y5: =(IF(ISERROR(T5/O5),0,T5/O5))*1000 -> 0 | Z5: =P5*(DZA!D$51/100) -> 0 | AA5: =Q5*(DZA!E$51/100) -> 0 | AB5: =R5*(DZA!F$51/100) -> 0 | AC5: =S5*(DZA!G$51/100) -> 0 | AD5: =T5*(DZA!H$51/100) -> 0
A6: =A5 -> 0 | B6: 2 - Importer | C6: =C5 -> - | D6: Significant | E6: 1 - Algeria | F6: Algeria | Algérie | H6: Dumping | I6: Imp-Sls | J6: 1 - Distributor/Service centre | K6: =DZA!G$34 -> 0 | L6: =DZA!H$34 -> 0 | M6: =DZA!I$34 -> 0 | N6: =DZA!J$34 -> 0 | O6: =DZA!K$34 -> 0 | P6: =DZA!G$35/1000 -> 0 | Q6: =DZA!H$35/1000 -> 0 | R6: =DZA!I$35/1000 -> 0 | S6: =DZA!J$35/1000 -> 0 | T6: =DZA!K$35/1000 -> 0 | U6: =(IF(ISERROR(P6/K6),0,P6/K6))*1000 -> 0 | V6: =(IF(ISERROR(Q6/L6),0,Q6/L6))*1000 -> 0 | W6: =(IF(ISERROR(R6/M6),0,R6/M6))*1000 -> 0 | X6: =(IF(ISERROR(S6/N6),0,S6/N6))*1000 -> 0 | Y6: =(IF(ISERROR(T6/O6),0,T6/O6))*1000 -> 0 | Z6: =P6*(DZA!D$51/100) -> 0 | AA6: =Q6*(DZA!E$51/100) -> 0 | AB6: =R6*(DZA!F$51/100) -> 0 | AC6: =S6*(DZA!G$51/100) -> 0 | AD6: =T6*(DZA!H$51/100) -> 0
A7: =A6 -> 0 | B7: 2 - Importer | C7: =C6 -> - | D7: Significant | E7: 1 - Algeria | F7: Algeria | Algérie | H7: Dumping | I7: Imp-Sls | J7: 2 - End user/Fabricator | K7: =DZA!G$37 -> 0 | L7: =DZA!H$37 -> 0 | M7: =DZA!I$37 -> 0 | N7: =DZA!J$37 -> 0 | O7: =DZA!K$37 -> 0 | P7: =DZA!G$38/1000 -> 0 | Q7: =DZA!H$38/1000 -> 0 | R7: =DZA!I$38/1000 -> 0 | S7: =DZA!J$38/1000 -> 0 | T7: =DZA!K$38/1000 -> 0 | U7: =(IF(ISERROR(P7/K7),0,P7/K7))*1000 -> 0 | V7: =(IF(ISERROR(Q7/L7),0,Q7/L7))*1000 -> 0 | W7: =(IF(ISERROR(R7/M7),0,R7/M7))*1000 -> 0 | X7: =(IF(ISERROR(S7/N7),0,S7/N7))*1000 -> 0 | Y7: =(IF(ISERROR(T7/O7),0,T7/O7))*1000 -> 0 | Z7: =P7*(DZA!D$51/100) -> 0 | AA7: =Q7*(DZA!E$51/100) -> 0 | AB7: =R7*(DZA!F$51/100) -> 0 | AC7: =S7*(DZA!G$51/100) -> 0 | AD7: =T7*(DZA!H$51/100) -> 0
A8: =A7 -> 0 | B8: 2 - Importer | C8: =C7 -> - | D8: Significant | E8: 2 - Egypt | F8: Egypt | Égypte | H8: Dumping | I8: Imp | J8: - | K8: =EGY!G$30 -> 0 | L8: =EGY!H$30 -> 0 | M8: =EGY!I$30 -> 0 | N8: =EGY!J$30 -> 0 | O8: =EGY!K$30 -> 0 | P8: =EGY!G$31/1000 -> 0 | Q8: =EGY!H$31/1000 -> 0 | R8: =EGY!I$31/1000 -> 0 | S8: =EGY!J$31/1000 -> 0 | T8: =EGY!K$31/1000 -> 0 | U8: =(IF(ISERROR(P8/K8),0,P8/K8))*1000 -> 0 | V8: =(IF(ISERROR(Q8/L8),0,Q8/L8))*1000 -> 0 | W8: =(IF(ISERROR(R8/M8),0,R8/M8))*1000 -> 0 | X8: =(IF(ISERROR(S8/N8),0,S8/N8))*1000 -> 0 | Y8: =(IF(ISERROR(T8/O8),0,T8/O8))*1000 -> 0 | Z8: =P8*(EGY!D$51/100) -> 0 | AA8: =Q8*(EGY!E$51/100) -> 0 | AB8: =R8*(EGY!F$51/100) -> 0 | AC8: =S8*(EGY!G$51/100) -> 0 | AD8: =T8*(EGY!H$51/100) -> 0
A9: =A8 -> 0 | B9: 2 - Importer | C9: =C8 -> - | D9: Significant | E9: 2 - Egypt | F9: Egypt | Égypte | H9: Dumping | I9: Imp-Sls | J9: 1 - Distributor/Service centre | K9: =EGY!G$34 -> 0 | L9: =EGY!H$34 -> 0 | M9: =EGY!I$34 -> 0 | N9: =EGY!J$34 -> 0 | O9: =EGY!K$34 -> 0 | P9: =EGY!G$35/1000 -> 0 | Q9: =EGY!H$35/1000 -> 0 | R9: =EGY!I$35/1000 -> 0 | S9: =EGY!J$35/1000 -> 0 | T9: =EGY!K$35/1000 -> 0 | U9: =(IF(ISERROR(P9/K9),0,P9/K9))*1000 -> 0 | V9: =(IF(ISERROR(Q9/L9),0,Q9/L9))*1000 -> 0 | W9: =(IF(ISERROR(R9/M9),0,R9/M9))*1000 -> 0 | X9: =(IF(ISERROR(S9/N9),0,S9/N9))*1000 -> 0 | Y9: =(IF(ISERROR(T9/O9),0,T9/O9))*1000 -> 0 | Z9: =P9*(EGY!D$51/100) -> 0 | AA9: =Q9*(EGY!E$51/100) -> 0 | AB9: =R9*(EGY!F$51/100) -> 0 | AC9: =S9*(EGY!G$51/100) -> 0 | AD9: =T9*(EGY!H$51/100) -> 0
A10: =A9 -> 0 | B10: 2 - Importer | C10: =C9 -> - | D10: Significant | E10: 2 - Egypt | F10: Egypt | Égypte | H10: Dumping | I10: Imp-Sls | J10: 2 - End user/Fabricator | K10: =EGY!G$37 -> 0 | L10: =EGY!H$37 -> 0 | M10: =EGY!I$37 -> 0 | N10: =EGY!J$37 -> 0 | O10: =EGY!K$37 -> 0 | P10: =EGY!G$38/1000 -> 0 | Q10: =EGY!H$38/1000 -> 0 | R10: =EGY!I$38/1000 -> 0 | S10: =EGY!J$38/1000 -> 0 | T10: =EGY!K$38/1000 -> 0 | U10: =(IF(ISERROR(P10/K10),0,P10/K10))*1000 -> 0 | V10: =(IF(ISERROR(Q10/L10),0,Q10/L10))*1000 -> 0 | W10: =(IF(ISERROR(R10/M10),0,R10/M10))*1000 -> 0 | X10: =(IF(ISERROR(S10/N10),0,S10/N10))*1000 -> 0 | Y10: =(IF(ISERROR(T10/O10),0,T10/O10))*1000 -> 0 | Z10: =P10*(EGY!D$51/100) -> 0 | AA10: =Q10*(EGY!E$51/100) -> 0 | AB10: =R10*(EGY!F$51/100) -> 0 | AC10: =S10*(EGY!G$51/100) -> 0 | AD10: =T10*(EGY!H$51/100) -> 0
A11: =A10 -> 0 | B11: 2 - Importer | C11: =C10 -> - | D11: Significant | E11: 3 - Indonesia | F11: Indonesia | Indonésie | H11: Dumping | I11: Imp | J11: - | K11: =IDN!G$30 -> 0 | L11: =IDN!H$30 -> 0 | M11: =IDN!I$30 -> 0 | N11: =IDN!J$30 -> 0 | O11: =IDN!K$30 -> 0 | P11: =IDN!G$31/1000 -> 0 | Q11: =IDN!H$31/1000 -> 0 | R11: =IDN!I$31/1000 -> 0 | S11: =IDN!J$31/1000 -> 0 | T11: =IDN!K$31/1000 -> 0 | U11: =(IF(ISERROR(P11/K11),0,P11/K11))*1000 -> 0 | V11: =(IF(ISERROR(Q11/L11),0,Q11/L11))*1000 -> 0 | W11: =(IF(ISERROR(R11/M11),0,R11/M11))*1000 -> 0 | X11: =(IF(ISERROR(S11/N11),0,S11/N11))*1000 -> 0 | Y11: =(IF(ISERROR(T11/O11),0,T11/O11))*1000 -> 0 | Z11: =P11*(IDN!D$51/100) -> 0 | AA11: =Q11*(IDN!E$51/100) -> 0 | AB11: =R11*(IDN!F$51/100) -> 0 | AC11: =S11*(IDN!G$51/100) -> 0 | AD11: =T11*(IDN!H$51/100) -> 0
A12: =A11 -> 0 | B12: 2 - Importer | C12: =C11 -> - | D12: Significant | E12: 3 - Indonesia | F12: Indonesia | Indonésie | H12: Dumping | I12: Imp-Sls | J12: 1 - Distributor/Service centre | K12: =IDN!G$34 -> 0 | L12: =IDN!H$34 -> 0 | M12: =IDN!I$34 -> 0 | N12: =IDN!J$34 -> 0 | O12: =IDN!K$34 -> 0 | P12: =IDN!G$35/1000 -> 0 | Q12: =IDN!H$35/1000 -> 0 | R12: =IDN!I$35/1000 -> 0 | S12: =IDN!J$35/1000 -> 0 | T12: =IDN!K$35/1000 -> 0 | U12: =(IF(ISERROR(P12/K12),0,P12/K12))*1000 -> 0 | V12: =(IF(ISERROR(Q12/L12),0,Q12/L12))*1000 -> 0 | W12: =(IF(ISERROR(R12/M12),0,R12/M12))*1000 -> 0 | X12: =(IF(ISERROR(S12/N12),0,S12/N12))*1000 -> 0 | Y12: =(IF(ISERROR(T12/O12),0,T12/O12))*1000 -> 0 | Z12: =P12*(IDN!D$51/100) -> 0 | AA12: =Q12*(IDN!E$51/100) -> 0 | AB12: =R12*(IDN!F$51/100) -> 0 | AC12: =S12*(IDN!G$51/100) -> 0 | AD12: =T12*(IDN!H$51/100) -> 0
A13: =A12 -> 0 | B13: 2 - Importer | C13: =C12 -> - | D13: Significant | E13: 3 - Indonesia | F13: Indonesia | Indonésie | H13: Dumping | I13: Imp-Sls | J13: 2 - End user/Fabricator | K13: =IDN!G$37 -> 0 | L13: =IDN!H$37 -> 0 | M13: =IDN!I$37 -> 0 | N13: =IDN!J$37 -> 0 | O13: =IDN!K$37 -> 0 | P13: =IDN!G$38/1000 -> 0 | Q13: =IDN!H$38/1000 -> 0 | R13: =IDN!I$38/1000 -> 0 | S13: =IDN!J$38/1000 -> 0 | T13: =IDN!K$38/1000 -> 0 | U13: =(IF(ISERROR(P13/K13),0,P13/K13))*1000 -> 0 | V13: =(IF(ISERROR(Q13/L13),0,Q13/L13))*1000 -> 0 | W13: =(IF(ISERROR(R13/M13),0,R13/M13))*1000 -> 0 | X13: =(IF(ISERROR(S13/N13),0,S13/N13))*1000 -> 0 | Y13: =(IF(ISERROR(T13/O13),0,T13/O13))*1000 -> 0 | Z13: =P13*(IDN!D$51/100) -> 0 | AA13: =Q13*(IDN!E$51/100) -> 0 | AB13: =R13*(IDN!F$51/100) -> 0 | AC13: =S13*(IDN!G$51/100) -> 0 | AD13: =T13*(IDN!H$51/100) -> 0
A14: =A13 -> 0 | B14: 2 - Importer | C14: =C13 -> - | D14: Significant | E14: 4 - Italy | F14: Italy | Italie | H14: Dumping | I14: Imp | J14: - | K14: =ITA!G$30 -> 0 | L14: =ITA!H$30 -> 0 | M14: =ITA!I$30 -> 0 | N14: =ITA!J$30 -> 0 | O14: =ITA!K$30 -> 0 | P14: =ITA!G$31/1000 -> 0 | Q14: =ITA!H$31/1000 -> 0 | R14: =ITA!I$31/1000 -> 0 | S14: =ITA!J$31/1000 -> 0 | T14: =ITA!K$31/1000 -> 0 | U14: =(IF(ISERROR(P14/K14),0,P14/K14))*1000 -> 0 | V14: =(IF(ISERROR(Q14/L14),0,Q14/L14))*1000 -> 0 | W14: =(IF(ISERROR(R14/M14),0,R14/M14))*1000 -> 0 | X14: =(IF(ISERROR(S14/N14),0,S14/N14))*1000 -> 0 | Y14: =(IF(ISERROR(T14/O14),0,T14/O14))*1000 -> 0 | Z14: =P14*(ITA!D$51/100) -> 0 | AA14: =Q14*(ITA!E$51/100) -> 0 | AB14: =R14*(ITA!F$51/100) -> 0 | AC14: =S14*(ITA!G$51/100) -> 0 | AD14: =T14*(ITA!H$51/100) -> 0
A15: =A14 -> 0 | B15: 2 - Importer | C15: =C14 -> - | D15: Significant | E15: 4 - Italy | F15: Italy | Italie | H15: Dumping | I15: Imp-Sls | J15: 1 - Distributor/Service centre | K15: =ITA!G$34 -> 0 | L15: =ITA!H$34 -> 0 | M15: =ITA!I$34 -> 0 | N15: =ITA!J$34 -> 0 | O15: =ITA!K$34 -> 0 | P15: =ITA!G$35/1000 -> 0 | Q15: =ITA!H$35/1000 -> 0 | R15: =ITA!I$35/1000 -> 0 | S15: =ITA!J$35/1000 -> 0 | T15: =ITA!K$35/1000 -> 0 | U15: =(IF(ISERROR(P15/K15),0,P15/K15))*1000 -> 0 | V15: =(IF(ISERROR(Q15/L15),0,Q15/L15))*1000 -> 0 | W15: =(IF(ISERROR(R15/M15),0,R15/M15))*1000 -> 0 | X15: =(IF(ISERROR(S15/N15),0,S15/N15))*1000 -> 0 | Y15: =(IF(ISERROR(T15/O15),0,T15/O15))*1000 -> 0 | Z15: =P15*(ITA!D$51/100) -> 0 | AA15: =Q15*(ITA!E$51/100) -> 0 | AB15: =R15*(ITA!F$51/100) -> 0 | AC15: =S15*(ITA!G$51/100) -> 0 | AD15: =T15*(ITA!H$51/100) -> 0
A16: =A15 -> 0 | B16: 2 - Importer | C16: =C15 -> - | D16: Significant | E16: 4 - Italy | F16: Italy | Italie | H16: Dumping | I16: Imp-Sls | J16: 2 - End user/Fabricator | K16: =ITA!G$37 -> 0 | L16: =ITA!H$37 -> 0 | M16: =ITA!I$37 -> 0 | N16: =ITA!J$37 -> 0 | O16: =ITA!K$37 -> 0 | P16: =ITA!G$38/1000 -> 0 | Q16: =ITA!H$38/1000 -> 0 | R16: =ITA!I$38/1000 -> 0 | S16: =ITA!J$38/1000 -> 0 | T16: =ITA!K$38/1000 -> 0 | U16: =(IF(ISERROR(P16/K16),0,P16/K16))*1000 -> 0 | V16: =(IF(ISERROR(Q16/L16),0,Q16/L16))*1000 -> 0 | W16: =(IF(ISERROR(R16/M16),0,R16/M16))*1000 -> 0 | X16: =(IF(ISERROR(S16/N16),0,S16/N16))*1000 -> 0 | Y16: =(IF(ISERROR(T16/O16),0,T16/O16))*1000 -> 0 | Z16: =P16*(ITA!D$51/100) -> 0 | AA16: =Q16*(ITA!E$51/100) -> 0 | AB16: =R16*(ITA!F$51/100) -> 0 | AC16: =S16*(ITA!G$51/100) -> 0 | AD16: =T16*(ITA!H$51/100) -> 0
A17: =A16 -> 0 | B17: 2 - Importer | C17: =C16 -> - | D17: Significant | E17: 5 - Malaysia | F17: Malaysia | Malaisie | H17: Dumping | I17: Imp | J17: - | K17: =MYS!G$30 -> 0 | L17: =MYS!H$30 -> 0 | M17: =MYS!I$30 -> 0 | N17: =MYS!J$30 -> 0 | O17: =MYS!K$30 -> 0 | P17: =MYS!G$31/1000 -> 0 | Q17: =MYS!H$31/1000 -> 0 | R17: =MYS!I$31/1000 -> 0 | S17: =MYS!J$31/1000 -> 0 | T17: =MYS!K$31/1000 -> 0 | U17: =(IF(ISERROR(P17/K17),0,P17/K17))*1000 -> 0 | V17: =(IF(ISERROR(Q17/L17),0,Q17/L17))*1000 -> 0 | W17: =(IF(ISERROR(R17/M17),0,R17/M17))*1000 -> 0 | X17: =(IF(ISERROR(S17/N17),0,S17/N17))*1000 -> 0 | Y17: =(IF(ISERROR(T17/O17),0,T17/O17))*1000 -> 0 | Z17: =P17*(MYS!D$51/100) -> 0 | AA17: =Q17*(MYS!E$51/100) -> 0 | AB17: =R17*(MYS!F$51/100) -> 0 | AC17: =S17*(MYS!G$51/100) -> 0 | AD17: =T17*(MYS!H$51/100) -> 0
A18: =A17 -> 0 | B18: 2 - Importer | C18: =C17 -> - | D18: Significant | E18: 5 - Malaysia | F18: Malaysia | Malaisie | H18: Dumping | I18: Imp-Sls | J18: 1 - Distributor/Service centre | K18: =MYS!G$34 -> 0 | L18: =MYS!H$34 -> 0 | M18: =MYS!I$34 -> 0 | N18: =MYS!J$34 -> 0 | O18: =MYS!K$34 -> 0 | P18: =MYS!G$35/1000 -> 0 | Q18: =MYS!H$35/1000 -> 0 | R18: =MYS!I$35/1000 -> 0 | S18: =MYS!J$35/1000 -> 0 | T18: =MYS!K$35/1000 -> 0 | U18: =(IF(ISERROR(P18/K18),0,P18/K18))*1000 -> 0 | V18: =(IF(ISERROR(Q18/L18),0,Q18/L18))*1000 -> 0 | W18: =(IF(ISERROR(R18/M18),0,R18/M18))*1000 -> 0 | X18: =(IF(ISERROR(S18/N18),0,S18/N18))*1000 -> 0 | Y18: =(IF(ISERROR(T18/O18),0,T18/O18))*1000 -> 0 | Z18: =P18*(MYS!D$51/100) -> 0 | AA18: =Q18*(MYS!E$51/100) -> 0 | AB18: =R18*(MYS!F$51/100) -> 0 | AC18: =S18*(MYS!G$51/100) -> 0 | AD18: =T18*(MYS!H$51/100) -> 0
A19: =A18 -> 0 | B19: 2 - Importer | C19: =C18 -> - | D19: Significant | E19: 5 - Malaysia | F19: Malaysia | Malaisie | H19: Dumping | I19: Imp-Sls | J19: 2 - End user/Fabricator | K19: =MYS!G$37 -> 0 | L19: =MYS!H$37 -> 0 | M19: =MYS!I$37 -> 0 | N19: =MYS!J$37 -> 0 | O19: =MYS!K$37 -> 0 | P19: =MYS!G$38/1000 -> 0 | Q19: =MYS!H$38/1000 -> 0 | R19: =MYS!I$38/1000 -> 0 | S19: =MYS!J$38/1000 -> 0 | T19: =MYS!K$38/1000 -> 0 | U19: =(IF(ISERROR(P19/K19),0,P19/K19))*1000 -> 0 | V19: =(IF(ISERROR(Q19/L19),0,Q19/L19))*1000 -> 0 | W19: =(IF(ISERROR(R19/M19),0,R19/M19))*1000 -> 0 | X19: =(IF(ISERROR(S19/N19),0,S19/N19))*1000 -> 0 | Y19: =(IF(ISERROR(T19/O19),0,T19/O19))*1000 -> 0 | Z19: =P19*(MYS!D$51/100) -> 0 | AA19: =Q19*(MYS!E$51/100) -> 0 | AB19: =R19*(MYS!F$51/100) -> 0 | AC19: =S19*(MYS!G$51/100) -> 0 | AD19: =T19*(MYS!H$51/100) -> 0
A20: =A19 -> 0 | B20: 2 - Importer | C20: =C19 -> - | D20: Significant | E20: 6 - Signapore | F20: Singapore | Singapour | H20: Dumping | I20: Imp | J20: - | K20: =SGP!G$30 -> 0 | L20: =SGP!H$30 -> 0 | M20: =SGP!I$30 -> 0 | N20: =SGP!J$30 -> 0 | O20: =SGP!K$30 -> 0 | P20: =SGP!G$31/1000 -> 0 | Q20: =SGP!H$31/1000 -> 0 | R20: =SGP!I$31/1000 -> 0 | S20: =SGP!J$31/1000 -> 0 | T20: =SGP!K$31/1000 -> 0 | U20: =(IF(ISERROR(P20/K20),0,P20/K20))*1000 -> 0 | V20: =(IF(ISERROR(Q20/L20),0,Q20/L20))*1000 -> 0 | W20: =(IF(ISERROR(R20/M20),0,R20/M20))*1000 -> 0 | X20: =(IF(ISERROR(S20/N20),0,S20/N20))*1000 -> 0 | Y20: =(IF(ISERROR(T20/O20),0,T20/O20))*1000 -> 0 | Z20: =P20*(SGP!D$51/100) -> 0 | AA20: =Q20*(SGP!E$51/100) -> 0 | AB20: =R20*(SGP!F$51/100) -> 0 | AC20: =S20*(SGP!G$51/100) -> 0 | AD20: =T20*(SGP!H$51/100) -> 0
A21: =A20 -> 0 | B21: 2 - Importer | C21: =C20 -> - | D21: Significant | E21: 6 - Signapore | F21: Singapore | Singapour | H21: Dumping | I21: Imp-Sls | J21: 1 - Distributor/Service centre | K21: =SGP!G$34 -> 0 | L21: =SGP!H$34 -> 0 | M21: =SGP!I$34 -> 0 | N21: =SGP!J$34 -> 0 | O21: =SGP!K$34 -> 0 | P21: =SGP!G$35/1000 -> 0 | Q21: =SGP!H$35/1000 -> 0 | R21: =SGP!I$35/1000 -> 0 | S21: =SGP!J$35/1000 -> 0 | T21: =SGP!K$35/1000 -> 0 | U21: =(IF(ISERROR(P21/K21),0,P21/K21))*1000 -> 0 | V21: =(IF(ISERROR(Q21/L21),0,Q21/L21))*1000 -> 0 | W21: =(IF(ISERROR(R21/M21),0,R21/M21))*1000 -> 0 | X21: =(IF(ISERROR(S21/N21),0,S21/N21))*1000 -> 0 | Y21: =(IF(ISERROR(T21/O21),0,T21/O21))*1000 -> 0 | Z21: =P21*(SGP!D$51/100) -> 0 | AA21: =Q21*(SGP!E$51/100) -> 0 | AB21: =R21*(SGP!F$51/100) -> 0 | AC21: =S21*(SGP!G$51/100) -> 0 | AD21: =T21*(SGP!H$51/100) -> 0
A22: =A21 -> 0 | B22: 2 - Importer | C22: =C21 -> - | D22: Significant | E22: 6 - Signapore | F22: Singapore | Singapour | H22: Dumping | I22: Imp-Sls | J22: 2 - End user/Fabricator | K22: =SGP!G$37 -> 0 | L22: =SGP!H$37 -> 0 | M22: =SGP!I$37 -> 0 | N22: =SGP!J$37 -> 0 | O22: =SGP!K$37 -> 0 | P22: =SGP!G$38/1000 -> 0 | Q22: =SGP!H$38/1000 -> 0 | R22: =SGP!I$38/1000 -> 0 | S22: =SGP!J$38/1000 -> 0 | T22: =SGP!K$38/1000 -> 0 | U22: =(IF(ISERROR(P22/K22),0,P22/K22))*1000 -> 0 | V22: =(IF(ISERROR(Q22/L22),0,Q22/L22))*1000 -> 0 | W22: =(IF(ISERROR(R22/M22),0,R22/M22))*1000 -> 0 | X22: =(IF(ISERROR(S22/N22),0,S22/N22))*1000 -> 0 | Y22: =(IF(ISERROR(T22/O22),0,T22/O22))*1000 -> 0 | Z22: =P22*(SGP!D$51/100) -> 0 | AA22: =Q22*(SGP!E$51/100) -> 0 | AB22: =R22*(SGP!F$51/100) -> 0 | AC22: =S22*(SGP!G$51/100) -> 0 | AD22: =T22*(SGP!H$51/100) -> 0
A23: =A22 -> 0 | B23: 2 - Importer | C23: =C22 -> - | D23: Significant | E23: 7 - Vietnam | F23: Vietnam | H23: Dumping | I23: Imp | J23: - | K23: =VNM!G$30 -> 0 | L23: =VNM!H$30 -> 0 | M23: =VNM!I$30 -> 0 | N23: =VNM!J$30 -> 0 | O23: =VNM!K$30 -> 0 | P23: =VNM!G$31/1000 -> 0 | Q23: =VNM!H$31/1000 -> 0 | R23: =VNM!I$31/1000 -> 0 | S23: =VNM!J$31/1000 -> 0 | T23: =VNM!K$31/1000 -> 0 | U23: =(IF(ISERROR(P23/K23),0,P23/K23))*1000 -> 0 | V23: =(IF(ISERROR(Q23/L23),0,Q23/L23))*1000 -> 0 | W23: =(IF(ISERROR(R23/M23),0,R23/M23))*1000 -> 0 | X23: =(IF(ISERROR(S23/N23),0,S23/N23))*1000 -> 0 | Y23: =(IF(ISERROR(T23/O23),0,T23/O23))*1000 -> 0 | Z23: =P23*(VNM!D$51/100) -> 0 | AA23: =Q23*(VNM!E$51/100) -> 0 | AB23: =R23*(VNM!F$51/100) -> 0 | AC23: =S23*(VNM!G$51/100) -> 0 | AD23: =T23*(VNM!H$51/100) -> 0
A24: =A23 -> 0 | B24: 2 - Importer | C24: =C23 -> - | D24: Significant | E24: 7 - Vietnam | F24: Vietnam | H24: Dumping | I24: Imp-Sls | J24: 1 - Distributor/Service centre | K24: =VNM!G$34 -> 0 | L24: =VNM!H$34 -> 0 | M24: =VNM!I$34 -> 0 | N24: =VNM!J$34 -> 0 | O24: =VNM!K$34 -> 0 | P24: =VNM!G$35/1000 -> 0 | Q24: =VNM!H$35/1000 -> 0 | R24: =VNM!I$35/1000 -> 0 | S24: =VNM!J$35/1000 -> 0 | T24: =VNM!K$35/1000 -> 0 | U24: =(IF(ISERROR(P24/K24),0,P24/K24))*1000 -> 0 | V24: =(IF(ISERROR(Q24/L24),0,Q24/L24))*1000 -> 0 | W24: =(IF(ISERROR(R24/M24),0,R24/M24))*1000 -> 0 | X24: =(IF(ISERROR(S24/N24),0,S24/N24))*1000 -> 0 | Y24: =(IF(ISERROR(T24/O24),0,T24/O24))*1000 -> 0 | Z24: =P24*(VNM!D$51/100) -> 0 | AA24: =Q24*(VNM!E$51/100) -> 0 | AB24: =R24*(VNM!F$51/100) -> 0 | AC24: =S24*(VNM!G$51/100) -> 0 | AD24: =T24*(VNM!H$51/100) -> 0
A25: =A24 -> 0 | B25: 2 - Importer | C25: =C24 -> - | D25: Significant | E25: 7 - Vietnam | F25: Vietnam | H25: Dumping | I25: Imp-Sls | J25: 2 - End user/Fabricator | K25: =VNM!G$37 -> 0 | L25: =VNM!H$37 -> 0 | M25: =VNM!I$37 -> 0 | N25: =VNM!J$37 -> 0 | O25: =VNM!K$37 -> 0 | P25: =VNM!G$38/1000 -> 0 | Q25: =VNM!H$38/1000 -> 0 | R25: =VNM!I$38/1000 -> 0 | S25: =VNM!J$38/1000 -> 0 | T25: =VNM!K$38/1000 -> 0 | U25: =(IF(ISERROR(P25/K25),0,P25/K25))*1000 -> 0 | V25: =(IF(ISERROR(Q25/L25),0,Q25/L25))*1000 -> 0 | W25: =(IF(ISERROR(R25/M25),0,R25/M25))*1000 -> 0 | X25: =(IF(ISERROR(S25/N25),0,S25/N25))*1000 -> 0 | Y25: =(IF(ISERROR(T25/O25),0,T25/O25))*1000 -> 0 | Z25: =P25*(VNM!D$51/100) -> 0 | AA25: =Q25*(VNM!E$51/100) -> 0 | AB25: =R25*(VNM!F$51/100) -> 0 | AC25: =S25*(VNM!G$51/100) -> 0 | AD25: =T25*(VNM!H$51/100) -> 0
A26: =A25 -> 0 | B26: 2 - Importer | C26: =C25 -> - | D26: Significant | E26: 8 - Oman | F26: Oman | H26: Dumping | I26: Imp | J26: - | K26: =OMN!G$30 -> 0 | L26: =OMN!H$30 -> 0 | M26: =OMN!I$30 -> 0 | N26: =OMN!J$30 -> 0 | O26: =OMN!K$30 -> 0 | P26: =OMN!G$31/1000 -> 0 | Q26: =OMN!H$31/1000 -> 0 | R26: =OMN!I$31/1000 -> 0 | S26: =OMN!J$31/1000 -> 0 | T26: =OMN!K$31/1000 -> 0 | U26: =(IF(ISERROR(P26/K26),0,P26/K26))*1000 -> 0 | V26: =(IF(ISERROR(Q26/L26),0,Q26/L26))*1000 -> 0 | W26: =(IF(ISERROR(R26/M26),0,R26/M26))*1000 -> 0 | X26: =(IF(ISERROR(S26/N26),0,S26/N26))*1000 -> 0 | Y26: =(IF(ISERROR(T26/O26),0,T26/O26))*1000 -> 0 | Z26: =P26*(OMN!D$51/100) -> 0 | AA26: =Q26*(OMN!E$51/100) -> 0 | AB26: =R26*(OMN!F$51/100) -> 0 | AC26: =S26*(OMN!G$51/100) -> 0 | AD26: =T26*(OMN!H$51/100) -> 0
A27: =A26 -> 0 | B27: 2 - Importer | C27: =C26 -> - | D27: Significant | E27: 8 - Oman | F27: Oman | H27: Dumping | I27: Imp-Sls | J27: 1 - Distributor/Service centre | K27: =OMN!G$34 -> 0 | L27: =OMN!H$34 -> 0 | M27: =OMN!I$34 -> 0 | N27: =OMN!J$34 -> 0 | O27: =OMN!K$34 -> 0 | P27: =OMN!G$35/1000 -> 0 | Q27: =OMN!H$35/1000 -> 0 | R27: =OMN!I$35/1000 -> 0 | S27: =OMN!J$35/1000 -> 0 | T27: =OMN!K$35/1000 -> 0 | U27: =(IF(ISERROR(P27/K27),0,P27/K27))*1000 -> 0 | V27: =(IF(ISERROR(Q27/L27),0,Q27/L27))*1000 -> 0 | W27: =(IF(ISERROR(R27/M27),0,R27/M27))*1000 -> 0 | X27: =(IF(ISERROR(S27/N27),0,S27/N27))*1000 -> 0 | Y27: =(IF(ISERROR(T27/O27),0,T27/O27))*1000 -> 0 | Z27: =P27*(OMN!D$51/100) -> 0 | AA27: =Q27*(OMN!E$51/100) -> 0 | AB27: =R27*(OMN!F$51/100) -> 0 | AC27: =S27*(OMN!G$51/100) -> 0 | AD27: =T27*(OMN!H$51/100) -> 0
A28: =A27 -> 0 | B28: 2 - Importer | C28: =C27 -> - | D28: Significant | E28: 8 - Oman | F28: Oman | H28: Dumping | I28: Imp-Sls | J28: 2 - End user/Fabricator | K28: =OMN!G$37 -> 0 | L28: =OMN!H$37 -> 0 | M28: =OMN!I$37 -> 0 | N28: =OMN!J$37 -> 0 | O28: =OMN!K$37 -> 0 | P28: =OMN!G$38/1000 -> 0 | Q28: =OMN!H$38/1000 -> 0 | R28: =OMN!I$38/1000 -> 0 | S28: =OMN!J$38/1000 -> 0 | T28: =OMN!K$38/1000 -> 0 | U28: =(IF(ISERROR(P28/K28),0,P28/K28))*1000 -> 0 | V28: =(IF(ISERROR(Q28/L28),0,Q28/L28))*1000 -> 0 | W28: =(IF(ISERROR(R28/M28),0,R28/M28))*1000 -> 0 | X28: =(IF(ISERROR(S28/N28),0,S28/N28))*1000 -> 0 | Y28: =(IF(ISERROR(T28/O28),0,T28/O28))*1000 -> 0 | Z28: =P28*(OMN!D$51/100) -> 0 | AA28: =Q28*(OMN!E$51/100) -> 0 | AB28: =R28*(OMN!F$51/100) -> 0 | AC28: =S28*(OMN!G$51/100) -> 0 | AD28: =T28*(OMN!H$51/100) -> 0
A29: =A28 -> 0 | B29: 2 - Importer | C29: =C28 -> - | D29: Significant | E29: 9 - Russia | F29: Russian Federation | Fédération de Russie | H29: Dumping | I29: Imp | J29: - | K29: =RUS!G$30 -> 0 | L29: =RUS!H$30 -> 0 | M29: =RUS!I$30 -> 0 | N29: =RUS!J$30 -> 0 | O29: =RUS!K$30 -> 0 | P29: =RUS!G$31/1000 -> 0 | Q29: =RUS!H$31/1000 -> 0 | R29: =RUS!I$31/1000 -> 0 | S29: =RUS!J$31/1000 -> 0 | T29: =RUS!K$31/1000 -> 0 | U29: =(IF(ISERROR(P29/K29),0,P29/K29))*1000 -> 0 | V29: =(IF(ISERROR(Q29/L29),0,Q29/L29))*1000 -> 0 | W29: =(IF(ISERROR(R29/M29),0,R29/M29))*1000 -> 0 | X29: =(IF(ISERROR(S29/N29),0,S29/N29))*1000 -> 0 | Y29: =(IF(ISERROR(T29/O29),0,T29/O29))*1000 -> 0 | Z29: =P29*(RUS!D$51/100) -> 0 | AA29: =Q29*(RUS!E$51/100) -> 0 | AB29: =R29*(RUS!F$51/100) -> 0 | AC29: =S29*(RUS!G$51/100) -> 0 | AD29: =T29*(RUS!H$51/100) -> 0
A30: =A29 -> 0 | B30: 2 - Importer | C30: =C29 -> - | D30: Significant | E30: 9 - Russia | F30: Russian Federation | Fédération de Russie | H30: Dumping | I30: Imp-Sls | J30: 1 - Distributor/Service centre | K30: =RUS!G$34 -> 0 | L30: =RUS!H$34 -> 0 | M30: =RUS!I$34 -> 0 | N30: =RUS!J$34 -> 0 | O30: =RUS!K$34 -> 0 | P30: =RUS!G$35/1000 -> 0 | Q30: =RUS!H$35/1000 -> 0 | R30: =RUS!I$35/1000 -> 0 | S30: =RUS!J$35/1000 -> 0 | T30: =RUS!K$35/1000 -> 0 | U30: =(IF(ISERROR(P30/K30),0,P30/K30))*1000 -> 0 | V30: =(IF(ISERROR(Q30/L30),0,Q30/L30))*1000 -> 0 | W30: =(IF(ISERROR(R30/M30),0,R30/M30))*1000 -> 0 | X30: =(IF(ISERROR(S30/N30),0,S30/N30))*1000 -> 0 | Y30: =(IF(ISERROR(T30/O30),0,T30/O30))*1000 -> 0 | Z30: =P30*(RUS!D$51/100) -> 0 | AA30: =Q30*(RUS!E$51/100) -> 0 | AB30: =R30*(RUS!F$51/100) -> 0 | AC30: =S30*(RUS!G$51/100) -> 0 | AD30: =T30*(RUS!H$51/100) -> 0
A31: =A30 -> 0 | B31: 2 - Importer | C31: =C30 -> - | D31: Significant | E31: 9 - Russia | F31: Russian Federation | Fédération de Russie | H31: Dumping | I31: Imp-Sls | J31: 2 - End user/Fabricator | K31: =RUS!G$37 -> 0 | L31: =RUS!H$37 -> 0 | M31: =RUS!I$37 -> 0 | N31: =RUS!J$37 -> 0 | O31: =RUS!K$37 -> 0 | P31: =RUS!G$38/1000 -> 0 | Q31: =RUS!H$38/1000 -> 0 | R31: =RUS!I$38/1000 -> 0 | S31: =RUS!J$38/1000 -> 0 | T31: =RUS!K$38/1000 -> 0 | U31: =(IF(ISERROR(P31/K31),0,P31/K31))*1000 -> 0 | V31: =(IF(ISERROR(Q31/L31),0,Q31/L31))*1000 -> 0 | W31: =(IF(ISERROR(R31/M31),0,R31/M31))*1000 -> 0 | X31: =(IF(ISERROR(S31/N31),0,S31/N31))*1000 -> 0 | Y31: =(IF(ISERROR(T31/O31),0,T31/O31))*1000 -> 0 | Z31: =P31*(RUS!D$51/100) -> 0 | AA31: =Q31*(RUS!E$51/100) -> 0 | AB31: =R31*(RUS!F$51/100) -> 0 | AC31: =S31*(RUS!G$51/100) -> 0 | AD31: =T31*(RUS!H$51/100) -> 0
A32: =A31 -> 0 | B32: 2 - Importer | C32: =C31 -> - | D32: Insignificant | E32: 10 - Measures | F32: Other countries with measures in force | Autres pays ayant des mesures en vigueur | H32: Non-Subject | I32: Imp | J32: - | K32: ='Measures•Mesures'!G$30 -> 0 | L32: ='Measures•Mesures'!H$30 -> 0 | M32: ='Measures•Mesures'!I$30 -> 0 | N32: ='Measures•Mesures'!J$30 -> 0 | O32: ='Measures•Mesures'!K$30 -> 0 | P32: ='Measures•Mesures'!G$31/1000 -> 0 | Q32: ='Measures•Mesures'!H$31/1000 -> 0 | R32: ='Measures•Mesures'!I$31/1000 -> 0 | S32: ='Measures•Mesures'!J$31/1000 -> 0 | T32: ='Measures•Mesures'!K$31/1000 -> 0 | U32: =(IF(ISERROR(P32/K32),0,P32/K32))*1000 -> 0 | V32: =(IF(ISERROR(Q32/L32),0,Q32/L32))*1000 -> 0 | W32: =(IF(ISERROR(R32/M32),0,R32/M32))*1000 -> 0 | X32: =(IF(ISERROR(S32/N32),0,S32/N32))*1000 -> 0 | Y32: =(IF(ISERROR(T32/O32),0,T32/O32))*1000 -> 0 | Z32: =P32*('Measures•Mesures'!D$51/100) -> 0 | AA32: =Q32*('Measures•Mesures'!E$51/100) -> 0 | AB32: =R32*('Measures•Mesures'!F$51/100) -> 0 | AC32: =S32*('Measures•Mesures'!G$51/100) -> 0 | AD32: =T32*('Measures•Mesures'!H$51/100) -> 0
A33: =A32 -> 0 | B33: 2 - Importer | C33: =C32 -> - | D33: Insignificant | E33: 10 - Measures | F33: Other countries with measures in force | Autres pays ayant des mesures en vigueur | H33: Non-Subject | I33: Imp-Sls | J33: 1 - Distributor/Service centre | K33: ='Measures•Mesures'!G$34 -> 0 | L33: ='Measures•Mesures'!H$34 -> 0 | M33: ='Measures•Mesures'!I$34 -> 0 | N33: ='Measures•Mesures'!J$34 -> 0 | O33: ='Measures•Mesures'!K$34 -> 0 | P33: ='Measures•Mesures'!G$35/1000 -> 0 | Q33: ='Measures•Mesures'!H$35/1000 -> 0 | R33: ='Measures•Mesures'!I$35/1000 -> 0 | S33: ='Measures•Mesures'!J$35/1000 -> 0 | T33: ='Measures•Mesures'!K$35/1000 -> 0 | U33: =(IF(ISERROR(P33/K33),0,P33/K33))*1000 -> 0 | V33: =(IF(ISERROR(Q33/L33),0,Q33/L33))*1000 -> 0 | W33: =(IF(ISERROR(R33/M33),0,R33/M33))*1000 -> 0 | X33: =(IF(ISERROR(S33/N33),0,S33/N33))*1000 -> 0 | Y33: =(IF(ISERROR(T33/O33),0,T33/O33))*1000 -> 0 | Z33: =P33*('Measures•Mesures'!D$51/100) -> 0 | AA33: =Q33*('Measures•Mesures'!E$51/100) -> 0 | AB33: =R33*('Measures•Mesures'!F$51/100) -> 0 | AC33: =S33*('Measures•Mesures'!G$51/100) -> 0 | AD33: =T33*('Measures•Mesures'!H$51/100) -> 0
A34: =A33 -> 0 | B34: 2 - Importer | C34: =C33 -> - | D34: Insignificant | E34: 10 - Measures | F34: Other countries with measures in force | Autres pays ayant des mesures en vigueur | H34: Non-Subject | I34: Imp-Sls | J34: 2 - End user/Fabricator | K34: ='Measures•Mesures'!G$37 -> 0 | L34: ='Measures•Mesures'!H$37 -> 0 | M34: ='Measures•Mesures'!I$37 -> 0 | N34: ='Measures•Mesures'!J$37 -> 0 | O34: ='Measures•Mesures'!K$37 -> 0 | P34: ='Measures•Mesures'!G$38/1000 -> 0 | Q34: ='Measures•Mesures'!H$38/1000 -> 0 | R34: ='Measures•Mesures'!I$38/1000 -> 0 | S34: ='Measures•Mesures'!J$38/1000 -> 0 | T34: ='Measures•Mesures'!K$38/1000 -> 0 | U34: =(IF(ISERROR(P34/K34),0,P34/K34))*1000 -> 0 | V34: =(IF(ISERROR(Q34/L34),0,Q34/L34))*1000 -> 0 | W34: =(IF(ISERROR(R34/M34),0,R34/M34))*1000 -> 0 | X34: =(IF(ISERROR(S34/N34),0,S34/N34))*1000 -> 0 | Y34: =(IF(ISERROR(T34/O34),0,T34/O34))*1000 -> 0 | Z34: =P34*('Measures•Mesures'!D$51/100) -> 0 | AA34: =Q34*('Measures•Mesures'!E$51/100) -> 0 | AB34: =R34*('Measures•Mesures'!F$51/100) -> 0 | AC34: =S34*('Measures•Mesures'!G$51/100) -> 0 | AD34: =T34*('Measures•Mesures'!H$51/100) -> 0
A35: =A34 -> 0 | B35: 2 - Importer | C35: =C34 -> - | D35: Insignificant | E35: 11 - USA | F35: United States | États-Unis | H35: Non-Subject | I35: Imp | J35: - | K35: ='US•ÉU'!G$30 -> 0 | L35: ='US•ÉU'!H$30 -> 0 | M35: ='US•ÉU'!I$30 -> 0 | N35: ='US•ÉU'!J$30 -> 0 | O35: ='US•ÉU'!K$30 -> 0 | P35: ='US•ÉU'!G$31/1000 -> 0 | Q35: ='US•ÉU'!H$31/1000 -> 0 | R35: ='US•ÉU'!I$31/1000 -> 0 | S35: ='US•ÉU'!J$31/1000 -> 0 | T35: ='US•ÉU'!K$31/1000 -> 0 | U35: =(IF(ISERROR(P35/K35),0,P35/K35))*1000 -> 0 | V35: =(IF(ISERROR(Q35/L35),0,Q35/L35))*1000 -> 0 | W35: =(IF(ISERROR(R35/M35),0,R35/M35))*1000 -> 0 | X35: =(IF(ISERROR(S35/N35),0,S35/N35))*1000 -> 0 | Y35: =(IF(ISERROR(T35/O35),0,T35/O35))*1000 -> 0 | Z35: =P35*('US•ÉU'!D$51/100) -> 0 | AA35: =Q35*('US•ÉU'!E$51/100) -> 0 | AB35: =R35*('US•ÉU'!F$51/100) -> 0 | AC35: =S35*('US•ÉU'!G$51/100) -> 0 | AD35: =T35*('US•ÉU'!H$51/100) -> 0
A36: =A35 -> 0 | B36: 2 - Importer | C36: =C35 -> - | D36: Insignificant | E36: 11 - USA | F36: United States | États-Unis | H36: Non-Subject | I36: Imp-Sls | J36: 1 - Distributor/Service centre | K36: ='US•ÉU'!G$34 -> 0 | L36: ='US•ÉU'!H$34 -> 0 | M36: ='US•ÉU'!I$34 -> 0 | N36: ='US•ÉU'!J$34 -> 0 | O36: ='US•ÉU'!K$34 -> 0 | P36: ='US•ÉU'!G$35/1000 -> 0 | Q36: ='US•ÉU'!H$35/1000 -> 0 | R36: ='US•ÉU'!I$35/1000 -> 0 | S36: ='US•ÉU'!J$35/1000 -> 0 | T36: ='US•ÉU'!K$35/1000 -> 0 | U36: =(IF(ISERROR(P36/K36),0,P36/K36))*1000 -> 0 | V36: =(IF(ISERROR(Q36/L36),0,Q36/L36))*1000 -> 0 | W36: =(IF(ISERROR(R36/M36),0,R36/M36))*1000 -> 0 | X36: =(IF(ISERROR(S36/N36),0,S36/N36))*1000 -> 0 | Y36: =(IF(ISERROR(T36/O36),0,T36/O36))*1000 -> 0 | Z36: =P36*('US•ÉU'!D$51/100) -> 0 | AA36: =Q36*('US•ÉU'!E$51/100) -> 0 | AB36: =R36*('US•ÉU'!F$51/100) -> 0 | AC36: =S36*('US•ÉU'!G$51/100) -> 0 | AD36: =T36*('US•ÉU'!H$51/100) -> 0
A37: =A36 -> 0 | B37: 2 - Importer | C37: =C36 -> - | D37: Insignificant | E37: 11 - USA | F37: United States | États-Unis | H37: Non-Subject | I37: Imp-Sls | J37: 2 - End user/Fabricator | K37: ='US•ÉU'!G$37 -> 0 | L37: ='US•ÉU'!H$37 -> 0 | M37: ='US•ÉU'!I$37 -> 0 | N37: ='US•ÉU'!J$37 -> 0 | O37: ='US•ÉU'!K$37 -> 0 | P37: ='US•ÉU'!G$38/1000 -> 0 | Q37: ='US•ÉU'!H$38/1000 -> 0 | R37: ='US•ÉU'!I$38/1000 -> 0 | S37: ='US•ÉU'!J$38/1000 -> 0 | T37: ='US•ÉU'!K$38/1000 -> 0 | U37: =(IF(ISERROR(P37/K37),0,P37/K37))*1000 -> 0 | V37: =(IF(ISERROR(Q37/L37),0,Q37/L37))*1000 -> 0 | W37: =(IF(ISERROR(R37/M37),0,R37/M37))*1000 -> 0 | X37: =(IF(ISERROR(S37/N37),0,S37/N37))*1000 -> 0 | Y37: =(IF(ISERROR(T37/O37),0,T37/O37))*1000 -> 0 | Z37: =P37*('US•ÉU'!D$51/100) -> 0 | AA37: =Q37*('US•ÉU'!E$51/100) -> 0 | AB37: =R37*('US•ÉU'!F$51/100) -> 0 | AC37: =S37*('US•ÉU'!G$51/100) -> 0 | AD37: =T37*('US•ÉU'!H$51/100) -> 0
A38: =A37 -> 0 | B38: 2 - Importer | C38: =C37 -> - | D38: Insignificant | E38: 12 - Other | F38: Other Countries | Autres pays | G38: ='Other•Autre'!D25 -> 0 | H38: Non-Subject | I38: Imp | J38: - | K38: ='Other•Autre'!G$30 -> 0 | L38: ='Other•Autre'!H$30 -> 0 | M38: ='Other•Autre'!I$30 -> 0 | N38: ='Other•Autre'!J$30 -> 0 | O38: ='Other•Autre'!K$30 -> 0 | P38: ='Other•Autre'!G$31/1000 -> 0 | Q38: ='Other•Autre'!H$31/1000 -> 0 | R38: ='Other•Autre'!I$31/1000 -> 0 | S38: ='Other•Autre'!J$31/1000 -> 0 | T38: ='Other•Autre'!K$31/1000 -> 0 | U38: =(IF(ISERROR(P38/K38),0,P38/K38))*1000 -> 0 | V38: =(IF(ISERROR(Q38/L38),0,Q38/L38))*1000 -> 0 | W38: =(IF(ISERROR(R38/M38),0,R38/M38))*1000 -> 0 | X38: =(IF(ISERROR(S38/N38),0,S38/N38))*1000 -> 0 | Y38: =(IF(ISERROR(T38/O38),0,T38/O38))*1000 -> 0 | Z38: =P38*('Other•Autre'!D$51/100) -> 0 | AA38: =Q38*('Other•Autre'!E$51/100) -> 0 | AB38: =R38*('Other•Autre'!F$51/100) -> 0 | AC38: =S38*('Other•Autre'!G$51/100) -> 0 | AD38: =T38*('Other•Autre'!H$51/100) -> 0
A39: =A38 -> 0 | B39: 2 - Importer | C39: =C38 -> - | D39: Insignificant | E39: 12 - Other | F39: Other Countries | Autres pays | H39: Non-Subject | I39: Imp-Sls | J39: 1 - Distributor/Service centre | K39: ='Other•Autre'!G$34 -> 0 | L39: ='Other•Autre'!H$34 -> 0 | M39: ='Other•Autre'!I$34 -> 0 | N39: ='Other•Autre'!J$34 -> 0 | O39: ='Other•Autre'!K$34 -> 0 | P39: ='Other•Autre'!G$35/1000 -> 0 | Q39: ='Other•Autre'!H$35/1000 -> 0 | R39: ='Other•Autre'!I$35/1000 -> 0 | S39: ='Other•Autre'!J$35/1000 -> 0 | T39: ='Other•Autre'!K$35/1000 -> 0 | U39: =(IF(ISERROR(P39/K39),0,P39/K39))*1000 -> 0 | V39: =(IF(ISERROR(Q39/L39),0,Q39/L39))*1000 -> 0 | W39: =(IF(ISERROR(R39/M39),0,R39/M39))*1000 -> 0 | X39: =(IF(ISERROR(S39/N39),0,S39/N39))*1000 -> 0 | Y39: =(IF(ISERROR(T39/O39),0,T39/O39))*1000 -> 0 | Z39: =P39*('Other•Autre'!D$51/100) -> 0 | AA39: =Q39*('Other•Autre'!E$51/100) -> 0 | AB39: =R39*('Other•Autre'!F$51/100) -> 0 | AC39: =S39*('Other•Autre'!G$51/100) -> 0 | AD39: =T39*('Other•Autre'!H$51/100) -> 0
A40: =A39 -> 0 | B40: 2 - Importer | C40: =C39 -> - | D40: Insignificant | E40: 12 - Other | F40: Other Countries | Autres pays | H40: Non-Subject | I40: Imp-Sls | J40: 2 - End user/Fabricator | K40: ='Other•Autre'!G$37 -> 0 | L40: ='Other•Autre'!H$37 -> 0 | M40: ='Other•Autre'!I$37 -> 0 | N40: ='Other•Autre'!J$37 -> 0 | O40: ='Other•Autre'!K$37 -> 0 | P40: ='Other•Autre'!G$38/1000 -> 0 | Q40: ='Other•Autre'!H$38/1000 -> 0 | R40: ='Other•Autre'!I$38/1000 -> 0 | S40: ='Other•Autre'!J$38/1000 -> 0 | T40: ='Other•Autre'!K$38/1000 -> 0 | U40: =(IF(ISERROR(P40/K40),0,P40/K40))*1000 -> 0 | V40: =(IF(ISERROR(Q40/L40),0,Q40/L40))*1000 -> 0 | W40: =(IF(ISERROR(R40/M40),0,R40/M40))*1000 -> 0 | X40: =(IF(ISERROR(S40/N40),0,S40/N40))*1000 -> 0 | Y40: =(IF(ISERROR(T40/O40),0,T40/O40))*1000 -> 0 | Z40: =P40*('Other•Autre'!D$51/100) -> 0 | AA40: =Q40*('Other•Autre'!E$51/100) -> 0 | AB40: =R40*('Other•Autre'!F$51/100) -> 0 | AC40: =S40*('Other•Autre'!G$51/100) -> 0 | AD40: =T40*('Other•Autre'!H$51/100) -> 0
H46: Respondent | I46: Firm Type | J46: Product | K46: 2023 | L46: 2024 | M46: 2025 | N46: I-2025 | O46: I-2026 | P46: =K46 -> 2023 | Q46: =L46 -> 2024 | R46: =M46 -> 2025 | S46: =N46 -> I-2025 | T46: =O46 -> I-2026 | U46: =P46 -> 2023 | V46: =Q46 -> 2024 | W46: =R46 -> 2025 | ... Y46: =T46 -> I-2026
H47: =Intro!E75 -> 0 | I47: Importer | J47: - | K47: ='Invent•Stock'!G$38 -> 0 | L47: ='Invent•Stock'!H$38 -> 0 | M47: ='Invent•Stock'!I$38 -> 0 | N47: ='Invent•Stock'!J$38 -> 0 | O47: ='Invent•Stock'!K$38 -> 0 | P47: ='Invent•Stock'!G$39/1000 -> 0 | Q47: ='Invent•Stock'!H$39/1000 -> 0 | R47: ='Invent•Stock'!I$39/1000 -> 0 | S47: ='Invent•Stock'!J$39/1000 -> 0 | T47: ='Invent•Stock'!K$39/1000 -> 0 | U47: =IF(ISERROR(P47/K47),0,P47/K47)*1000 -> 0 | V47: =IF(ISERROR(Q47/L47),0,Q47/L47)*1000 -> 0 | W47: =IF(ISERROR(R47/M47),0,R47/M47)*1000 -> 0 | X47: =IF(ISERROR(S47/N47),0,S47/N47)*1000 -> 0 | Y47: =IF(ISERROR(T47/O47),0,T47/O47)*1000 -> 0

Sheet DBQual
A1: Respondant | B1: Sheet/Comment | C1: Question | D1: Answer | E1: Version
A2: =Intro!E75 -> 0 | B2: Public | C2: Q2 | D2: =Public!B28 -> 0
A3: =A2 -> 0 | B3: =B2 -> Public | C3: Q4 | D3: =Public!B72 -> 0
A4: =A3 -> 0 | B4: =B3 -> Public | C4: Q5 | D4: =Public!B88 -> 0
A5: =A4 -> 0 | B5: =B4 -> Public | C5: Q6 | D5: =Public!B102 -> 0
A6: =A5 -> 0 | B6: =B5 -> Public | C6: Q7 | D6: =Public!B117 -> 0
A7: =A6 -> 0 | B7: =B6 -> Public | C7: Q8 | D7: =Public!B136 -> 0
A8: =A7 -> 0 | B8: =B7 -> Public | C8: Q9a | D8: =Public!D152 -> 0
A9: =A8 -> 0 | B9: =B8 -> Public | C9: Q9b | D9: =Public!D157 -> 0
A10: =A9 -> 0 | B10: =B9 -> Public | C10: Q9c | D10: =Public!D162 -> 0
A11: =A10 -> 0 | B11: =B10 -> Public | C11: Q10 | D11: =Public!B173 -> 0
A12: =A11 -> 0 | B12: =B11 -> Public | C12: Q11 | D12: =Public!B187 -> 0
A13: =A12 -> 0 | B13: =B12 -> Public | C13: Q12 | D13: =Public!B200 -> 0
A14: =A13 -> 0 | B14: =B13 -> Public | C14: Q13 | D14: =Public!B215 -> 0
A15: =A14 -> 0 | B15: =B14 -> Public | C15: Q14 | D15: =Public!B228 -> 0
A16: =A15 -> 0 | B16: =B15 -> Public | C16: Q15 | D16: =Public!B241 -> 0
A17: =A16 -> 0 | B17: =B16 -> Public | C17: Q16 | D17: =Public!B255 -> 0
A18: =A17 -> 0 | B18: =B17 -> Public | C18: Q17 | D18: =Public!B270 -> 0
A19: =A18 -> 0 | B19: =B18 -> Public | C19: Q18 | D19: =Public!B283 -> 0
A20: =A19 -> 0 | B20: =B19 -> Public | C20: Q19 | D20: =Public!B297 -> 0
A21: =A20 -> 0 | B21: =B20 -> Public | C21: Q20 | D21: =Public!B311 -> 0
A22: =A21 -> 0 | B22: =B21 -> Public | C22: Q21 | D22: =Public!B330 -> 0
A23: =A22 -> 0 | B23: =B22 -> Public | C23: Q22 | D23: =Public!B343 -> 0
A24: =A23 -> 0 | B24: =B23 -> Public | C24: Q23 | D24: =Public!B359 -> 0
A25: =A24 -> 0 | B25: =B24 -> Public | C25: Q24 | D25: =Public!B373 -> 0
A26: =A25 -> 0 | B26: =B25 -> Public | C26: Q25 | D26: =Public!B387 -> 0
A27: =A26 -> 0 | B27: AddPub1 | C27: =AddPub!C13 -> 0 | D27: =AddPub!D13 -> 0
A28: =A27 -> 0 | B28: AddPub2 | C28: =AddPub!C23 -> 0 | D28: =AddPub!D23 -> 0
A29: =A28 -> 0 | B29: AddPub3 | C29: =AddPub!C33 -> 0 | D29: =AddPub!D33 -> 0
A30: =A29 -> 0 | B30: AddPub4 | C30: =AddPub!C43 -> 0 | D30: =AddPub!D43 -> 0
A31: =A30 -> 0 | B31: AddPub5 | C31: =AddPub!C53 -> 0 | D31: =AddPub!D53 -> 0
A32: =A31 -> 0 | B32: Pro | C32: Q1 | D32: =Pro!B25 -> 0
A33: =A32 -> 0 | B33: =B32 -> Pro | C33: Q2 | D33: =Pro!B41 -> 0
A34: =A33 -> 0 | B34: =B33 -> Pro | C34: Q3 | D34: =Pro!B57 -> 0
A35: =A34 -> 0 | B35: =B34 -> Pro | C35: Q4 | D35: =Pro!B71 -> 0
A36: =A35 -> 0 | B36: DZA | C36: Q2 | D36: =DZA!B55 -> 0
A37: =A36 -> 0 | B37: EGY | C37: Q2 | D37: =EGY!B55 -> 0
A38: =A37 -> 0 | B38: IDN | C38: Q2 | D38: =IDN!B55 -> 0
A39: =A38 -> 0 | B39: ITA | C39: Q2 | D39: =ITA!B55 -> 0
A40: =A39 -> 0 | B40: MYS | C40: Q2 | D40: =MYS!B55 -> 0
A41: =A40 -> 0 | B41: SGP | D41: =SGP!B55 -> 0
A42: =A41 -> 0 | B42: VNM | D42: =VNM!B55 -> 0
A43: =A42 -> 0 | B43: OMN | D43: =OMN!B55 -> 0
A44: =A43 -> 0 | B44: RUS | D44: =RUS!B55 -> 0
A45: =A44 -> 0 | B45: Measures•Mesures | D45: ='Measures•Mesures'!B55 -> 0
A46: =A45 -> 0 | B46: US•ÉU | C46: Q2 | D46: ='US•ÉU'!B55 -> 0
A47: =A46 -> 0 | B47: Other•Autre | C47: Q2 | D47: ='Other•Autre'!B55 -> 0
A48: =A47 -> 0 | B48: Invent | C48: Question 2 | D48: ='Invent•Stock'!B57 -> 0
A49: =A48 -> 0 | B49: Invent | C49: Question 3 | D49: ='Invent•Stock'!B71 -> 0
A50: =A49 -> 0 | B50: Invent | C50: Question 4 | D50: ='Invent•Stock'!B85 -> 0
A51: =A50 -> 0 | B51: Invent | C51: Question 5 | D51: ='Invent•Stock'!B98 -> 0
A52: =A51 -> 0 | B52: AddPro1 | C52: =AddPro!C13 -> 0 | D52: =AddPro!D13 -> 0
